Workbook
Name Priority_Legal_Areas_for_Management_Review: Dashboard!$B$29
Name Regulation_39___Appoint_a_competent_Site_Safety_Supervisor__SSS__to_assist_compliance_with_CDM_Regulations.: CDM!$B$39
Name Section_15___Maintain_workplace__access_and_egress_in_safe_condition: OSHA!$B$7
Name Section_15___Provide_information__instruction__training_and_supervision_to_employees: OSHA!$B$6
Name Section_17___Ensure_activities_do_not_expose_non_employees_to_safety_and_health_risks: OSHA!$B$11
Name Section_18B___Conduct_and_implement_risk_assessment_at_workplace: OSHA!$B$15
Name Section_29___Appointment_of_Safety_and_Health_Officer: OSHA!$B$22
Name Section_29A___Appointment_of_OSH_Coordinator_at_workplace: OSHA!$B$23
Name Section_30___Establish_Safety_and_Health_Committee_where_required: OSHA!$B$24

Sheet Main
D3: OSHE Legal Compliance | P3: Assessment Date: | R3: =TODAY() -> 46285
P4: Assessment Scope: | R4: All Sites
D5: Main Navigation Terminal | P5: System Owner: | R5: HSSE
D6: Central entry point for legal applicability, compliance evaluation and management monitoring. | P6: Review Level: | R6: Management
B16: WORKFLOW | E16: Fill Home Questionnaire | H16: ➜ | J16: Review Applicable Legal Requirements | M16: ➜ | O16: Monitor through Dashboard
B21: ✓ | D21: SYSTEM STATUS | I21: EXCEL COMPATIBLE | M21: DATA CONTROL | Q21: NEED HELP?
D22: READY | I22: FORMULA-BASED | M22: INTERNAL USE | Q22: REFER GUIDE
D23: System is operational and ready for compliance evaluation. | I23: Built with Excel formulas for easy maintenance. | M23: For internal legal compliance monitoring only. | Q23: Use Dashboard_Input and user manual for guidance.
B27: ◎ Centralized legal compliance navigation | G27: ▦ Excel-friendly design | M27: ↗ Easy management overview

Sheet Home
A1: Legal Compliance Identification Checklist
A2: (OSH & Environmental Legal Requirement Identification)
A4: Assessor Name
A6: Assessed Location
A8: Specific area
A10: Date of Assessment
A12: Type of assessment
A14: A. Workforce & Organization Profile
A15: 1. Total number of workers (including subcontractors if applicable) | O15: Less than 4 | P15: 5 – 39 | Q15: 40 – 99 | R15: 100 persons and above
A16: ='back-data'!A13 -> Less than 4 | B16: FALSE | D16: =IF(COUNTIF(B16:B19,TRUE)>1,"Select only 1",IF(J16=0,"Please choose the most accurate number of workers at workplace.",O16)) -> Please choose the most accurate number of workers at workplace. | J16: =COUNTIF(B16:B19,TRUE) -> 0 | K16: =IF(J16=0,_xlfn._LONGTEXT("Note: This question determines the resources required for establishing a Safety and Health Committee (SHC) or appointing a Safety and Health Officer (SHO) or Occupational Safety and Health Coordinator (OSH-C), based on the total number of workers, includi","ng subcontractors.."),"") -> Note: This question determines the resources required for establishing a Safety and Health Committee (SHC) or appointing a Safety and Health Officer (SHO) or Occupational Safety and Health Coordinator (OSH-C), based on the total number of workers, including subcontractors.. | O16: =IF(AND(J16=1,B16=TRUE),"To comply general requirements of OSHA 1994",P16) | P16: =IF(AND(J16=1,B17=TRUE),"Workplace shall appoint OSH-C",Q16) | Q16: =IF(AND(J16=1,B18=TRUE),"Workplace shall appoint OSH-C & setup SHC",R16) | R16: =IF(AND(J16=1,B19=TRUE),"Workplace shall appoint OSH-C, setup the SHC & to confirm the class of industry to hire SHO","")
A17: ='back-data'!A14 -> 5 – 39 | B17: FALSE | O17: =OR(B17=TRUE,B18=TRUE,B19=TRUE) -> FALSE
A18: ='back-data'!A15 -> 40 – 99 | B18: FALSE
A19: ='back-data'!A16 -> 100 persons and above | B19: FALSE
A20: =IF('back-data'!$A$1=1,"Bahasa Malaysia: Jumlah pekerja, termasuk subkontraktor","") -> Bahasa Malaysia: Jumlah pekerja, termasuk subkontraktor | D20: Assessor Note (if applicable):
A22: 2. Engagement of contractors working daily at workplace
A23: Yes | B23: FALSE | D23: =IF(COUNTIF(B23:B24,TRUE)>1,"Select only 1",IF(COUNTIF(B23:B24,FALSE)=2,"Please select either “Yes” or “No.” Only one option may be selected.",CONCATENATE('back-data'!B20," - (",'back-data'!C20,")"))) -> Please select either “Yes” or “No.” Only one option may be selected. | K23: =IF(COUNTIF(B23:B24,TRUE),"",_xlfn._LONGTEXT("Note: means any person who contracts with a principal to carry out in whole or in part any work undertaken by the principal in the course of or for the purposes of the principal’s trade, business, profession or undertaking; Duty of Principal to ensure the"," safety and health of contractors (OSHA 1994)")) -> Note: means any person who contracts with a principal to carry out in whole or in part any work undertaken by the principal in the course of or for the purposes of the principal’s trade, business, profession or undertaking; Duty of Principal to ensure the safety and health of contractors (OSHA 1994) | O23: =IF(COUNTIF(B23:B24,FALSE)>1,"",P23) | P23: =IF(COUNTIF(B23:B24,TRUE)>1,"Select only 1",Q23) -> JAWAPAN2 | Q23: =IF(AND(B23=TRUE,B24=FALSE),"JAWAPAN 1","JAWAPAN2") -> JAWAPAN2
A24: No | B24: FALSE
A26: =IF('back-data'!$A$1=1,"Bahasa Malaysia:Pelantikan kontraktor pekerja harian di tempat kerja","") -> Bahasa Malaysia:Pelantikan kontraktor pekerja harian di tempat kerja | D26: Assessor Note (if applicable):
A28: 3. Employment of foreign workers
A29: Yes | B29: FALSE | D29: =IF(COUNTIF(B29:B30,TRUE)>1,"Select only 1",IF(COUNTIF(B29:B30,FALSE)=2,"Please select either “Yes” or “No.” Only one option may be selected.",CONCATENATE('back-data'!B21," - (",'back-data'!C21,")"))) -> Please select either “Yes” or “No.” Only one option may be selected. | K29: =IF(COUNTIF(B29:B30,TRUE),"","Note: This question helps ensure OSH requirements are applied equally to all workers, including foreign workers, regardless of nationality or citizenship.") -> Note: This question helps ensure OSH requirements are applied equally to all workers, including foreign workers, regardless of nationality or citizenship.
A30: No | B30: FALSE
A31: =IF('back-data'!$A$1=1,"Bahasa Malaysia:Menggaji pekerja asing","") -> Bahasa Malaysia:Menggaji pekerja asing
D32: Assessor Note (if applicable):
A34: 4. Use of young workers or apprentices
A35: Yes | B35: FALSE | D35: =IF(COUNTIF(B35:B36,TRUE)>1,"Select only 1",IF(COUNTIF(B35:B36,FALSE)=2,"Please select either “Yes” or “No.” Only one option may be selected.",CONCATENATE('back-data'!B22," - (",'back-data'!C22,")"))) -> Please select either “Yes” or “No.” Only one option may be selected. | K35: =IF(COUNTIF(B35:B36,TRUE),"",_xlfn._LONGTEXT("Note: A young person is an individual who is 15 years old or above but has not attained the age of 18 years, as defined under the Children and Young Persons (Employment) Act 1966. This question helps ensure young workers and apprentices are assigned suita","ble work and provided with appropriate supervision and protection in accordance with applicable legal requirements.")) -> Note: A young person is an individual who is 15 years old or above but has not attained the age of 18 years, as defined under the Children and Young Persons (Employment) Act 1966. This question helps ensure young workers and apprentices are assigned suitable work and provided with appropriate supervision and protection in accordance with applicable legal requirements.
A36: No | B36: FALSE
A37: =IF('back-data'!$A$1=1,"Bahasa Malaysia:Penggajian pekerja muda atau perantis","") -> Bahasa Malaysia:Penggajian pekerja muda atau perantis
D38: Assessor Note (if applicable):
A41: B. Critical Operations
A42: 5(a). Construction works
A43: Yes | B43: FALSE | D43: =IF(COUNTIF(B43:B44,TRUE)>1,"Select only 1",IF(COUNTIF(B43:B44,FALSE)=2,"Please select either “Yes” or “No.” Only one option may be selected.",CONCATENATE('back-data'!B23," - (",'back-data'!C23,")"))) -> Please select either “Yes” or “No.” Only one option may be selected. | K43: =IF(COUNTIF(B43:B44,TRUE),"",_xlfn._LONGTEXT("Note: Construction works means the construction, extension, installation, repair, maintenance, renewal, removal, renovation, alteration or demolition of buildings, structures, civil engineering works, utilities and related infrastructure (CIDB). This ques","tion helps identify whether construction activities are undertaken. Where applicable, compliance with the CIDB Act and Construction (Design and Management) Regulations (CDM) is required regardless of the size, duration or value of the construction project",".")) -> Note: Construction works means the construction, extension, installation, repair, maintenance, renewal, removal, renovation, alteration or demolition of buildings, structures, civil engineering works, utilities and related infrastructure (CIDB). This question helps identify whether construction activities are undertaken. Where applicable, compliance with the CIDB Act and Construction (Design and Management) Regulations (CDM) is required regardless of the size, duration or value of the construction project.
A44: No | B44: FALSE
A45: =IF('back-data'!$A$1=1,"Bahasa Malaysia:Kerja-kerja pembinaan","") -> Bahasa Malaysia:Kerja-kerja pembinaan
D46: Assessor Note (if applicable):
A48: 5(b). Construction works value exceeds RM10M
A49: Yes | B49: FALSE | D49: =IF(COUNTIF(B49:B50,TRUE)>1,"Select only 1",IF(COUNTIF(B49:B50,FALSE)=2,"Please select either “Yes” or “No.” Only one option may be selected.",CONCATENATE('back-data'!B24," - (",'back-data'!C24,")"))) -> Please select either “Yes” or “No.” Only one option may be selected. | K49: =IF(COUNTIF(B49:B50,TRUE),"",_xlfn._LONGTEXT("Note: The RM10 million project value threshold for appointing a SSS is not a statutory requirement under Malaysian legislation; it may instead be an internal policy, client specification, or contractual requirement. Compliance with the CIDB Act and CDM Re","gulations is required regardless of the size, duration or value of the construction project. Where construction work is carried out, the appointment of a Site Safety Supervisor (SSS) and other prescribed duty holders shall be made in accordance with appli","cable legal requirements.")) -> Note: The RM10 million project value threshold for appointing a SSS is not a statutory requirement under Malaysian legislation; it may instead be an internal policy, client specification, or contractual requirement. Compliance with the CIDB Act and CDM Regulations is required regardless of the size, duration or value of the construction project. Where construction work is carried out, the appointment of a Site Safety Supervisor (SSS) and other prescribed duty holders shall be made in accordance with applicable legal requirements.
A50: No | B50: FALSE
A51: =IF('back-data'!$A$1=1,"Bahasa Malaysia:Nilai kerja-kerja pembinaan melebihi RM10 juta","") -> Bahasa Malaysia:Nilai kerja-kerja pembinaan melebihi RM10 juta
D52: Assessor Note (if applicable):
A54: 6. Having 9 items of PTW work activities
A55: Yes | B55: FALSE | D55: =IF(COUNTIF(B55:B56,TRUE)>1,"Select only 1",IF(COUNTIF(B55:B56,FALSE)=2,"Please select either “Yes” or “No.” Only one option may be selected.",CONCATENATE('back-data'!B25," - (",'back-data'!C25,")"))) -> Please select either “Yes” or “No.” Only one option may be selected. | K55: =IF(COUNTIF(B55:B56,TRUE),"",_xlfn._LONGTEXT("Note: Type of activity require PTW, WAH, Confined Space, hotwork, lifting pestisite, Scaffolding, lane closure and others. This question helps identify activities covered under the PLUS Safe Work System. Where applicable, the relevant Permit to Work (PTW)"," requirements and HSSE controls shall be complied with before and during the work activity.")) -> Note: Type of activity require PTW, WAH, Confined Space, hotwork, lifting pestisite, Scaffolding, lane closure and others. This question helps identify activities covered under the PLUS Safe Work System. Where applicable, the relevant Permit to Work (PTW) requirements and HSSE controls shall be complied with before and during the work activity.
A56: No | B56: FALSE
A57: =IF('back-data'!$A$1=1,"Bahasa Malaysia:Terdapat 9 aktiviti kerja yang tertakluk kepada keperluan Permit To Work (PTW)","") -> Bahasa Malaysia:Terdapat 9 aktiviti kerja yang tertakluk kepada keperluan Permit To Work (PTW)
D58: Assessor Note (if applicable):
A60: 7. Under class of industry require to employ SHO
A61: Yes | B61: FALSE | D61: =IF(COUNTIF(B61:B62,TRUE)>1,"Select only 1",IF(COUNTIF(B61:B62,FALSE)=2,"Please select either “Yes” or “No.” Only one option may be selected.",CONCATENATE('back-data'!B26," - (",'back-data'!C26,")"))) -> Please select either “Yes” or “No.” Only one option may be selected. | K61: =IF(COUNTIF(B61:B62,TRUE),"",_xlfn._LONGTEXT("Note: Safety and Health Officer (SHO) means a competent person appointed to advise an employer on occupational safety and health matters in accordance with the OSHA 1994 & OSH(SHO) Reg 1997. This question helps determine whether employment of a Safety and"," Health Officer (SHO) is required. If applicable, a competent SHO shall be employed in accordance with legal requirements.")) -> Note: Safety and Health Officer (SHO) means a competent person appointed to advise an employer on occupational safety and health matters in accordance with the OSHA 1994 & OSH(SHO) Reg 1997. This question helps determine whether employment of a Safety and Health Officer (SHO) is required. If applicable, a competent SHO shall be employed in accordance with legal requirements.
A62: No | B62: FALSE
A63: =IF('back-data'!$A$1=1,"Bahasa Malaysia:Sektor industri yang menggaji Pegawai keselamatan dan Kesihatan (SHO)","") -> Bahasa Malaysia:Sektor industri yang menggaji Pegawai keselamatan dan Kesihatan (SHO)
D64: Office tidak tertakluk kepada undang2 yangmemerlukan menggaji SHO
A66: C. Workplace Activities & Operations
A68: 8. Work activities carried out at operating highway areas or within highway reserve.
A69: Yes | B69: FALSE | D69: =IF(COUNTIF(B69:B70,TRUE)>1,"Select only 1",IF(COUNTIF(B69:B70,FALSE)=2,"Please select either “Yes” or “No.” Only one option may be selected.",CONCATENATE('back-data'!B27," - (",'back-data'!C27,")"))) -> Please select either “Yes” or “No.” Only one option may be selected. | K69: =IF(COUNTIF(B69:B70,TRUE),"",_xlfn._LONGTEXT("Note: EOSP is generally required for personnel performing works within the expressway operational area or highway reserve, in accordance with the operational requirements of Lembaga Lebuhraya Malaysia and expressway concessionaires.. This question helps d","etermine the applicability of MHA (LLM) requirements. Where work is carried out within operating highway areas or highway reserves, the relevant highway safety requirements, including EOSP requirements, shall be complied with.")) -> Note: EOSP is generally required for personnel performing works within the expressway operational area or highway reserve, in accordance with the operational requirements of Lembaga Lebuhraya Malaysia and expressway concessionaires.. This question helps determine the applicability of MHA (LLM) requirements. Where work is carried out within operating highway areas or highway reserves, the relevant highway safety requirements, including EOSP requirements, shall be complied with.
A70: No | B70: FALSE
A71: =IF('back-data'!$A$1=1,"Bahasa Malaysia:Aktiviti kerja dijalankan di kawasan lebuh raya yang sedang beroperasi atau dalam rizab lebuh raya","") -> Bahasa Malaysia:Aktiviti kerja dijalankan di kawasan lebuh raya yang sedang beroperasi atau dalam rizab lebuh raya
D72: Assessor Note (if applicable):
A74: 9. Use of electrical tools, powered machinery, vehicles or equipment
A75: Yes | B75: FALSE | D75: =IF(COUNTIF(B75:B76,TRUE)>1,"Select only 1",IF(COUNTIF(B75:B76,FALSE)=2,"Please select either “Yes” or “No.” Only one option may be selected.",CONCATENATE('back-data'!B28," - (",'back-data'!C28,")"))) -> Please select either “Yes” or “No.” Only one option may be selected. | K75: =IF(COUNTIF(B75:B76,TRUE),"",_xlfn._LONGTEXT("Note: Electrical tools, powered machinery, vehicles and equipment refer to workplace work equipment that may generate hazardous noise requiring assessment and control under the Noise Exposure Regulations 2019. This question helps identify activities that ","may generate excessive noise or expose workers to noise hazards. Where applicable, the requirements of the Occupational Safety and Health (Noise Exposure) Regulations 2019 shall be complied with.")) -> Note: Electrical tools, powered machinery, vehicles and equipment refer to workplace work equipment that may generate hazardous noise requiring assessment and control under the Noise Exposure Regulations 2019. This question helps identify activities that may generate excessive noise or expose workers to noise hazards. Where applicable, the requirements of the Occupational Safety and Health (Noise Exposure) Regulations 2019 shall be complied with.
A76: No | B76: FALSE
A77: =IF('back-data'!$A$1=1,"Bahasa Malaysia: Penggunaan peralatan elektrik, jentera berkuasa, kenderaan atau peralatan kerja","") -> Bahasa Malaysia: Penggunaan peralatan elektrik, jentera berkuasa, kenderaan atau peralatan kerja
D78: Assessor Note (if applicable):
A80: 10. Work at height activities (≥2 meters)
A81: Yes | B81: FALSE | D81: =IF(COUNTIF(B81:B82,TRUE)>1,"Select only 1",IF(COUNTIF(B81:B82,FALSE)=2,"Please select either “Yes” or “No.” Only one option may be selected.",CONCATENATE('back-data'!B29," - (",'back-data'!C29,")"))) -> Please select either “Yes” or “No.” Only one option may be selected. | K81: =IF(COUNTIF(B81:B82,TRUE),"",_xlfn._LONGTEXT("Note: Work at Height means work at any place where a person could fall from one level to another and suffer personal injury, as described in the Department of Occupational Safety and Health Malaysia Work at Height Guidance. This question helps determine w","hether work at height activities are undertaken. Where applicable, work at height requirements and appropriate fall prevention and protection measures shall be implemented.")) -> Note: Work at Height means work at any place where a person could fall from one level to another and suffer personal injury, as described in the Department of Occupational Safety and Health Malaysia Work at Height Guidance. This question helps determine whether work at height activities are undertaken. Where applicable, work at height requirements and appropriate fall prevention and protection measures shall be implemented.
A82: No | B82: FALSE
A83: =IF('back-data'!$A$1=1,"Bahasa Malaysia: Melibatkan kerja-kerja di tempat tinggi (lebih 2 meter)","") -> Bahasa Malaysia: Melibatkan kerja-kerja di tempat tinggi (lebih 2 meter)
D84: Assessor Note (if applicable):
A86: 11. Confined space activities
A87: Yes | B87: FALSE | D87: =IF(COUNTIF(B87:B88,TRUE)>1,"Select only 1",IF(COUNTIF(B87:B88,FALSE)=2,"Please select either “Yes” or “No.” Only one option may be selected.",CONCATENATE('back-data'!B30," - (",'back-data'!C30,")"))) -> Please select either “Yes” or “No.” Only one option may be selected. | K87: =IF(COUNTIF(B87:B88,TRUE),"",_xlfn._LONGTEXT("NA confined space is an enclosed or partially enclosed area not intended for normal work, with limited entry or exit, and possible risks from hazardous atmospheres, oxygen deficiency, or engulfment. Where confined space work is carried out, legal controls"," such as risk assessment, permit to work, atmospheric testing, competent personnel, emergency arrangements, and safe entry procedures shall be implemented.")) -> NA confined space is an enclosed or partially enclosed area not intended for normal work, with limited entry or exit, and possible risks from hazardous atmospheres, oxygen deficiency, or engulfment. Where confined space work is carried out, legal controls such as risk assessment, permit to work, atmospheric testing, competent personnel, emergency arrangements, and safe entry procedures shall be implemented.
A88: No | B88: FALSE
A89: =IF('back-data'!$A$1=1,"Bahasa Malaysia: Melibatkan kerja-kerja di ruang terkurung","") -> Bahasa Malaysia: Melibatkan kerja-kerja di ruang terkurung
D90: Assessor Note (if applicable):
A92: 12. Lifting operations (cranes, hoists, forklifts)
A93: Yes | B93: FALSE | D93: =IF(COUNTIF(B93:B94,TRUE)>1,"Select only 1",IF(COUNTIF(B93:B94,FALSE)=2,"Please select either “Yes” or “No.” Only one option may be selected.",CONCATENATE('back-data'!B31," - (",'back-data'!C31,")"))) -> Please select either “Yes” or “No.” Only one option may be selected. | K93: =IF(COUNTIF(B93:B94,TRUE),"",_xlfn._LONGTEXT("Note: This question is used to identify whether lifting operations involving cranes, hoists, forklifts or other lifting equipment are carried out at the workplace. Where applicable, the organisation shall ensure the integrity, safe operation and legal com","pliance of such equipment through required permits, certificates, inspections, competent operators, licensing or approvals under applicable occupational safety and health legislation.")) -> Note: This question is used to identify whether lifting operations involving cranes, hoists, forklifts or other lifting equipment are carried out at the workplace. Where applicable, the organisation shall ensure the integrity, safe operation and legal compliance of such equipment through required permits, certificates, inspections, competent operators, licensing or approvals under applicable occupational safety and health legislation.
A94: No | B94: FALSE
A95: =IF('back-data'!$A$1=1,"Bahasa Malaysia:Kerja-kerja mengangkat menggunakan kren, hoist, forklift","") -> Bahasa Malaysia:Kerja-kerja mengangkat menggunakan kren, hoist, forklift
D96: Assessor Note (if applicable):
A98: 13. Welding, cutting, or hot work activities
A99: Yes | B99: FALSE | D99: =IF(COUNTIF(B99:B100,TRUE)>1,"Select only 1",IF(COUNTIF(B99:B100,FALSE)=2,"Please select either “Yes” or “No.” Only one option may be selected.",CONCATENATE('back-data'!B32," - (",'back-data'!C32,")"))) -> Please select either “Yes” or “No.” Only one option may be selected. | K99: =IF(COUNTIF(B99:B100,TRUE),"",_xlfn._LONGTEXT("Note: Hot work means any process involving the generation of heat by a naked flame, electrical arc, sparks or other heat sources capable of causing ignition, as defined in DOSH Code of Practices (Construction) 2019. This question is used to identify wheth","er welding, cutting or hot work activities are carried out at the workplace. Where applicable, the organisation shall comply with relevant safety and health requirements, including risk assessment, permit to work, fire prevention, gas cylinder control, PP","E, competent personnel and emergency preparedness.")) -> Note: Hot work means any process involving the generation of heat by a naked flame, electrical arc, sparks or other heat sources capable of causing ignition, as defined in DOSH Code of Practices (Construction) 2019. This question is used to identify whether welding, cutting or hot work activities are carried out at the workplace. Where applicable, the organisation shall comply with relevant safety and health requirements, including risk assessment, permit to work, fire prevention, gas cylinder control, PPE, competent personnel and emergency preparedness.
A100: No | B100: FALSE
A101: =IF('back-data'!$A$1=1,"Bahasa Malaysia:Aktiviti kimpalan, pemotongan atau kerja panas (Hot Work)","") -> Bahasa Malaysia:Aktiviti kimpalan, pemotongan atau kerja panas (Hot Work)
D102: Assessor Note (if applicable):
A104: 14. Use of pressure equipment or pressurised systems
A105: Yes | B105: FALSE | D105: =IF(COUNTIF(B105:B106,TRUE)>1,"Select only 1",IF(COUNTIF(B105:B106,FALSE)=2,"Please select either “Yes” or “No.” Only one option may be selected.",CONCATENATE('back-data'!B33," - (",'back-data'!C33,")"))) -> Please select either “Yes” or “No.” Only one option may be selected. | K105: =IF(COUNTIF(B105:B106,TRUE),"",_xlfn._LONGTEXT("Note: Note: Pressure equipment includes boilers, pressure vessels and pressurised systems requiring legal approval or a Certificate of Fitness. Where applicable, ensure registration, inspection, competent persons, maintenance and periodic examination for ","safe operation.")) -> Note: Note: Pressure equipment includes boilers, pressure vessels and pressurised systems requiring legal approval or a Certificate of Fitness. Where applicable, ensure registration, inspection, competent persons, maintenance and periodic examination for safe operation.
A106: No | B106: FALSE
A107: =IF('back-data'!$A$1=1,"Bahasa Malaysia:Penggunaan peralatan bertekanan atau sistem bertekanan","") -> Bahasa Malaysia:Penggunaan peralatan bertekanan atau sistem bertekanan
D108: Assessor Note (if applicable):
A110: 15. Operation of mobile machinery or industrial vehicles
A111: Yes | B111: FALSE | D111: =IF(COUNTIF(B111:B112,TRUE)>1,"Select only 1",IF(COUNTIF(B111:B112,FALSE)=2,"Please select either “Yes” or “No.” Only one option may be selected.",CONCATENATE('back-data'!B34," - (",'back-data'!C34,")"))) -> Please select either “Yes” or “No.” Only one option may be selected. | K111: =IF(COUNTIF(B111:B112,TRUE),"",_xlfn._LONGTEXT("Note: Mobile machinery includes self-propelled plant or vehicles used to lift, transport or handle materials or personnel. Where applicable, ensure competent operators, safe operation, traffic control, inspection, maintenance and required licences or perm","its.")) -> Note: Mobile machinery includes self-propelled plant or vehicles used to lift, transport or handle materials or personnel. Where applicable, ensure competent operators, safe operation, traffic control, inspection, maintenance and required licences or permits.
A112: No | B112: FALSE
A113: =IF('back-data'!$A$1=1,"Bahasa Malaysia:Pengendalian jentera bergerak atau kenderaan industri","") -> Bahasa Malaysia:Pengendalian jentera bergerak atau kenderaan industri
D114: Assessor Note (if applicable):
A116: 16. Manual handling of heavy loads
A117: Yes | B117: FALSE | D117: =IF(COUNTIF(B117:B118,TRUE)>1,"Select only 1",IF(COUNTIF(B117:B118,FALSE)=2,"Please select either “Yes” or “No.” Only one option may be selected.",CONCATENATE('back-data'!B35," - (",'back-data'!C35,")"))) -> Please select either “Yes” or “No.” Only one option may be selected. | K117: =IF(COUNTIF(B117:B118,TRUE),"",_xlfn._LONGTEXT("Note: Manual handling of heavy loads means any activity requiring a person to lift, lower, push, pull, carry, move, hold or restrain a load by physical effort, as defined in the Guidelines for Manual Handling at Workplace 2018. This question is used to id","entify whether employees, contractors or subcontractors are involved in manual handling of heavy loads. Where applicable, the organisation shall assess and control the risk of occupational health effects and physical injuries, including musculoskeletal di","sorders, strains, sprains and other handling-related injuries.")) -> Note: Manual handling of heavy loads means any activity requiring a person to lift, lower, push, pull, carry, move, hold or restrain a load by physical effort, as defined in the Guidelines for Manual Handling at Workplace 2018. This question is used to identify whether employees, contractors or subcontractors are involved in manual handling of heavy loads. Where applicable, the organisation shall assess and control the risk of occupational health effects and physical injuries, including musculoskeletal disorders, strains, sprains and other handling-related injuries.
A118: No | B118: FALSE
A119: =IF('back-data'!$A$1=1,"Bahasa Malaysia:Pengendalian manual beban berat","") -> Bahasa Malaysia:Pengendalian manual beban berat
D120: Monthly to conduct housekeeping
A122: 17. Maintenance or servicing activities involving equipment or machinery
A123: Yes | B123: FALSE | D123: =IF(COUNTIF(B123:B124,TRUE)>1,"Select only 1",IF(COUNTIF(B123:B124,FALSE)=2,"Please select either “Yes” or “No.” Only one option may be selected.",CONCATENATE('back-data'!B36," - (",'back-data'!C36,")"))) -> Please select either “Yes” or “No.” Only one option may be selected. | K123: =IF(COUNTIF(B123:B124,TRUE),"","Note: Maintenance or servicing includes inspection, testing, repair, cleaning and upkeep of equipment or machinery. Where applicable, follow relevant safety procedures, controls and work instructions to prevent injury and equipment-related incidents.") -> Note: Maintenance or servicing includes inspection, testing, repair, cleaning and upkeep of equipment or machinery. Where applicable, follow relevant safety procedures, controls and work instructions to prevent injury and equipment-related incidents.
A124: No | B124: FALSE
A125: =IF('back-data'!$A$1=1,"Bahasa Malaysia:Aktiviti penyelenggaraan atau kerja servis melibatkan peralatan atau mesin","") -> Bahasa Malaysia:Aktiviti penyelenggaraan atau kerja servis melibatkan peralatan atau mesin
D126: Assessor Note (if applicable):
...

Sheet Dashboard
B1: LEGAL COMPLIANCE DASHBOARD
B2: =CONCATENATE(Dashboard_Input!$C$6," | 2026 | Legal Compliance Checklist + Action Tracker") -> OSHE Legal Evaluation and Assessment | 2026 | Legal Compliance Checklist + Action Tracker
B3: Assessment Information
B4: Workplace | D4: =Home!B6 -> 0 | G4: Specific Area | I4: =Home!B8 -> 0
B5: Assessment Date | D5: =IF(Home!B10="","",Home!B10) | G5: Overall Status | I5: =Dashboard_Data!K31 -> Maintain Compliance
B7: Applicable Requirements | E7: Compliance Rate | H7: Non-Compliant Items | K7: Pending Evaluation
B8: =Dashboard_Data!D31 -> 76 | E8: =Dashboard_Data!I31 -> 1 | H8: =Dashboard_Data!G31 -> 0 | K8: =Dashboard_Data!H31 -> 0
B12: Management Direction
B13: =IF(Dashboard_Data!G31>0,"Action Required: Close non-compliant requirements in Action_Tracker, assign owners and verify evidence.",IF(Dashboard_Data!H31>0,"Pending Evaluation: Complete compliance evaluation for all applicable requirements before confirming status.",IF(Dashboard_Data!I31>=0.95,"Maintain Compliance: Keep evidence updated and continue scheduled legal compliance review.","Improve Compliance: Raise corrective actions and monitor closure to increase compliance rate."))) -> Maintain Compliance: Keep evidence updated and continue scheduled legal compliance review.
B17: Requirement Evaluation Summary | H17: Action Monitoring Summary
B18: Total Legal Requirements | D18: =Dashboard_Data!C31 -> 653 | E18: Scope identified | H18: Open Actions | J18: =COUNTIF(#REF!,"Open")+COUNTIF(#REF!,"In Progress") -> #REF! | K18: Still require closure
B19: Applicable Requirements | D19: =Dashboard_Data!D31 -> 76 | E19: Must be evaluated | H19: Overdue Actions | J19: =COUNTIF(#REF!,"Overdue") -> #REF! | K19: Needs management attention
B20: Not Applicable / NA | D20: =Dashboard_Data!E31 -> 576 | E20: Reason retained if required | H20: Due Soon | J20: =COUNTIF(#REF!,"Due Soon") -> #REF! | K20: Due within 7 days
B21: Evaluation Completion | D21: =Dashboard_Data!J31 -> 1 | E21: Comply + Not Comply / Applicable | H21: Closed Actions | J21: =COUNTIF(Action_Tracker!$G$5:$G$104,"Closed") -> 0 | K21: Evidence closed
B23: How Compliance Is Monitored
B24: 1. User completes Main checklist; applicability is generated in legal requirement tabs.
B25: 2. Applicable items are assessed as Comply / Not Comply; non-applicable items can be marked NA.
B26: 3. Dashboard_Data consolidates all law tabs into totals, compliance rate and pending evaluation.
B27: 4. Action_Tracker records owner, due date, evidence and RAG status for every gap.
B29: Priority Legal Areas for Management Review
B30: No. | C30: Legal Area | D30: Group | E30: Applicable | F30: Comply | G30: Not Comply | H30: Pending | I30: Compliance % | J30: Completion % | K30: Status | L30: Way Forward
B31: =IFERROR(IF(LARGE(Dashboard_Data!$L$2:$L$30,ROWS($B$31:B31))<0,"",1),"") -> 1 | C31: =IFERROR(IF(LARGE(Dashboard_Data!$L$2:$L$30,ROWS($B$31:B31))<0,"",INDEX(Dashboard_Data!$A$2:$A$30,MATCH(LARGE(Dashboard_Data!$L$2:$L$30,ROWS($B$31:B31)),Dashboard_Data!$L$2:$L$30,0))),"") -> OSHA 1994 | D31: =IF(C31="","",IFERROR(INDEX(Dashboard_Data!$B$2:$B$30,MATCH(LARGE(Dashboard_Data!$L$2:$L$30,ROWS($B$31:B31)),Dashboard_Data!$L$2:$L$30,0)),"")) -> Safety & Health | E31: =IF(C31="","",IFERROR(INDEX(Dashboard_Data!$D$2:$D$30,MATCH(LARGE(Dashboard_Data!$L$2:$L$30,ROWS($B$31:B31)),Dashboard_Data!$L$2:$L$30,0)),"")) -> 20 | F31: =IF(C31="","",IFERROR(INDEX(Dashboard_Data!$F$2:$F$30,MATCH(LARGE(Dashboard_Data!$L$2:$L$30,ROWS($B$31:B31)),Dashboard_Data!$L$2:$L$30,0)),"")) -> 20 | G31: =IF(C31="","",IFERROR(INDEX(Dashboard_Data!$G$2:$G$30,MATCH(LARGE(Dashboard_Data!$L$2:$L$30,ROWS($B$31:B31)),Dashboard_Data!$L$2:$L$30,0)),"")) -> 0 | H31: =IF(C31="","",IFERROR(INDEX(Dashboard_Data!$H$2:$H$30,MATCH(LARGE(Dashboard_Data!$L$2:$L$30,ROWS($B$31:B31)),Dashboard_Data!$L$2:$L$30,0)),"")) -> 0 | I31: =IF(C31="","",IFERROR(INDEX(Dashboard_Data!$I$2:$I$30,MATCH(LARGE(Dashboard_Data!$L$2:$L$30,ROWS($B$31:B31)),Dashboard_Data!$L$2:$L$30,0)),"")) -> 1 | J31: =IF(C31="","",IFERROR(INDEX(Dashboard_Data!$J$2:$J$30,MATCH(LARGE(Dashboard_Data!$L$2:$L$30,ROWS($B$31:B31)),Dashboard_Data!$L$2:$L$30,0)),"")) -> 1 | K31: =IF(C31="","",IFERROR(INDEX(Dashboard_Data!$K$2:$K$30,MATCH(LARGE(Dashboard_Data!$L$2:$L$30,ROWS($B$31:B31)),Dashboard_Data!$L$2:$L$30,0)),"")) -> Maintain Compliance | L31: =IF(C31="","",IF(K31="Action Required","Assign action owner + due date",IF(K31="Pending Evaluation","Complete compliance check",IF(K31="Maintain Compliance","Maintain evidence","Improve evidence/control")))) -> Maintain evidence
B32: =IFERROR(IF(LARGE(Dashboard_Data!$L$2:$L$30,ROWS($B$31:B32))<0,"",2),"") -> 2 | C32: =IFERROR(IF(LARGE(Dashboard_Data!$L$2:$L$30,ROWS($B$31:B32))<0,"",INDEX(Dashboard_Data!$A$2:$A$30,MATCH(LARGE(Dashboard_Data!$L$2:$L$30,ROWS($B$31:B32)),Dashboard_Data!$L$2:$L$30,0))),"") -> EQA 1974 | D32: =IF(C32="","",IFERROR(INDEX(Dashboard_Data!$B$2:$B$30,MATCH(LARGE(Dashboard_Data!$L$2:$L$30,ROWS($B$31:B32)),Dashboard_Data!$L$2:$L$30,0)),"")) -> Environment | E32: =IF(C32="","",IFERROR(INDEX(Dashboard_Data!$D$2:$D$30,MATCH(LARGE(Dashboard_Data!$L$2:$L$30,ROWS($B$31:B32)),Dashboard_Data!$L$2:$L$30,0)),"")) -> 22 | F32: =IF(C32="","",IFERROR(INDEX(Dashboard_Data!$F$2:$F$30,MATCH(LARGE(Dashboard_Data!$L$2:$L$30,ROWS($B$31:B32)),Dashboard_Data!$L$2:$L$30,0)),"")) -> 22 | G32: =IF(C32="","",IFERROR(INDEX(Dashboard_Data!$G$2:$G$30,MATCH(LARGE(Dashboard_Data!$L$2:$L$30,ROWS($B$31:B32)),Dashboard_Data!$L$2:$L$30,0)),"")) -> 0 | H32: =IF(C32="","",IFERROR(INDEX(Dashboard_Data!$H$2:$H$30,MATCH(LARGE(Dashboard_Data!$L$2:$L$30,ROWS($B$31:B32)),Dashboard_Data!$L$2:$L$30,0)),"")) -> 0 | I32: =IF(C32="","",IFERROR(INDEX(Dashboard_Data!$I$2:$I$30,MATCH(LARGE(Dashboard_Data!$L$2:$L$30,ROWS($B$31:B32)),Dashboard_Data!$L$2:$L$30,0)),"")) -> 1 | J32: =IF(C32="","",IFERROR(INDEX(Dashboard_Data!$J$2:$J$30,MATCH(LARGE(Dashboard_Data!$L$2:$L$30,ROWS($B$31:B32)),Dashboard_Data!$L$2:$L$30,0)),"")) -> 1 | K32: =IF(C32="","",IFERROR(INDEX(Dashboard_Data!$K$2:$K$30,MATCH(LARGE(Dashboard_Data!$L$2:$L$30,ROWS($B$31:B32)),Dashboard_Data!$L$2:$L$30,0)),"")) -> Maintain Compliance | L32: =IF(C32="","",IF(K32="Action Required","Assign action owner + due date",IF(K32="Pending Evaluation","Complete compliance check",IF(K32="Maintain Compliance","Maintain evidence","Improve evidence/control")))) -> Maintain evidence
B33: =IFERROR(IF(LARGE(Dashboard_Data!$L$2:$L$30,ROWS($B$31:B33))<0,"",3),"") -> 3 | C33: =IFERROR(IF(LARGE(Dashboard_Data!$L$2:$L$30,ROWS($B$31:B33))<0,"",INDEX(Dashboard_Data!$A$2:$A$30,MATCH(LARGE(Dashboard_Data!$L$2:$L$30,ROWS($B$31:B33)),Dashboard_Data!$L$2:$L$30,0))),"") -> FSA 1988 | D33: =IF(C33="","",IFERROR(INDEX(Dashboard_Data!$B$2:$B$30,MATCH(LARGE(Dashboard_Data!$L$2:$L$30,ROWS($B$31:B33)),Dashboard_Data!$L$2:$L$30,0)),"")) -> Fire Safety | E33: =IF(C33="","",IFERROR(INDEX(Dashboard_Data!$D$2:$D$30,MATCH(LARGE(Dashboard_Data!$L$2:$L$30,ROWS($B$31:B33)),Dashboard_Data!$L$2:$L$30,0)),"")) -> 25 | F33: =IF(C33="","",IFERROR(INDEX(Dashboard_Data!$F$2:$F$30,MATCH(LARGE(Dashboard_Data!$L$2:$L$30,ROWS($B$31:B33)),Dashboard_Data!$L$2:$L$30,0)),"")) -> 25 | G33: =IF(C33="","",IFERROR(INDEX(Dashboard_Data!$G$2:$G$30,MATCH(LARGE(Dashboard_Data!$L$2:$L$30,ROWS($B$31:B33)),Dashboard_Data!$L$2:$L$30,0)),"")) -> 0 | H33: =IF(C33="","",IFERROR(INDEX(Dashboard_Data!$H$2:$H$30,MATCH(LARGE(Dashboard_Data!$L$2:$L$30,ROWS($B$31:B33)),Dashboard_Data!$L$2:$L$30,0)),"")) -> 0 | I33: =IF(C33="","",IFERROR(INDEX(Dashboard_Data!$I$2:$I$30,MATCH(LARGE(Dashboard_Data!$L$2:$L$30,ROWS($B$31:B33)),Dashboard_Data!$L$2:$L$30,0)),"")) -> 1 | J33: =IF(C33="","",IFERROR(INDEX(Dashboard_Data!$J$2:$J$30,MATCH(LARGE(Dashboard_Data!$L$2:$L$30,ROWS($B$31:B33)),Dashboard_Data!$L$2:$L$30,0)),"")) -> 1 | K33: =IF(C33="","",IFERROR(INDEX(Dashboard_Data!$K$2:$K$30,MATCH(LARGE(Dashboard_Data!$L$2:$L$30,ROWS($B$31:B33)),Dashboard_Data!$L$2:$L$30,0)),"")) -> Maintain Compliance | L33: =IF(C33="","",IF(K33="Action Required","Assign action owner + due date",IF(K33="Pending Evaluation","Complete compliance check",IF(K33="Maintain Compliance","Maintain evidence","Improve evidence/control")))) -> Maintain evidence
B34: =IFERROR(IF(LARGE(Dashboard_Data!$L$2:$L$30,ROWS($B$31:B34))<0,"",4),"") -> 4 | C34: =IFERROR(IF(LARGE(Dashboard_Data!$L$2:$L$30,ROWS($B$31:B34))<0,"",INDEX(Dashboard_Data!$A$2:$A$30,MATCH(LARGE(Dashboard_Data!$L$2:$L$30,ROWS($B$31:B34)),Dashboard_Data!$L$2:$L$30,0))),"") -> OSH (NADOPOD) Reg. 2004 | D34: =IF(C34="","",IFERROR(INDEX(Dashboard_Data!$B$2:$B$30,MATCH(LARGE(Dashboard_Data!$L$2:$L$30,ROWS($B$31:B34)),Dashboard_Data!$L$2:$L$30,0)),"")) -> Safety & Health | E34: =IF(C34="","",IFERROR(INDEX(Dashboard_Data!$D$2:$D$30,MATCH(LARGE(Dashboard_Data!$L$2:$L$30,ROWS($B$31:B34)),Dashboard_Data!$L$2:$L$30,0)),"")) -> 8 | F34: =IF(C34="","",IFERROR(INDEX(Dashboard_Data!$F$2:$F$30,MATCH(LARGE(Dashboard_Data!$L$2:$L$30,ROWS($B$31:B34)),Dashboard_Data!$L$2:$L$30,0)),"")) -> 8 | G34: =IF(C34="","",IFERROR(INDEX(Dashboard_Data!$G$2:$G$30,MATCH(LARGE(Dashboard_Data!$L$2:$L$30,ROWS($B$31:B34)),Dashboard_Data!$L$2:$L$30,0)),"")) -> 0 | H34: =IF(C34="","",IFERROR(INDEX(Dashboard_Data!$H$2:$H$30,MATCH(LARGE(Dashboard_Data!$L$2:$L$30,ROWS($B$31:B34)),Dashboard_Data!$L$2:$L$30,0)),"")) -> 0 | I34: =IF(C34="","",IFERROR(INDEX(Dashboard_Data!$I$2:$I$30,MATCH(LARGE(Dashboard_Data!$L$2:$L$30,ROWS($B$31:B34)),Dashboard_Data!$L$2:$L$30,0)),"")) -> 1 | J34: =IF(C34="","",IFERROR(INDEX(Dashboard_Data!$J$2:$J$30,MATCH(LARGE(Dashboard_Data!$L$2:$L$30,ROWS($B$31:B34)),Dashboard_Data!$L$2:$L$30,0)),"")) -> 1 | K34: =IF(C34="","",IFERROR(INDEX(Dashboard_Data!$K$2:$K$30,MATCH(LARGE(Dashboard_Data!$L$2:$L$30,ROWS($B$31:B34)),Dashboard_Data!$L$2:$L$30,0)),"")) -> Maintain Compliance | L34: =IF(C34="","",IF(K34="Action Required","Assign action owner + due date",IF(K34="Pending Evaluation","Complete compliance check",IF(K34="Maintain Compliance","Maintain evidence","Improve evidence/control")))) -> Maintain evidence
B35: =IFERROR(IF(LARGE(Dashboard_Data!$L$2:$L$30,ROWS($B$31:B35))<0,"",5),"") -> 5 | C35: =IFERROR(IF(LARGE(Dashboard_Data!$L$2:$L$30,ROWS($B$31:B35))<0,"",INDEX(Dashboard_Data!$A$2:$A$30,MATCH(LARGE(Dashboard_Data!$L$2:$L$30,ROWS($B$31:B35)),Dashboard_Data!$L$2:$L$30,0))),"") -> OSH (Noise Exp.) Reg. 2019 | D35: =IF(C35="","",IFERROR(INDEX(Dashboard_Data!$B$2:$B$30,MATCH(LARGE(Dashboard_Data!$L$2:$L$30,ROWS($B$31:B35)),Dashboard_Data!$L$2:$L$30,0)),"")) -> Safety & Health | E35: =IF(C35="","",IFERROR(INDEX(Dashboard_Data!$D$2:$D$30,MATCH(LARGE(Dashboard_Data!$L$2:$L$30,ROWS($B$31:B35)),Dashboard_Data!$L$2:$L$30,0)),"")) -> 1 | F35: =IF(C35="","",IFERROR(INDEX(Dashboard_Data!$F$2:$F$30,MATCH(LARGE(Dashboard_Data!$L$2:$L$30,ROWS($B$31:B35)),Dashboard_Data!$L$2:$L$30,0)),"")) -> 1 | G35: =IF(C35="","",IFERROR(INDEX(Dashboard_Data!$G$2:$G$30,MATCH(LARGE(Dashboard_Data!$L$2:$L$30,ROWS($B$31:B35)),Dashboard_Data!$L$2:$L$30,0)),"")) -> 0 | H35: =IF(C35="","",IFERROR(INDEX(Dashboard_Data!$H$2:$H$30,MATCH(LARGE(Dashboard_Data!$L$2:$L$30,ROWS($B$31:B35)),Dashboard_Data!$L$2:$L$30,0)),"")) -> 0 | I35: =IF(C35="","",IFERROR(INDEX(Dashboard_Data!$I$2:$I$30,MATCH(LARGE(Dashboard_Data!$L$2:$L$30,ROWS($B$31:B35)),Dashboard_Data!$L$2:$L$30,0)),"")) -> 1 | J35: =IF(C35="","",IFERROR(INDEX(Dashboard_Data!$J$2:$J$30,MATCH(LARGE(Dashboard_Data!$L$2:$L$30,ROWS($B$31:B35)),Dashboard_Data!$L$2:$L$30,0)),"")) -> 1 | K35: =IF(C35="","",IFERROR(INDEX(Dashboard_Data!$K$2:$K$30,MATCH(LARGE(Dashboard_Data!$L$2:$L$30,ROWS($B$31:B35)),Dashboard_Data!$L$2:$L$30,0)),"")) -> Maintain Compliance | L35: =IF(C35="","",IF(K35="Action Required","Assign action owner + due date",IF(K35="Pending Evaluation","Complete compliance check",IF(K35="Maintain Compliance","Maintain evidence","Improve evidence/control")))) -> Maintain evidence
B36: =IFERROR(IF(LARGE(Dashboard_Data!$L$2:$L$30,ROWS($B$31:B36))<0,"",6),"") | C36: =IFERROR(IF(LARGE(Dashboard_Data!$L$2:$L$30,ROWS($B$31:B36))<0,"",INDEX(Dashboard_Data!$A$2:$A$30,MATCH(LARGE(Dashboard_Data!$L$2:$L$30,ROWS($B$31:B36)),Dashboard_Data!$L$2:$L$30,0))),"") | D36: =IF(C36="","",IFERROR(INDEX(Dashboard_Data!$B$2:$B$30,MATCH(LARGE(Dashboard_Data!$L$2:$L$30,ROWS($B$31:B36)),Dashboard_Data!$L$2:$L$30,0)),"")) | E36: =IF(C36="","",IFERROR(INDEX(Dashboard_Data!$D$2:$D$30,MATCH(LARGE(Dashboard_Data!$L$2:$L$30,ROWS($B$31:B36)),Dashboard_Data!$L$2:$L$30,0)),"")) | F36: =IF(C36="","",IFERROR(INDEX(Dashboard_Data!$F$2:$F$30,MATCH(LARGE(Dashboard_Data!$L$2:$L$30,ROWS($B$31:B36)),Dashboard_Data!$L$2:$L$30,0)),"")) | G36: =IF(C36="","",IFERROR(INDEX(Dashboard_Data!$G$2:$G$30,MATCH(LARGE(Dashboard_Data!$L$2:$L$30,ROWS($B$31:B36)),Dashboard_Data!$L$2:$L$30,0)),"")) | H36: =IF(C36="","",IFERROR(INDEX(Dashboard_Data!$H$2:$H$30,MATCH(LARGE(Dashboard_Data!$L$2:$L$30,ROWS($B$31:B36)),Dashboard_Data!$L$2:$L$30,0)),"")) | I36: =IF(C36="","",IFERROR(INDEX(Dashboard_Data!$I$2:$I$30,MATCH(LARGE(Dashboard_Data!$L$2:$L$30,ROWS($B$31:B36)),Dashboard_Data!$L$2:$L$30,0)),"")) | J36: =IF(C36="","",IFERROR(INDEX(Dashboard_Data!$J$2:$J$30,MATCH(LARGE(Dashboard_Data!$L$2:$L$30,ROWS($B$31:B36)),Dashboard_Data!$L$2:$L$30,0)),"")) | K36: =IF(C36="","",IFERROR(INDEX(Dashboard_Data!$K$2:$K$30,MATCH(LARGE(Dashboard_Data!$L$2:$L$30,ROWS($B$31:B36)),Dashboard_Data!$L$2:$L$30,0)),"")) | L36: =IF(C36="","",IF(K36="Action Required","Assign action owner + due date",IF(K36="Pending Evaluation","Complete compliance check",IF(K36="Maintain Compliance","Maintain evidence","Improve evidence/control"))))
B37: =IFERROR(IF(LARGE(Dashboard_Data!$L$2:$L$30,ROWS($B$31:B37))<0,"",7),"") | C37: =IFERROR(IF(LARGE(Dashboard_Data!$L$2:$L$30,ROWS($B$31:B37))<0,"",INDEX(Dashboard_Data!$A$2:$A$30,MATCH(LARGE(Dashboard_Data!$L$2:$L$30,ROWS($B$31:B37)),Dashboard_Data!$L$2:$L$30,0))),"") | D37: =IF(C37="","",IFERROR(INDEX(Dashboard_Data!$B$2:$B$30,MATCH(LARGE(Dashboard_Data!$L$2:$L$30,ROWS($B$31:B37)),Dashboard_Data!$L$2:$L$30,0)),"")) | E37: =IF(C37="","",IFERROR(INDEX(Dashboard_Data!$D$2:$D$30,MATCH(LARGE(Dashboard_Data!$L$2:$L$30,ROWS($B$31:B37)),Dashboard_Data!$L$2:$L$30,0)),"")) | F37: =IF(C37="","",IFERROR(INDEX(Dashboard_Data!$F$2:$F$30,MATCH(LARGE(Dashboard_Data!$L$2:$L$30,ROWS($B$31:B37)),Dashboard_Data!$L$2:$L$30,0)),"")) | G37: =IF(C37="","",IFERROR(INDEX(Dashboard_Data!$G$2:$G$30,MATCH(LARGE(Dashboard_Data!$L$2:$L$30,ROWS($B$31:B37)),Dashboard_Data!$L$2:$L$30,0)),"")) | H37: =IF(C37="","",IFERROR(INDEX(Dashboard_Data!$H$2:$H$30,MATCH(LARGE(Dashboard_Data!$L$2:$L$30,ROWS($B$31:B37)),Dashboard_Data!$L$2:$L$30,0)),"")) | I37: =IF(C37="","",IFERROR(INDEX(Dashboard_Data!$I$2:$I$30,MATCH(LARGE(Dashboard_Data!$L$2:$L$30,ROWS($B$31:B37)),Dashboard_Data!$L$2:$L$30,0)),"")) | J37: =IF(C37="","",IFERROR(INDEX(Dashboard_Data!$J$2:$J$30,MATCH(LARGE(Dashboard_Data!$L$2:$L$30,ROWS($B$31:B37)),Dashboard_Data!$L$2:$L$30,0)),"")) | K37: =IF(C37="","",IFERROR(INDEX(Dashboard_Data!$K$2:$K$30,MATCH(LARGE(Dashboard_Data!$L$2:$L$30,ROWS($B$31:B37)),Dashboard_Data!$L$2:$L$30,0)),"")) | L37: =IF(C37="","",IF(K37="Action Required","Assign action owner + due date",IF(K37="Pending Evaluation","Complete compliance check",IF(K37="Maintain Compliance","Maintain evidence","Improve evidence/control"))))
B38: =IFERROR(IF(LARGE(Dashboard_Data!$L$2:$L$30,ROWS($B$31:B38))<0,"",8),"") | C38: =IFERROR(IF(LARGE(Dashboard_Data!$L$2:$L$30,ROWS($B$31:B38))<0,"",INDEX(Dashboard_Data!$A$2:$A$30,MATCH(LARGE(Dashboard_Data!$L$2:$L$30,ROWS($B$31:B38)),Dashboard_Data!$L$2:$L$30,0))),"") | D38: =IF(C38="","",IFERROR(INDEX(Dashboard_Data!$B$2:$B$30,MATCH(LARGE(Dashboard_Data!$L$2:$L$30,ROWS($B$31:B38)),Dashboard_Data!$L$2:$L$30,0)),"")) | E38: =IF(C38="","",IFERROR(INDEX(Dashboard_Data!$D$2:$D$30,MATCH(LARGE(Dashboard_Data!$L$2:$L$30,ROWS($B$31:B38)),Dashboard_Data!$L$2:$L$30,0)),"")) | F38: =IF(C38="","",IFERROR(INDEX(Dashboard_Data!$F$2:$F$30,MATCH(LARGE(Dashboard_Data!$L$2:$L$30,ROWS($B$31:B38)),Dashboard_Data!$L$2:$L$30,0)),"")) | G38: =IF(C38="","",IFERROR(INDEX(Dashboard_Data!$G$2:$G$30,MATCH(LARGE(Dashboard_Data!$L$2:$L$30,ROWS($B$31:B38)),Dashboard_Data!$L$2:$L$30,0)),"")) | H38: =IF(C38="","",IFERROR(INDEX(Dashboard_Data!$H$2:$H$30,MATCH(LARGE(Dashboard_Data!$L$2:$L$30,ROWS($B$31:B38)),Dashboard_Data!$L$2:$L$30,0)),"")) | I38: =IF(C38="","",IFERROR(INDEX(Dashboard_Data!$I$2:$I$30,MATCH(LARGE(Dashboard_Data!$L$2:$L$30,ROWS($B$31:B38)),Dashboard_Data!$L$2:$L$30,0)),"")) | J38: =IF(C38="","",IFERROR(INDEX(Dashboard_Data!$J$2:$J$30,MATCH(LARGE(Dashboard_Data!$L$2:$L$30,ROWS($B$31:B38)),Dashboard_Data!$L$2:$L$30,0)),"")) | K38: =IF(C38="","",IFERROR(INDEX(Dashboard_Data!$K$2:$K$30,MATCH(LARGE(Dashboard_Data!$L$2:$L$30,ROWS($B$31:B38)),Dashboard_Data!$L$2:$L$30,0)),"")) | L38: =IF(C38="","",IF(K38="Action Required","Assign action owner + due date",IF(K38="Pending Evaluation","Complete compliance check",IF(K38="Maintain Compliance","Maintain evidence","Improve evidence/control"))))
B39: =IFERROR(IF(LARGE(Dashboard_Data!$L$2:$L$30,ROWS($B$31:B39))<0,"",9),"") | C39: =IFERROR(IF(LARGE(Dashboard_Data!$L$2:$L$30,ROWS($B$31:B39))<0,"",INDEX(Dashboard_Data!$A$2:$A$30,MATCH(LARGE(Dashboard_Data!$L$2:$L$30,ROWS($B$31:B39)),Dashboard_Data!$L$2:$L$30,0))),"") | D39: =IF(C39="","",IFERROR(INDEX(Dashboard_Data!$B$2:$B$30,MATCH(LARGE(Dashboard_Data!$L$2:$L$30,ROWS($B$31:B39)),Dashboard_Data!$L$2:$L$30,0)),"")) | E39: =IF(C39="","",IFERROR(INDEX(Dashboard_Data!$D$2:$D$30,MATCH(LARGE(Dashboard_Data!$L$2:$L$30,ROWS($B$31:B39)),Dashboard_Data!$L$2:$L$30,0)),"")) | F39: =IF(C39="","",IFERROR(INDEX(Dashboard_Data!$F$2:$F$30,MATCH(LARGE(Dashboard_Data!$L$2:$L$30,ROWS($B$31:B39)),Dashboard_Data!$L$2:$L$30,0)),"")) | G39: =IF(C39="","",IFERROR(INDEX(Dashboard_Data!$G$2:$G$30,MATCH(LARGE(Dashboard_Data!$L$2:$L$30,ROWS($B$31:B39)),Dashboard_Data!$L$2:$L$30,0)),"")) | H39: =IF(C39="","",IFERROR(INDEX(Dashboard_Data!$H$2:$H$30,MATCH(LARGE(Dashboard_Data!$L$2:$L$30,ROWS($B$31:B39)),Dashboard_Data!$L$2:$L$30,0)),"")) | I39: =IF(C39="","",IFERROR(INDEX(Dashboard_Data!$I$2:$I$30,MATCH(LARGE(Dashboard_Data!$L$2:$L$30,ROWS($B$31:B39)),Dashboard_Data!$L$2:$L$30,0)),"")) | J39: =IF(C39="","",IFERROR(INDEX(Dashboard_Data!$J$2:$J$30,MATCH(LARGE(Dashboard_Data!$L$2:$L$30,ROWS($B$31:B39)),Dashboard_Data!$L$2:$L$30,0)),"")) | K39: =IF(C39="","",IFERROR(INDEX(Dashboard_Data!$K$2:$K$30,MATCH(LARGE(Dashboard_Data!$L$2:$L$30,ROWS($B$31:B39)),Dashboard_Data!$L$2:$L$30,0)),"")) | L39: =IF(C39="","",IF(K39="Action Required","Assign action owner + due date",IF(K39="Pending Evaluation","Complete compliance check",IF(K39="Maintain Compliance","Maintain evidence","Improve evidence/control"))))
B40: =IFERROR(IF(LARGE(Dashboard_Data!$L$2:$L$30,ROWS($B$31:B40))<0,"",10),"") | C40: =IFERROR(IF(LARGE(Dashboard_Data!$L$2:$L$30,ROWS($B$31:B40))<0,"",INDEX(Dashboard_Data!$A$2:$A$30,MATCH(LARGE(Dashboard_Data!$L$2:$L$30,ROWS($B$31:B40)),Dashboard_Data!$L$2:$L$30,0))),"") | D40: =IF(C40="","",IFERROR(INDEX(Dashboard_Data!$B$2:$B$30,MATCH(LARGE(Dashboard_Data!$L$2:$L$30,ROWS($B$31:B40)),Dashboard_Data!$L$2:$L$30,0)),"")) | E40: =IF(C40="","",IFERROR(INDEX(Dashboard_Data!$D$2:$D$30,MATCH(LARGE(Dashboard_Data!$L$2:$L$30,ROWS($B$31:B40)),Dashboard_Data!$L$2:$L$30,0)),"")) | F40: =IF(C40="","",IFERROR(INDEX(Dashboard_Data!$F$2:$F$30,MATCH(LARGE(Dashboard_Data!$L$2:$L$30,ROWS($B$31:B40)),Dashboard_Data!$L$2:$L$30,0)),"")) | G40: =IF(C40="","",IFERROR(INDEX(Dashboard_Data!$G$2:$G$30,MATCH(LARGE(Dashboard_Data!$L$2:$L$30,ROWS($B$31:B40)),Dashboard_Data!$L$2:$L$30,0)),"")) | H40: =IF(C40="","",IFERROR(INDEX(Dashboard_Data!$H$2:$H$30,MATCH(LARGE(Dashboard_Data!$L$2:$L$30,ROWS($B$31:B40)),Dashboard_Data!$L$2:$L$30,0)),"")) | I40: =IF(C40="","",IFERROR(INDEX(Dashboard_Data!$I$2:$I$30,MATCH(LARGE(Dashboard_Data!$L$2:$L$30,ROWS($B$31:B40)),Dashboard_Data!$L$2:$L$30,0)),"")) | J40: =IF(C40="","",IFERROR(INDEX(Dashboard_Data!$J$2:$J$30,MATCH(LARGE(Dashboard_Data!$L$2:$L$30,ROWS($B$31:B40)),Dashboard_Data!$L$2:$L$30,0)),"")) | K40: =IF(C40="","",IFERROR(INDEX(Dashboard_Data!$K$2:$K$30,MATCH(LARGE(Dashboard_Data!$L$2:$L$30,ROWS($B$31:B40)),Dashboard_Data!$L$2:$L$30,0)),"")) | L40: =IF(C40="","",IF(K40="Action Required","Assign action owner + due date",IF(K40="Pending Evaluation","Complete compliance check",IF(K40="Maintain Compliance","Maintain evidence","Improve evidence/control"))))
B41: =IFERROR(IF(LARGE(Dashboard_Data!$L$2:$L$30,ROWS($B$31:B41))<0,"",11),"") | C41: =IFERROR(IF(LARGE(Dashboard_Data!$L$2:$L$30,ROWS($B$31:B41))<0,"",INDEX(Dashboard_Data!$A$2:$A$30,MATCH(LARGE(Dashboard_Data!$L$2:$L$30,ROWS($B$31:B41)),Dashboard_Data!$L$2:$L$30,0))),"") | D41: =IF(C41="","",IFERROR(INDEX(Dashboard_Data!$B$2:$B$30,MATCH(LARGE(Dashboard_Data!$L$2:$L$30,ROWS($B$31:B41)),Dashboard_Data!$L$2:$L$30,0)),"")) | E41: =IF(C41="","",IFERROR(INDEX(Dashboard_Data!$D$2:$D$30,MATCH(LARGE(Dashboard_Data!$L$2:$L$30,ROWS($B$31:B41)),Dashboard_Data!$L$2:$L$30,0)),"")) | F41: =IF(C41="","",IFERROR(INDEX(Dashboard_Data!$F$2:$F$30,MATCH(LARGE(Dashboard_Data!$L$2:$L$30,ROWS($B$31:B41)),Dashboard_Data!$L$2:$L$30,0)),"")) | G41: =IF(C41="","",IFERROR(INDEX(Dashboard_Data!$G$2:$G$30,MATCH(LARGE(Dashboard_Data!$L$2:$L$30,ROWS($B$31:B41)),Dashboard_Data!$L$2:$L$30,0)),"")) | H41: =IF(C41="","",IFERROR(INDEX(Dashboard_Data!$H$2:$H$30,MATCH(LARGE(Dashboard_Data!$L$2:$L$30,ROWS($B$31:B41)),Dashboard_Data!$L$2:$L$30,0)),"")) | I41: =IF(C41="","",IFERROR(INDEX(Dashboard_Data!$I$2:$I$30,MATCH(LARGE(Dashboard_Data!$L$2:$L$30,ROWS($B$31:B41)),Dashboard_Data!$L$2:$L$30,0)),"")) | J41: =IF(C41="","",IFERROR(INDEX(Dashboard_Data!$J$2:$J$30,MATCH(LARGE(Dashboard_Data!$L$2:$L$30,ROWS($B$31:B41)),Dashboard_Data!$L$2:$L$30,0)),"")) | K41: =IF(C41="","",IFERROR(INDEX(Dashboard_Data!$K$2:$K$30,MATCH(LARGE(Dashboard_Data!$L$2:$L$30,ROWS($B$31:B41)),Dashboard_Data!$L$2:$L$30,0)),"")) | L41: =IF(C41="","",IF(K41="Action Required","Assign action owner + due date",IF(K41="Pending Evaluation","Complete compliance check",IF(K41="Maintain Compliance","Maintain evidence","Improve evidence/control"))))
B42: =IFERROR(IF(LARGE(Dashboard_Data!$L$2:$L$30,ROWS($B$31:B42))<0,"",12),"") | C42: =IFERROR(IF(LARGE(Dashboard_Data!$L$2:$L$30,ROWS($B$31:B42))<0,"",INDEX(Dashboard_Data!$A$2:$A$30,MATCH(LARGE(Dashboard_Data!$L$2:$L$30,ROWS($B$31:B42)),Dashboard_Data!$L$2:$L$30,0))),"") | D42: =IF(C42="","",IFERROR(INDEX(Dashboard_Data!$B$2:$B$30,MATCH(LARGE(Dashboard_Data!$L$2:$L$30,ROWS($B$31:B42)),Dashboard_Data!$L$2:$L$30,0)),"")) | E42: =IF(C42="","",IFERROR(INDEX(Dashboard_Data!$D$2:$D$30,MATCH(LARGE(Dashboard_Data!$L$2:$L$30,ROWS($B$31:B42)),Dashboard_Data!$L$2:$L$30,0)),"")) | F42: =IF(C42="","",IFERROR(INDEX(Dashboard_Data!$F$2:$F$30,MATCH(LARGE(Dashboard_Data!$L$2:$L$30,ROWS($B$31:B42)),Dashboard_Data!$L$2:$L$30,0)),"")) | G42: =IF(C42="","",IFERROR(INDEX(Dashboard_Data!$G$2:$G$30,MATCH(LARGE(Dashboard_Data!$L$2:$L$30,ROWS($B$31:B42)),Dashboard_Data!$L$2:$L$30,0)),"")) | H42: =IF(C42="","",IFERROR(INDEX(Dashboard_Data!$H$2:$H$30,MATCH(LARGE(Dashboard_Data!$L$2:$L$30,ROWS($B$31:B42)),Dashboard_Data!$L$2:$L$30,0)),"")) | I42: =IF(C42="","",IFERROR(INDEX(Dashboard_Data!$I$2:$I$30,MATCH(LARGE(Dashboard_Data!$L$2:$L$30,ROWS($B$31:B42)),Dashboard_Data!$L$2:$L$30,0)),"")) | J42: =IF(C42="","",IFERROR(INDEX(Dashboard_Data!$J$2:$J$30,MATCH(LARGE(Dashboard_Data!$L$2:$L$30,ROWS($B$31:B42)),Dashboard_Data!$L$2:$L$30,0)),"")) | K42: =IF(C42="","",IFERROR(INDEX(Dashboard_Data!$K$2:$K$30,MATCH(LARGE(Dashboard_Data!$L$2:$L$30,ROWS($B$31:B42)),Dashboard_Data!$L$2:$L$30,0)),"")) | L42: =IF(C42="","",IF(K42="Action Required","Assign action owner + due date",IF(K42="Pending Evaluation","Complete compliance check",IF(K42="Maintain Compliance","Maintain evidence","Improve evidence/control"))))
B43: =IFERROR(IF(LARGE(Dashboard_Data!$L$2:$L$30,ROWS($B$31:B43))<0,"",13),"") | C43: =IFERROR(IF(LARGE(Dashboard_Data!$L$2:$L$30,ROWS($B$31:B43))<0,"",INDEX(Dashboard_Data!$A$2:$A$30,MATCH(LARGE(Dashboard_Data!$L$2:$L$30,ROWS($B$31:B43)),Dashboard_Data!$L$2:$L$30,0))),"") | D43: =IF(C43="","",IFERROR(INDEX(Dashboard_Data!$B$2:$B$30,MATCH(LARGE(Dashboard_Data!$L$2:$L$30,ROWS($B$31:B43)),Dashboard_Data!$L$2:$L$30,0)),"")) | E43: =IF(C43="","",IFERROR(INDEX(Dashboard_Data!$D$2:$D$30,MATCH(LARGE(Dashboard_Data!$L$2:$L$30,ROWS($B$31:B43)),Dashboard_Data!$L$2:$L$30,0)),"")) | F43: =IF(C43="","",IFERROR(INDEX(Dashboard_Data!$F$2:$F$30,MATCH(LARGE(Dashboard_Data!$L$2:$L$30,ROWS($B$31:B43)),Dashboard_Data!$L$2:$L$30,0)),"")) | G43: =IF(C43="","",IFERROR(INDEX(Dashboard_Data!$G$2:$G$30,MATCH(LARGE(Dashboard_Data!$L$2:$L$30,ROWS($B$31:B43)),Dashboard_Data!$L$2:$L$30,0)),"")) | H43: =IF(C43="","",IFERROR(INDEX(Dashboard_Data!$H$2:$H$30,MATCH(LARGE(Dashboard_Data!$L$2:$L$30,ROWS($B$31:B43)),Dashboard_Data!$L$2:$L$30,0)),"")) | I43: =IF(C43="","",IFERROR(INDEX(Dashboard_Data!$I$2:$I$30,MATCH(LARGE(Dashboard_Data!$L$2:$L$30,ROWS($B$31:B43)),Dashboard_Data!$L$2:$L$30,0)),"")) | J43: =IF(C43="","",IFERROR(INDEX(Dashboard_Data!$J$2:$J$30,MATCH(LARGE(Dashboard_Data!$L$2:$L$30,ROWS($B$31:B43)),Dashboard_Data!$L$2:$L$30,0)),"")) | K43: =IF(C43="","",IFERROR(INDEX(Dashboard_Data!$K$2:$K$30,MATCH(LARGE(Dashboard_Data!$L$2:$L$30,ROWS($B$31:B43)),Dashboard_Data!$L$2:$L$30,0)),"")) | L43: =IF(C43="","",IF(K43="Action Required","Assign action owner + due date",IF(K43="Pending Evaluation","Complete compliance check",IF(K43="Maintain Compliance","Maintain evidence","Improve evidence/control"))))
B44: =IFERROR(IF(LARGE(Dashboard_Data!$L$2:$L$30,ROWS($B$31:B44))<0,"",14),"") | C44: =IFERROR(IF(LARGE(Dashboard_Data!$L$2:$L$30,ROWS($B$31:B44))<0,"",INDEX(Dashboard_Data!$A$2:$A$30,MATCH(LARGE(Dashboard_Data!$L$2:$L$30,ROWS($B$31:B44)),Dashboard_Data!$L$2:$L$30,0))),"") | D44: =IF(C44="","",IFERROR(INDEX(Dashboard_Data!$B$2:$B$30,MATCH(LARGE(Dashboard_Data!$L$2:$L$30,ROWS($B$31:B44)),Dashboard_Data!$L$2:$L$30,0)),"")) | E44: =IF(C44="","",IFERROR(INDEX(Dashboard_Data!$D$2:$D$30,MATCH(LARGE(Dashboard_Data!$L$2:$L$30,ROWS($B$31:B44)),Dashboard_Data!$L$2:$L$30,0)),"")) | F44: =IF(C44="","",IFERROR(INDEX(Dashboard_Data!$F$2:$F$30,MATCH(LARGE(Dashboard_Data!$L$2:$L$30,ROWS($B$31:B44)),Dashboard_Data!$L$2:$L$30,0)),"")) | G44: =IF(C44="","",IFERROR(INDEX(Dashboard_Data!$G$2:$G$30,MATCH(LARGE(Dashboard_Data!$L$2:$L$30,ROWS($B$31:B44)),Dashboard_Data!$L$2:$L$30,0)),"")) | H44: =IF(C44="","",IFERROR(INDEX(Dashboard_Data!$H$2:$H$30,MATCH(LARGE(Dashboard_Data!$L$2:$L$30,ROWS($B$31:B44)),Dashboard_Data!$L$2:$L$30,0)),"")) | I44: =IF(C44="","",IFERROR(INDEX(Dashboard_Data!$I$2:$I$30,MATCH(LARGE(Dashboard_Data!$L$2:$L$30,ROWS($B$31:B44)),Dashboard_Data!$L$2:$L$30,0)),"")) | J44: =IF(C44="","",IFERROR(INDEX(Dashboard_Data!$J$2:$J$30,MATCH(LARGE(Dashboard_Data!$L$2:$L$30,ROWS($B$31:B44)),Dashboard_Data!$L$2:$L$30,0)),"")) | K44: =IF(C44="","",IFERROR(INDEX(Dashboard_Data!$K$2:$K$30,MATCH(LARGE(Dashboard_Data!$L$2:$L$30,ROWS($B$31:B44)),Dashboard_Data!$L$2:$L$30,0)),"")) | L44: =IF(C44="","",IF(K44="Action Required","Assign action owner + due date",IF(K44="Pending Evaluation","Complete compliance check",IF(K44="Maintain Compliance","Maintain evidence","Improve evidence/control"))))
B45: =IFERROR(IF(LARGE(Dashboard_Data!$L$2:$L$30,ROWS($B$31:B45))<0,"",15),"") | C45: =IFERROR(IF(LARGE(Dashboard_Data!$L$2:$L$30,ROWS($B$31:B45))<0,"",INDEX(Dashboard_Data!$A$2:$A$30,MATCH(LARGE(Dashboard_Data!$L$2:$L$30,ROWS($B$31:B45)),Dashboard_Data!$L$2:$L$30,0))),"") | D45: =IF(C45="","",IFERROR(INDEX(Dashboard_Data!$B$2:$B$30,MATCH(LARGE(Dashboard_Data!$L$2:$L$30,ROWS($B$31:B45)),Dashboard_Data!$L$2:$L$30,0)),"")) | E45: =IF(C45="","",IFERROR(INDEX(Dashboard_Data!$D$2:$D$30,MATCH(LARGE(Dashboard_Data!$L$2:$L$30,ROWS($B$31:B45)),Dashboard_Data!$L$2:$L$30,0)),"")) | F45: =IF(C45="","",IFERROR(INDEX(Dashboard_Data!$F$2:$F$30,MATCH(LARGE(Dashboard_Data!$L$2:$L$30,ROWS($B$31:B45)),Dashboard_Data!$L$2:$L$30,0)),"")) | G45: =IF(C45="","",IFERROR(INDEX(Dashboard_Data!$G$2:$G$30,MATCH(LARGE(Dashboard_Data!$L$2:$L$30,ROWS($B$31:B45)),Dashboard_Data!$L$2:$L$30,0)),"")) | H45: =IF(C45="","",IFERROR(INDEX(Dashboard_Data!$H$2:$H$30,MATCH(LARGE(Dashboard_Data!$L$2:$L$30,ROWS($B$31:B45)),Dashboard_Data!$L$2:$L$30,0)),"")) | I45: =IF(C45="","",IFERROR(INDEX(Dashboard_Data!$I$2:$I$30,MATCH(LARGE(Dashboard_Data!$L$2:$L$30,ROWS($B$31:B45)),Dashboard_Data!$L$2:$L$30,0)),"")) | J45: =IF(C45="","",IFERROR(INDEX(Dashboard_Data!$J$2:$J$30,MATCH(LARGE(Dashboard_Data!$L$2:$L$30,ROWS($B$31:B45)),Dashboard_Data!$L$2:$L$30,0)),"")) | K45: =IF(C45="","",IFERROR(INDEX(Dashboard_Data!$K$2:$K$30,MATCH(LARGE(Dashboard_Data!$L$2:$L$30,ROWS($B$31:B45)),Dashboard_Data!$L$2:$L$30,0)),"")) | L45: =IF(C45="","",IF(K45="Action Required","Assign action owner + due date",IF(K45="Pending Evaluation","Complete compliance check",IF(K45="Maintain Compliance","Maintain evidence","Improve evidence/control"))))
B46: =IFERROR(IF(LARGE(Dashboard_Data!$L$2:$L$30,ROWS($B$31:B46))<0,"",16),"") | C46: =IFERROR(IF(LARGE(Dashboard_Data!$L$2:$L$30,ROWS($B$31:B46))<0,"",INDEX(Dashboard_Data!$A$2:$A$30,MATCH(LARGE(Dashboard_Data!$L$2:$L$30,ROWS($B$31:B46)),Dashboard_Data!$L$2:$L$30,0))),"") | D46: =IF(C46="","",IFERROR(INDEX(Dashboard_Data!$B$2:$B$30,MATCH(LARGE(Dashboard_Data!$L$2:$L$30,ROWS($B$31:B46)),Dashboard_Data!$L$2:$L$30,0)),"")) | E46: =IF(C46="","",IFERROR(INDEX(Dashboard_Data!$D$2:$D$30,MATCH(LARGE(Dashboard_Data!$L$2:$L$30,ROWS($B$31:B46)),Dashboard_Data!$L$2:$L$30,0)),"")) | F46: =IF(C46="","",IFERROR(INDEX(Dashboard_Data!$F$2:$F$30,MATCH(LARGE(Dashboard_Data!$L$2:$L$30,ROWS($B$31:B46)),Dashboard_Data!$L$2:$L$30,0)),"")) | G46: =IF(C46="","",IFERROR(INDEX(Dashboard_Data!$G$2:$G$30,MATCH(LARGE(Dashboard_Data!$L$2:$L$30,ROWS($B$31:B46)),Dashboard_Data!$L$2:$L$30,0)),"")) | H46: =IF(C46="","",IFERROR(INDEX(Dashboard_Data!$H$2:$H$30,MATCH(LARGE(Dashboard_Data!$L$2:$L$30,ROWS($B$31:B46)),Dashboard_Data!$L$2:$L$30,0)),"")) | I46: =IF(C46="","",IFERROR(INDEX(Dashboard_Data!$I$2:$I$30,MATCH(LARGE(Dashboard_Data!$L$2:$L$30,ROWS($B$31:B46)),Dashboard_Data!$L$2:$L$30,0)),"")) | J46: =IF(C46="","",IFERROR(INDEX(Dashboard_Data!$J$2:$J$30,MATCH(LARGE(Dashboard_Data!$L$2:$L$30,ROWS($B$31:B46)),Dashboard_Data!$L$2:$L$30,0)),"")) | K46: =IF(C46="","",IFERROR(INDEX(Dashboard_Data!$K$2:$K$30,MATCH(LARGE(Dashboard_Data!$L$2:$L$30,ROWS($B$31:B46)),Dashboard_Data!$L$2:$L$30,0)),"")) | L46: =IF(C46="","",IF(K46="Action Required","Assign action owner + due date",IF(K46="Pending Evaluation","Complete compliance check",IF(K46="Maintain Compliance","Maintain evidence","Improve evidence/control"))))
B47: =IFERROR(IF(LARGE(Dashboard_Data!$L$2:$L$30,ROWS($B$31:B47))<0,"",17),"") | C47: =IFERROR(IF(LARGE(Dashboard_Data!$L$2:$L$30,ROWS($B$31:B47))<0,"",INDEX(Dashboard_Data!$A$2:$A$30,MATCH(LARGE(Dashboard_Data!$L$2:$L$30,ROWS($B$31:B47)),Dashboard_Data!$L$2:$L$30,0))),"") | D47: =IF(C47="","",IFERROR(INDEX(Dashboard_Data!$B$2:$B$30,MATCH(LARGE(Dashboard_Data!$L$2:$L$30,ROWS($B$31:B47)),Dashboard_Data!$L$2:$L$30,0)),"")) | E47: =IF(C47="","",IFERROR(INDEX(Dashboard_Data!$D$2:$D$30,MATCH(LARGE(Dashboard_Data!$L$2:$L$30,ROWS($B$31:B47)),Dashboard_Data!$L$2:$L$30,0)),"")) | F47: =IF(C47="","",IFERROR(INDEX(Dashboard_Data!$F$2:$F$30,MATCH(LARGE(Dashboard_Data!$L$2:$L$30,ROWS($B$31:B47)),Dashboard_Data!$L$2:$L$30,0)),"")) | G47: =IF(C47="","",IFERROR(INDEX(Dashboard_Data!$G$2:$G$30,MATCH(LARGE(Dashboard_Data!$L$2:$L$30,ROWS($B$31:B47)),Dashboard_Data!$L$2:$L$30,0)),"")) | H47: =IF(C47="","",IFERROR(INDEX(Dashboard_Data!$H$2:$H$30,MATCH(LARGE(Dashboard_Data!$L$2:$L$30,ROWS($B$31:B47)),Dashboard_Data!$L$2:$L$30,0)),"")) | I47: =IF(C47="","",IFERROR(INDEX(Dashboard_Data!$I$2:$I$30,MATCH(LARGE(Dashboard_Data!$L$2:$L$30,ROWS($B$31:B47)),Dashboard_Data!$L$2:$L$30,0)),"")) | J47: =IF(C47="","",IFERROR(INDEX(Dashboard_Data!$J$2:$J$30,MATCH(LARGE(Dashboard_Data!$L$2:$L$30,ROWS($B$31:B47)),Dashboard_Data!$L$2:$L$30,0)),"")) | K47: =IF(C47="","",IFERROR(INDEX(Dashboard_Data!$K$2:$K$30,MATCH(LARGE(Dashboard_Data!$L$2:$L$30,ROWS($B$31:B47)),Dashboard_Data!$L$2:$L$30,0)),"")) | L47: =IF(C47="","",IF(K47="Action Required","Assign action owner + due date",IF(K47="Pending Evaluation","Complete compliance check",IF(K47="Maintain Compliance","Maintain evidence","Improve evidence/control"))))
B48: =IFERROR(IF(LARGE(Dashboard_Data!$L$2:$L$30,ROWS($B$31:B48))<0,"",18),"") | C48: =IFERROR(IF(LARGE(Dashboard_Data!$L$2:$L$30,ROWS($B$31:B48))<0,"",INDEX(Dashboard_Data!$A$2:$A$30,MATCH(LARGE(Dashboard_Data!$L$2:$L$30,ROWS($B$31:B48)),Dashboard_Data!$L$2:$L$30,0))),"") | D48: =IF(C48="","",IFERROR(INDEX(Dashboard_Data!$B$2:$B$30,MATCH(LARGE(Dashboard_Data!$L$2:$L$30,ROWS($B$31:B48)),Dashboard_Data!$L$2:$L$30,0)),"")) | E48: =IF(C48="","",IFERROR(INDEX(Dashboard_Data!$D$2:$D$30,MATCH(LARGE(Dashboard_Data!$L$2:$L$30,ROWS($B$31:B48)),Dashboard_Data!$L$2:$L$30,0)),"")) | F48: =IF(C48="","",IFERROR(INDEX(Dashboard_Data!$F$2:$F$30,MATCH(LARGE(Dashboard_Data!$L$2:$L$30,ROWS($B$31:B48)),Dashboard_Data!$L$2:$L$30,0)),"")) | G48: =IF(C48="","",IFERROR(INDEX(Dashboard_Data!$G$2:$G$30,MATCH(LARGE(Dashboard_Data!$L$2:$L$30,ROWS($B$31:B48)),Dashboard_Data!$L$2:$L$30,0)),"")) | H48: =IF(C48="","",IFERROR(INDEX(Dashboard_Data!$H$2:$H$30,MATCH(LARGE(Dashboard_Data!$L$2:$L$30,ROWS($B$31:B48)),Dashboard_Data!$L$2:$L$30,0)),"")) | I48: =IF(C48="","",IFERROR(INDEX(Dashboard_Data!$I$2:$I$30,MATCH(LARGE(Dashboard_Data!$L$2:$L$30,ROWS($B$31:B48)),Dashboard_Data!$L$2:$L$30,0)),"")) | J48: =IF(C48="","",IFERROR(INDEX(Dashboard_Data!$J$2:$J$30,MATCH(LARGE(Dashboard_Data!$L$2:$L$30,ROWS($B$31:B48)),Dashboard_Data!$L$2:$L$30,0)),"")) | K48: =IF(C48="","",IFERROR(INDEX(Dashboard_Data!$K$2:$K$30,MATCH(LARGE(Dashboard_Data!$L$2:$L$30,ROWS($B$31:B48)),Dashboard_Data!$L$2:$L$30,0)),"")) | L48: =IF(C48="","",IF(K48="Action Required","Assign action owner + due date",IF(K48="Pending Evaluation","Complete compliance check",IF(K48="Maintain Compliance","Maintain evidence","Improve evidence/control"))))
B49: =IFERROR(IF(LARGE(Dashboard_Data!$L$2:$L$30,ROWS($B$31:B49))<0,"",19),"") | C49: =IFERROR(IF(LARGE(Dashboard_Data!$L$2:$L$30,ROWS($B$31:B49))<0,"",INDEX(Dashboard_Data!$A$2:$A$30,MATCH(LARGE(Dashboard_Data!$L$2:$L$30,ROWS($B$31:B49)),Dashboard_Data!$L$2:$L$30,0))),"") | D49: =IF(C49="","",IFERROR(INDEX(Dashboard_Data!$B$2:$B$30,MATCH(LARGE(Dashboard_Data!$L$2:$L$30,ROWS($B$31:B49)),Dashboard_Data!$L$2:$L$30,0)),"")) | E49: =IF(C49="","",IFERROR(INDEX(Dashboard_Data!$D$2:$D$30,MATCH(LARGE(Dashboard_Data!$L$2:$L$30,ROWS($B$31:B49)),Dashboard_Data!$L$2:$L$30,0)),"")) | F49: =IF(C49="","",IFERROR(INDEX(Dashboard_Data!$F$2:$F$30,MATCH(LARGE(Dashboard_Data!$L$2:$L$30,ROWS($B$31:B49)),Dashboard_Data!$L$2:$L$30,0)),"")) | G49: =IF(C49="","",IFERROR(INDEX(Dashboard_Data!$G$2:$G$30,MATCH(LARGE(Dashboard_Data!$L$2:$L$30,ROWS($B$31:B49)),Dashboard_Data!$L$2:$L$30,0)),"")) | H49: =IF(C49="","",IFERROR(INDEX(Dashboard_Data!$H$2:$H$30,MATCH(LARGE(Dashboard_Data!$L$2:$L$30,ROWS($B$31:B49)),Dashboard_Data!$L$2:$L$30,0)),"")) | I49: =IF(C49="","",IFERROR(INDEX(Dashboard_Data!$I$2:$I$30,MATCH(LARGE(Dashboard_Data!$L$2:$L$30,ROWS($B$31:B49)),Dashboard_Data!$L$2:$L$30,0)),"")) | J49: =IF(C49="","",IFERROR(INDEX(Dashboard_Data!$J$2:$J$30,MATCH(LARGE(Dashboard_Data!$L$2:$L$30,ROWS($B$31:B49)),Dashboard_Data!$L$2:$L$30,0)),"")) | K49: =IF(C49="","",IFERROR(INDEX(Dashboard_Data!$K$2:$K$30,MATCH(LARGE(Dashboard_Data!$L$2:$L$30,ROWS($B$31:B49)),Dashboard_Data!$L$2:$L$30,0)),"")) | L49: =IF(C49="","",IF(K49="Action Required","Assign action owner + due date",IF(K49="Pending Evaluation","Complete compliance check",IF(K49="Maintain Compliance","Maintain evidence","Improve evidence/control"))))
B50: =IFERROR(IF(LARGE(Dashboard_Data!$L$2:$L$30,ROWS($B$31:B50))<0,"",20),"") | C50: =IFERROR(IF(LARGE(Dashboard_Data!$L$2:$L$30,ROWS($B$31:B50))<0,"",INDEX(Dashboard_Data!$A$2:$A$30,MATCH(LARGE(Dashboard_Data!$L$2:$L$30,ROWS($B$31:B50)),Dashboard_Data!$L$2:$L$30,0))),"") | D50: =IF(C50="","",IFERROR(INDEX(Dashboard_Data!$B$2:$B$30,MATCH(LARGE(Dashboard_Data!$L$2:$L$30,ROWS($B$31:B50)),Dashboard_Data!$L$2:$L$30,0)),"")) | E50: =IF(C50="","",IFERROR(INDEX(Dashboard_Data!$D$2:$D$30,MATCH(LARGE(Dashboard_Data!$L$2:$L$30,ROWS($B$31:B50)),Dashboard_Data!$L$2:$L$30,0)),"")) | F50: =IF(C50="","",IFERROR(INDEX(Dashboard_Data!$F$2:$F$30,MATCH(LARGE(Dashboard_Data!$L$2:$L$30,ROWS($B$31:B50)),Dashboard_Data!$L$2:$L$30,0)),"")) | G50: =IF(C50="","",IFERROR(INDEX(Dashboard_Data!$G$2:$G$30,MATCH(LARGE(Dashboard_Data!$L$2:$L$30,ROWS($B$31:B50)),Dashboard_Data!$L$2:$L$30,0)),"")) | H50: =IF(C50="","",IFERROR(INDEX(Dashboard_Data!$H$2:$H$30,MATCH(LARGE(Dashboard_Data!$L$2:$L$30,ROWS($B$31:B50)),Dashboard_Data!$L$2:$L$30,0)),"")) | I50: =IF(C50="","",IFERROR(INDEX(Dashboard_Data!$I$2:$I$30,MATCH(LARGE(Dashboard_Data!$L$2:$L$30,ROWS($B$31:B50)),Dashboard_Data!$L$2:$L$30,0)),"")) | J50: =IF(C50="","",IFERROR(INDEX(Dashboard_Data!$J$2:$J$30,MATCH(LARGE(Dashboard_Data!$L$2:$L$30,ROWS($B$31:B50)),Dashboard_Data!$L$2:$L$30,0)),"")) | K50: =IF(C50="","",IFERROR(INDEX(Dashboard_Data!$K$2:$K$30,MATCH(LARGE(Dashboard_Data!$L$2:$L$30,ROWS($B$31:B50)),Dashboard_Data!$L$2:$L$30,0)),"")) | L50: =IF(C50="","",IF(K50="Action Required","Assign action owner + due date",IF(K50="Pending Evaluation","Complete compliance check",IF(K50="Maintain Compliance","Maintain evidence","Improve evidence/control"))))
B51: =IFERROR(IF(LARGE(Dashboard_Data!$L$2:$L$30,ROWS($B$31:B51))<0,"",21),"") | C51: =IFERROR(IF(LARGE(Dashboard_Data!$L$2:$L$30,ROWS($B$31:B51))<0,"",INDEX(Dashboard_Data!$A$2:$A$30,MATCH(LARGE(Dashboard_Data!$L$2:$L$30,ROWS($B$31:B51)),Dashboard_Data!$L$2:$L$30,0))),"") | D51: =IF(C51="","",IFERROR(INDEX(Dashboard_Data!$B$2:$B$30,MATCH(LARGE(Dashboard_Data!$L$2:$L$30,ROWS($B$31:B51)),Dashboard_Data!$L$2:$L$30,0)),"")) | E51: =IF(C51="","",IFERROR(INDEX(Dashboard_Data!$D$2:$D$30,MATCH(LARGE(Dashboard_Data!$L$2:$L$30,ROWS($B$31:B51)),Dashboard_Data!$L$2:$L$30,0)),"")) | F51: =IF(C51="","",IFERROR(INDEX(Dashboard_Data!$F$2:$F$30,MATCH(LARGE(Dashboard_Data!$L$2:$L$30,ROWS($B$31:B51)),Dashboard_Data!$L$2:$L$30,0)),"")) | G51: =IF(C51="","",IFERROR(INDEX(Dashboard_Data!$G$2:$G$30,MATCH(LARGE(Dashboard_Data!$L$2:$L$30,ROWS($B$31:B51)),Dashboard_Data!$L$2:$L$30,0)),"")) | H51: =IF(C51="","",IFERROR(INDEX(Dashboard_Data!$H$2:$H$30,MATCH(LARGE(Dashboard_Data!$L$2:$L$30,ROWS($B$31:B51)),Dashboard_Data!$L$2:$L$30,0)),"")) | I51: =IF(C51="","",IFERROR(INDEX(Dashboard_Data!$I$2:$I$30,MATCH(LARGE(Dashboard_Data!$L$2:$L$30,ROWS($B$31:B51)),Dashboard_Data!$L$2:$L$30,0)),"")) | J51: =IF(C51="","",IFERROR(INDEX(Dashboard_Data!$J$2:$J$30,MATCH(LARGE(Dashboard_Data!$L$2:$L$30,ROWS($B$31:B51)),Dashboard_Data!$L$2:$L$30,0)),"")) | K51: =IF(C51="","",IFERROR(INDEX(Dashboard_Data!$K$2:$K$30,MATCH(LARGE(Dashboard_Data!$L$2:$L$30,ROWS($B$31:B51)),Dashboard_Data!$L$2:$L$30,0)),"")) | L51: =IF(C51="","",IF(K51="Action Required","Assign action owner + due date",IF(K51="Pending Evaluation","Complete compliance check",IF(K51="Maintain Compliance","Maintain evidence","Improve evidence/control"))))
B52: =IFERROR(IF(LARGE(Dashboard_Data!$L$2:$L$30,ROWS($B$31:B52))<0,"",22),"") | C52: =IFERROR(IF(LARGE(Dashboard_Data!$L$2:$L$30,ROWS($B$31:B52))<0,"",INDEX(Dashboard_Data!$A$2:$A$30,MATCH(LARGE(Dashboard_Data!$L$2:$L$30,ROWS($B$31:B52)),Dashboard_Data!$L$2:$L$30,0))),"") | D52: =IF(C52="","",IFERROR(INDEX(Dashboard_Data!$B$2:$B$30,MATCH(LARGE(Dashboard_Data!$L$2:$L$30,ROWS($B$31:B52)),Dashboard_Data!$L$2:$L$30,0)),"")) | E52: =IF(C52="","",IFERROR(INDEX(Dashboard_Data!$D$2:$D$30,MATCH(LARGE(Dashboard_Data!$L$2:$L$30,ROWS($B$31:B52)),Dashboard_Data!$L$2:$L$30,0)),"")) | F52: =IF(C52="","",IFERROR(INDEX(Dashboard_Data!$F$2:$F$30,MATCH(LARGE(Dashboard_Data!$L$2:$L$30,ROWS($B$31:B52)),Dashboard_Data!$L$2:$L$30,0)),"")) | G52: =IF(C52="","",IFERROR(INDEX(Dashboard_Data!$G$2:$G$30,MATCH(LARGE(Dashboard_Data!$L$2:$L$30,ROWS($B$31:B52)),Dashboard_Data!$L$2:$L$30,0)),"")) | H52: =IF(C52="","",IFERROR(INDEX(Dashboard_Data!$H$2:$H$30,MATCH(LARGE(Dashboard_Data!$L$2:$L$30,ROWS($B$31:B52)),Dashboard_Data!$L$2:$L$30,0)),"")) | I52: =IF(C52="","",IFERROR(INDEX(Dashboard_Data!$I$2:$I$30,MATCH(LARGE(Dashboard_Data!$L$2:$L$30,ROWS($B$31:B52)),Dashboard_Data!$L$2:$L$30,0)),"")) | J52: =IF(C52="","",IFERROR(INDEX(Dashboard_Data!$J$2:$J$30,MATCH(LARGE(Dashboard_Data!$L$2:$L$30,ROWS($B$31:B52)),Dashboard_Data!$L$2:$L$30,0)),"")) | K52: =IF(C52="","",IFERROR(INDEX(Dashboard_Data!$K$2:$K$30,MATCH(LARGE(Dashboard_Data!$L$2:$L$30,ROWS($B$31:B52)),Dashboard_Data!$L$2:$L$30,0)),"")) | L52: =IF(C52="","",IF(K52="Action Required","Assign action owner + due date",IF(K52="Pending Evaluation","Complete compliance check",IF(K52="Maintain Compliance","Maintain evidence","Improve evidence/control"))))
B53: =IFERROR(IF(LARGE(Dashboard_Data!$L$2:$L$30,ROWS($B$31:B53))<0,"",23),"") | C53: =IFERROR(IF(LARGE(Dashboard_Data!$L$2:$L$30,ROWS($B$31:B53))<0,"",INDEX(Dashboard_Data!$A$2:$A$30,MATCH(LARGE(Dashboard_Data!$L$2:$L$30,ROWS($B$31:B53)),Dashboard_Data!$L$2:$L$30,0))),"") | D53: =IF(C53="","",IFERROR(INDEX(Dashboard_Data!$B$2:$B$30,MATCH(LARGE(Dashboard_Data!$L$2:$L$30,ROWS($B$31:B53)),Dashboard_Data!$L$2:$L$30,0)),"")) | E53: =IF(C53="","",IFERROR(INDEX(Dashboard_Data!$D$2:$D$30,MATCH(LARGE(Dashboard_Data!$L$2:$L$30,ROWS($B$31:B53)),Dashboard_Data!$L$2:$L$30,0)),"")) | F53: =IF(C53="","",IFERROR(INDEX(Dashboard_Data!$F$2:$F$30,MATCH(LARGE(Dashboard_Data!$L$2:$L$30,ROWS($B$31:B53)),Dashboard_Data!$L$2:$L$30,0)),"")) | G53: =IF(C53="","",IFERROR(INDEX(Dashboard_Data!$G$2:$G$30,MATCH(LARGE(Dashboard_Data!$L$2:$L$30,ROWS($B$31:B53)),Dashboard_Data!$L$2:$L$30,0)),"")) | H53: =IF(C53="","",IFERROR(INDEX(Dashboard_Data!$H$2:$H$30,MATCH(LARGE(Dashboard_Data!$L$2:$L$30,ROWS($B$31:B53)),Dashboard_Data!$L$2:$L$30,0)),"")) | I53: =IF(C53="","",IFERROR(INDEX(Dashboard_Data!$I$2:$I$30,MATCH(LARGE(Dashboard_Data!$L$2:$L$30,ROWS($B$31:B53)),Dashboard_Data!$L$2:$L$30,0)),"")) | J53: =IF(C53="","",IFERROR(INDEX(Dashboard_Data!$J$2:$J$30,MATCH(LARGE(Dashboard_Data!$L$2:$L$30,ROWS($B$31:B53)),Dashboard_Data!$L$2:$L$30,0)),"")) | K53: =IF(C53="","",IFERROR(INDEX(Dashboard_Data!$K$2:$K$30,MATCH(LARGE(Dashboard_Data!$L$2:$L$30,ROWS($B$31:B53)),Dashboard_Data!$L$2:$L$30,0)),"")) | L53: =IF(C53="","",IF(K53="Action Required","Assign action owner + due date",IF(K53="Pending Evaluation","Complete compliance check",IF(K53="Maintain Compliance","Maintain evidence","Improve evidence/control"))))
B54: =IFERROR(IF(LARGE(Dashboard_Data!$L$2:$L$30,ROWS($B$31:B54))<0,"",24),"") | C54: =IFERROR(IF(LARGE(Dashboard_Data!$L$2:$L$30,ROWS($B$31:B54))<0,"",INDEX(Dashboard_Data!$A$2:$A$30,MATCH(LARGE(Dashboard_Data!$L$2:$L$30,ROWS($B$31:B54)),Dashboard_Data!$L$2:$L$30,0))),"") | D54: =IF(C54="","",IFERROR(INDEX(Dashboard_Data!$B$2:$B$30,MATCH(LARGE(Dashboard_Data!$L$2:$L$30,ROWS($B$31:B54)),Dashboard_Data!$L$2:$L$30,0)),"")) | E54: =IF(C54="","",IFERROR(INDEX(Dashboard_Data!$D$2:$D$30,MATCH(LARGE(Dashboard_Data!$L$2:$L$30,ROWS($B$31:B54)),Dashboard_Data!$L$2:$L$30,0)),"")) | F54: =IF(C54="","",IFERROR(INDEX(Dashboard_Data!$F$2:$F$30,MATCH(LARGE(Dashboard_Data!$L$2:$L$30,ROWS($B$31:B54)),Dashboard_Data!$L$2:$L$30,0)),"")) | G54: =IF(C54="","",IFERROR(INDEX(Dashboard_Data!$G$2:$G$30,MATCH(LARGE(Dashboard_Data!$L$2:$L$30,ROWS($B$31:B54)),Dashboard_Data!$L$2:$L$30,0)),"")) | H54: =IF(C54="","",IFERROR(INDEX(Dashboard_Data!$H$2:$H$30,MATCH(LARGE(Dashboard_Data!$L$2:$L$30,ROWS($B$31:B54)),Dashboard_Data!$L$2:$L$30,0)),"")) | I54: =IF(C54="","",IFERROR(INDEX(Dashboard_Data!$I$2:$I$30,MATCH(LARGE(Dashboard_Data!$L$2:$L$30,ROWS($B$31:B54)),Dashboard_Data!$L$2:$L$30,0)),"")) | J54: =IF(C54="","",IFERROR(INDEX(Dashboard_Data!$J$2:$J$30,MATCH(LARGE(Dashboard_Data!$L$2:$L$30,ROWS($B$31:B54)),Dashboard_Data!$L$2:$L$30,0)),"")) | K54: =IF(C54="","",IFERROR(INDEX(Dashboard_Data!$K$2:$K$30,MATCH(LARGE(Dashboard_Data!$L$2:$L$30,ROWS($B$31:B54)),Dashboard_Data!$L$2:$L$30,0)),"")) | L54: =IF(C54="","",IF(K54="Action Required","Assign action owner + due date",IF(K54="Pending Evaluation","Complete compliance check",IF(K54="Maintain Compliance","Maintain evidence","Improve evidence/control"))))
B55: =IFERROR(IF(LARGE(Dashboard_Data!$L$2:$L$30,ROWS($B$31:B55))<0,"",25),"") | C55: =IFERROR(IF(LARGE(Dashboard_Data!$L$2:$L$30,ROWS($B$31:B55))<0,"",INDEX(Dashboard_Data!$A$2:$A$30,MATCH(LARGE(Dashboard_Data!$L$2:$L$30,ROWS($B$31:B55)),Dashboard_Data!$L$2:$L$30,0))),"") | D55: =IF(C55="","",IFERROR(INDEX(Dashboard_Data!$B$2:$B$30,MATCH(LARGE(Dashboard_Data!$L$2:$L$30,ROWS($B$31:B55)),Dashboard_Data!$L$2:$L$30,0)),"")) | E55: =IF(C55="","",IFERROR(INDEX(Dashboard_Data!$D$2:$D$30,MATCH(LARGE(Dashboard_Data!$L$2:$L$30,ROWS($B$31:B55)),Dashboard_Data!$L$2:$L$30,0)),"")) | F55: =IF(C55="","",IFERROR(INDEX(Dashboard_Data!$F$2:$F$30,MATCH(LARGE(Dashboard_Data!$L$2:$L$30,ROWS($B$31:B55)),Dashboard_Data!$L$2:$L$30,0)),"")) | G55: =IF(C55="","",IFERROR(INDEX(Dashboard_Data!$G$2:$G$30,MATCH(LARGE(Dashboard_Data!$L$2:$L$30,ROWS($B$31:B55)),Dashboard_Data!$L$2:$L$30,0)),"")) | H55: =IF(C55="","",IFERROR(INDEX(Dashboard_Data!$H$2:$H$30,MATCH(LARGE(Dashboard_Data!$L$2:$L$30,ROWS($B$31:B55)),Dashboard_Data!$L$2:$L$30,0)),"")) | I55: =IF(C55="","",IFERROR(INDEX(Dashboard_Data!$I$2:$I$30,MATCH(LARGE(Dashboard_Data!$L$2:$L$30,ROWS($B$31:B55)),Dashboard_Data!$L$2:$L$30,0)),"")) | J55: =IF(C55="","",IFERROR(INDEX(Dashboard_Data!$J$2:$J$30,MATCH(LARGE(Dashboard_Data!$L$2:$L$30,ROWS($B$31:B55)),Dashboard_Data!$L$2:$L$30,0)),"")) | K55: =IF(C55="","",IFERROR(INDEX(Dashboard_Data!$K$2:$K$30,MATCH(LARGE(Dashboard_Data!$L$2:$L$30,ROWS($B$31:B55)),Dashboard_Data!$L$2:$L$30,0)),"")) | L55: =IF(C55="","",IF(K55="Action Required","Assign action owner + due date",IF(K55="Pending Evaluation","Complete compliance check",IF(K55="Maintain Compliance","Maintain evidence","Improve evidence/control"))))
B56: =IFERROR(IF(LARGE(Dashboard_Data!$L$2:$L$30,ROWS($B$31:B56))<0,"",26),"") | C56: =IFERROR(IF(LARGE(Dashboard_Data!$L$2:$L$30,ROWS($B$31:B56))<0,"",INDEX(Dashboard_Data!$A$2:$A$30,MATCH(LARGE(Dashboard_Data!$L$2:$L$30,ROWS($B$31:B56)),Dashboard_Data!$L$2:$L$30,0))),"") | D56: =IF(C56="","",IFERROR(INDEX(Dashboard_Data!$B$2:$B$30,MATCH(LARGE(Dashboard_Data!$L$2:$L$30,ROWS($B$31:B56)),Dashboard_Data!$L$2:$L$30,0)),"")) | E56: =IF(C56="","",IFERROR(INDEX(Dashboard_Data!$D$2:$D$30,MATCH(LARGE(Dashboard_Data!$L$2:$L$30,ROWS($B$31:B56)),Dashboard_Data!$L$2:$L$30,0)),"")) | F56: =IF(C56="","",IFERROR(INDEX(Dashboard_Data!$F$2:$F$30,MATCH(LARGE(Dashboard_Data!$L$2:$L$30,ROWS($B$31:B56)),Dashboard_Data!$L$2:$L$30,0)),"")) | G56: =IF(C56="","",IFERROR(INDEX(Dashboard_Data!$G$2:$G$30,MATCH(LARGE(Dashboard_Data!$L$2:$L$30,ROWS($B$31:B56)),Dashboard_Data!$L$2:$L$30,0)),"")) | H56: =IF(C56="","",IFERROR(INDEX(Dashboard_Data!$H$2:$H$30,MATCH(LARGE(Dashboard_Data!$L$2:$L$30,ROWS($B$31:B56)),Dashboard_Data!$L$2:$L$30,0)),"")) | I56: =IF(C56="","",IFERROR(INDEX(Dashboard_Data!$I$2:$I$30,MATCH(LARGE(Dashboard_Data!$L$2:$L$30,ROWS($B$31:B56)),Dashboard_Data!$L$2:$L$30,0)),"")) | J56: =IF(C56="","",IFERROR(INDEX(Dashboard_Data!$J$2:$J$30,MATCH(LARGE(Dashboard_Data!$L$2:$L$30,ROWS($B$31:B56)),Dashboard_Data!$L$2:$L$30,0)),"")) | K56: =IF(C56="","",IFERROR(INDEX(Dashboard_Data!$K$2:$K$30,MATCH(LARGE(Dashboard_Data!$L$2:$L$30,ROWS($B$31:B56)),Dashboard_Data!$L$2:$L$30,0)),"")) | L56: =IF(C56="","",IF(K56="Action Required","Assign action owner + due date",IF(K56="Pending Evaluation","Complete compliance check",IF(K56="Maintain Compliance","Maintain evidence","Improve evidence/control"))))
B57: =IFERROR(IF(LARGE(Dashboard_Data!$L$2:$L$30,ROWS($B$31:B57))<0,"",27),"") | C57: =IFERROR(IF(LARGE(Dashboard_Data!$L$2:$L$30,ROWS($B$31:B57))<0,"",INDEX(Dashboard_Data!$A$2:$A$30,MATCH(LARGE(Dashboard_Data!$L$2:$L$30,ROWS($B$31:B57)),Dashboard_Data!$L$2:$L$30,0))),"") | D57: =IF(C57="","",IFERROR(INDEX(Dashboard_Data!$B$2:$B$30,MATCH(LARGE(Dashboard_Data!$L$2:$L$30,ROWS($B$31:B57)),Dashboard_Data!$L$2:$L$30,0)),"")) | E57: =IF(C57="","",IFERROR(INDEX(Dashboard_Data!$D$2:$D$30,MATCH(LARGE(Dashboard_Data!$L$2:$L$30,ROWS($B$31:B57)),Dashboard_Data!$L$2:$L$30,0)),"")) | F57: =IF(C57="","",IFERROR(INDEX(Dashboard_Data!$F$2:$F$30,MATCH(LARGE(Dashboard_Data!$L$2:$L$30,ROWS($B$31:B57)),Dashboard_Data!$L$2:$L$30,0)),"")) | G57: =IF(C57="","",IFERROR(INDEX(Dashboard_Data!$G$2:$G$30,MATCH(LARGE(Dashboard_Data!$L$2:$L$30,ROWS($B$31:B57)),Dashboard_Data!$L$2:$L$30,0)),"")) | H57: =IF(C57="","",IFERROR(INDEX(Dashboard_Data!$H$2:$H$30,MATCH(LARGE(Dashboard_Data!$L$2:$L$30,ROWS($B$31:B57)),Dashboard_Data!$L$2:$L$30,0)),"")) | I57: =IF(C57="","",IFERROR(INDEX(Dashboard_Data!$I$2:$I$30,MATCH(LARGE(Dashboard_Data!$L$2:$L$30,ROWS($B$31:B57)),Dashboard_Data!$L$2:$L$30,0)),"")) | J57: =IF(C57="","",IFERROR(INDEX(Dashboard_Data!$J$2:$J$30,MATCH(LARGE(Dashboard_Data!$L$2:$L$30,ROWS($B$31:B57)),Dashboard_Data!$L$2:$L$30,0)),"")) | K57: =IF(C57="","",IFERROR(INDEX(Dashboard_Data!$K$2:$K$30,MATCH(LARGE(Dashboard_Data!$L$2:$L$30,ROWS($B$31:B57)),Dashboard_Data!$L$2:$L$30,0)),"")) | L57: =IF(C57="","",IF(K57="Action Required","Assign action owner + due date",IF(K57="Pending Evaluation","Complete compliance check",IF(K57="Maintain Compliance","Maintain evidence","Improve evidence/control"))))
B58: =IFERROR(IF(LARGE(Dashboard_Data!$L$2:$L$30,ROWS($B$31:B58))<0,"",18),"") | C58: =IFERROR(IF(LARGE(Dashboard_Data!$L$2:$L$30,ROWS($B$31:B58))<0,"",INDEX(Dashboard_Data!$A$2:$A$30,MATCH(LARGE(Dashboard_Data!$L$2:$L$30,ROWS($B$31:B58)),Dashboard_Data!$L$2:$L$30,0))),"") | D58: =IF(C58="","",IFERROR(INDEX(Dashboard_Data!$B$2:$B$30,MATCH(LARGE(Dashboard_Data!$L$2:$L$30,ROWS($B$31:B58)),Dashboard_Data!$L$2:$L$30,0)),"")) | E58: =IF(C58="","",IFERROR(INDEX(Dashboard_Data!$D$2:$D$30,MATCH(LARGE(Dashboard_Data!$L$2:$L$30,ROWS($B$31:B58)),Dashboard_Data!$L$2:$L$30,0)),"")) | F58: =IF(C58="","",IFERROR(INDEX(Dashboard_Data!$F$2:$F$30,MATCH(LARGE(Dashboard_Data!$L$2:$L$30,ROWS($B$31:B58)),Dashboard_Data!$L$2:$L$30,0)),"")) | G58: =IF(C58="","",IFERROR(INDEX(Dashboard_Data!$G$2:$G$30,MATCH(LARGE(Dashboard_Data!$L$2:$L$30,ROWS($B$31:B58)),Dashboard_Data!$L$2:$L$30,0)),"")) | H58: =IF(C58="","",IFERROR(INDEX(Dashboard_Data!$H$2:$H$30,MATCH(LARGE(Dashboard_Data!$L$2:$L$30,ROWS($B$31:B58)),Dashboard_Data!$L$2:$L$30,0)),"")) | I58: =IF(C58="","",IFERROR(INDEX(Dashboard_Data!$I$2:$I$30,MATCH(LARGE(Dashboard_Data!$L$2:$L$30,ROWS($B$31:B58)),Dashboard_Data!$L$2:$L$30,0)),"")) | J58: =IF(C58="","",IFERROR(INDEX(Dashboard_Data!$J$2:$J$30,MATCH(LARGE(Dashboard_Data!$L$2:$L$30,ROWS($B$31:B58)),Dashboard_Data!$L$2:$L$30,0)),"")) | K58: =IF(C58="","",IFERROR(INDEX(Dashboard_Data!$K$2:$K$30,MATCH(LARGE(Dashboard_Data!$L$2:$L$30,ROWS($B$31:B58)),Dashboard_Data!$L$2:$L$30,0)),"")) | L58: =IF(C58="","",IF(K58="Action Required","Assign action owner + due date",IF(K58="Pending Evaluation","Complete compliance check",IF(K58="Maintain Compliance","Maintain evidence","Improve evidence/control"))))

Sheet Dashboard_Data
A1: Legal Area | B1: Group | C1: Total Requirements | D1: Applicable | E1: Not Applicable / NA | F1: Comply | G1: Not Comply | H1: Pending Evaluation | I1: Compliance % | J1: Evaluation Completion % | K1: Dashboard Status | L1: Priority Score
A2: OSHA 1994 | B2: Safety & Health | C2: =COUNTA(OSHA!$B$4:$B$29) -> 26 | D2: =COUNTIF(OSHA!$C$4:$C$29,"Applicable") -> 20 | E2: =COUNTIF(OSHA!$C$4:$C$29,"Not Applicable") -> 6 | F2: =COUNTIFS(OSHA!$C$4:$C$29,"Applicable",OSHA!$F$4:$F$29,"Comply")+COUNTIFS(OSHA!$C$4:$C$29,"Applicable",OSHA!$F$4:$F$29,"Compliant")+COUNTIFS(OSHA!$C$4:$C$29,"Applicable",OSHA!$F$4:$F$29,"Yes") -> 20 | G2: =COUNTIFS(OSHA!$C$4:$C$29,"Applicable",OSHA!$F$4:$F$29,"Not Comply")+COUNTIFS(OSHA!$C$4:$C$29,"Applicable",OSHA!$F$4:$F$29,"Non-Comply")+COUNTIFS(OSHA!$C$4:$C$29,"Applicable",OSHA!$F$4:$F$29,"Non Comply")+COUNTIFS(OSHA!$C$4:$C$29,"Applicable",OSHA!$F$4:$F$29,"No") -> 0 | H2: =MAX(0,D2-F2-G2) -> 0 | I2: =IF(D2=0,0,F2/D2) -> 1 | J2: =IF(D2=0,0,(F2+G2)/D2) -> 1 | K2: =IF(G2>0,"Action Required",IF(H2>0,"Pending Evaluation",IF(I2>=0.95,"Maintain Compliance","Improve Compliance"))) -> Maintain Compliance | L2: =IF(D2=0,-ROW()/1000,IF(A2="OSHA 1994",7000000,IF(A2="EQA 1974",6900000,IF(OR(A2="WSIA 2006",A2="CIDB Act 1994",A2="Pesticides Act 1974",A2="Sewerage Services Act 1993",A2="FSA 1988"),6800000,IF(OR(A2="EQ (Diesel Engine) Reg. 2000",A2="EQ (Solid Waste) Reg. 2009",A2="EQ (Control of Petrol & Diesel) Reg. 2007",A2="EQ (Ind. Effluent) Reg. 2009",A2="EQ (Clean Air) Reg. 2014",A2="OSH (CF) Reg. 2024",A2="EQ (SW) 2005",A2="OSH (USECHH) Reg 2000",A2="pesticides (labelling) Reg. 1984",A2="OSH (CLASS) Reg. 2013",A2="OSH (NADOPOD) Reg. 2004",A2="OSH (Noise Exp.) Reg. 2019",A2="OSH (SHC) Reg. 1996",A2="OSH (CDM) Reg. 2024",A2="FS (Fire Cert.) Reg. 2001",A2="EQ (Sewage) Reg. 2009",A2="EQ (Refrigerant) Reg. 1999"),6000000,IF(ISNUMBER(SEARCH("Order",A2)),5000000,IF(A2="ICOP Transport 2010",4000000,IF(A2="WSI (Sewerage System) Rules 2013",3000000,IF(A2="MHA Guidance",2000000,1000000))))))))+G2*1000+H2*100+(1-I2)*10-ROW()/1000) -> 7000000
A3: MHA Guidance | B3: Safety & Health | C3: =COUNTA(MHA!$B$4:$B$7) -> 4 | D3: =COUNTIF(MHA!$C$4:$C$7,"Applicable") -> 0 | E3: =COUNTIF(MHA!$C$4:$C$7,"Not Applicable") -> 4 | F3: =COUNTIFS(MHA!$C$4:$C$7,"Applicable",MHA!$F$4:$F$7,"Comply")+COUNTIFS(MHA!$C$4:$C$7,"Applicable",MHA!$F$4:$F$7,"Compliant")+COUNTIFS(MHA!$C$4:$C$7,"Applicable",MHA!$F$4:$F$7,"Yes") -> 0 | G3: =COUNTIFS(MHA!$C$4:$C$7,"Applicable",MHA!$F$4:$F$7,"Not Comply")+COUNTIFS(MHA!$C$4:$C$7,"Applicable",MHA!$F$4:$F$7,"Non-Comply")+COUNTIFS(MHA!$C$4:$C$7,"Applicable",MHA!$F$4:$F$7,"Non Comply")+COUNTIFS(MHA!$C$4:$C$7,"Applicable",MHA!$F$4:$F$7,"No") -> 0 | H3: =MAX(0,D3-F3-G3) -> 0 | I3: =IF(D3=0,0,F3/D3) -> 0 | J3: =IF(D3=0,0,(F3+G3)/D3) -> 0 | K3: =IF(G3>0,"Action Required",IF(H3>0,"Pending Evaluation",IF(I3>=0.95,"Maintain Compliance","Improve Compliance"))) -> Improve Compliance | L3: =IF(D3=0,-ROW()/1000,IF(A3="OSHA 1994",7000000,IF(A3="EQA 1974",6900000,IF(OR(A3="WSIA 2006",A3="CIDB Act 1994",A3="Pesticides Act 1974",A3="Sewerage Services Act 1993",A3="FSA 1988"),6800000,IF(OR(A3="EQ (Diesel Engine) Reg. 2000",A3="EQ (Solid Waste) Reg. 2009",A3="EQ (Control of Petrol & Diesel) Reg. 2007",A3="EQ (Ind. Effluent) Reg. 2009",A3="EQ (Clean Air) Reg. 2014",A3="OSH (CF) Reg. 2024",A3="EQ (SW) 2005",A3="OSH (USECHH) Reg 2000",A3="pesticides (labelling) Reg. 1984",A3="OSH (CLASS) Reg. 2013",A3="OSH (NADOPOD) Reg. 2004",A3="OSH (Noise Exp.) Reg. 2019",A3="OSH (SHC) Reg. 1996",A3="OSH (CDM) Reg. 2024",A3="FS (Fire Cert.) Reg. 2001",A3="EQ (Sewage) Reg. 2009",A3="EQ (Refrigerant) Reg. 1999"),6000000,IF(ISNUMBER(SEARCH("Order",A3)),5000000,IF(A3="ICOP Transport 2010",4000000,IF(A3="WSI (Sewerage System) Rules 2013",3000000,IF(A3="MHA Guidance",2000000,1000000))))))))+G3*1000+H3*100+(1-I3)*10-ROW()/1000) -> -0.003
A4: EQ (Diesel Engine) Reg. 2000 | B4: Environment | C4: =COUNTA('diesel engine'!$B$4:$B$16) -> 13 | D4: =COUNTIF('diesel engine'!$C$4:$C$16,"Applicable") -> 0 | E4: =COUNTIF('diesel engine'!$C$4:$C$16,"Not Applicable") -> 13 | F4: =COUNTIFS('diesel engine'!$C$4:$C$16,"Applicable",'diesel engine'!$F$4:$F$16,"Comply")+COUNTIFS('diesel engine'!$C$4:$C$16,"Applicable",'diesel engine'!$F$4:$F$16,"Compliant")+COUNTIFS('diesel engine'!$C$4:$C$16,"Applicable",'diesel engine'!$F$4:$F$16,"Yes") -> 0 | G4: =COUNTIFS('diesel engine'!$C$4:$C$16,"Applicable",'diesel engine'!$F$4:$F$16,"Not Comply")+COUNTIFS('diesel engine'!$C$4:$C$16,"Applicable",'diesel engine'!$F$4:$F$16,"Non-Comply")+COUNTIFS('diesel engine'!$C$4:$C$16,"Applicable",'diesel engine'!$F$4:$F$16,"Non Comply")+COUNTIFS('diesel engine'!$C$4:$C$16,"Applicable",'diesel engine'!$F$4:$F$16,"No") -> 0 | H4: =MAX(0,D4-F4-G4) -> 0 | I4: =IF(D4=0,0,F4/D4) -> 0 | J4: =IF(D4=0,0,(F4+G4)/D4) -> 0 | K4: =IF(G4>0,"Action Required",IF(H4>0,"Pending Evaluation",IF(I4>=0.95,"Maintain Compliance","Improve Compliance"))) -> Improve Compliance | L4: =IF(D4=0,-ROW()/1000,IF(A4="OSHA 1994",7000000,IF(A4="EQA 1974",6900000,IF(OR(A4="WSIA 2006",A4="CIDB Act 1994",A4="Pesticides Act 1974",A4="Sewerage Services Act 1993",A4="FSA 1988"),6800000,IF(OR(A4="EQ (Diesel Engine) Reg. 2000",A4="EQ (Solid Waste) Reg. 2009",A4="EQ (Control of Petrol & Diesel) Reg. 2007",A4="EQ (Ind. Effluent) Reg. 2009",A4="EQ (Clean Air) Reg. 2014",A4="OSH (CF) Reg. 2024",A4="EQ (SW) 2005",A4="OSH (USECHH) Reg 2000",A4="pesticides (labelling) Reg. 1984",A4="OSH (CLASS) Reg. 2013",A4="OSH (NADOPOD) Reg. 2004",A4="OSH (Noise Exp.) Reg. 2019",A4="OSH (SHC) Reg. 1996",A4="OSH (CDM) Reg. 2024",A4="FS (Fire Cert.) Reg. 2001",A4="EQ (Sewage) Reg. 2009",A4="EQ (Refrigerant) Reg. 1999"),6000000,IF(ISNUMBER(SEARCH("Order",A4)),5000000,IF(A4="ICOP Transport 2010",4000000,IF(A4="WSI (Sewerage System) Rules 2013",3000000,IF(A4="MHA Guidance",2000000,1000000))))))))+G4*1000+H4*100+(1-I4)*10-ROW()/1000) -> -0.004
A5: EQ (Solid Waste) Reg. 2009 | B5: Environment | C5: =COUNTA('solid waste'!$B$4:$B$26) -> 23 | D5: =COUNTIF('solid waste'!$C$4:$C$26,"Applicable") -> 0 | E5: =COUNTIF('solid waste'!$C$4:$C$26,"Not Applicable") -> 23 | F5: =COUNTIFS('solid waste'!$C$4:$C$26,"Applicable",'solid waste'!$F$4:$F$26,"Comply")+COUNTIFS('solid waste'!$C$4:$C$26,"Applicable",'solid waste'!$F$4:$F$26,"Compliant")+COUNTIFS('solid waste'!$C$4:$C$26,"Applicable",'solid waste'!$F$4:$F$26,"Yes") -> 0 | G5: =COUNTIFS('solid waste'!$C$4:$C$26,"Applicable",'solid waste'!$F$4:$F$26,"Not Comply")+COUNTIFS('solid waste'!$C$4:$C$26,"Applicable",'solid waste'!$F$4:$F$26,"Non-Comply")+COUNTIFS('solid waste'!$C$4:$C$26,"Applicable",'solid waste'!$F$4:$F$26,"Non Comply")+COUNTIFS('solid waste'!$C$4:$C$26,"Applicable",'solid waste'!$F$4:$F$26,"No") -> 0 | H5: =MAX(0,D5-F5-G5) -> 0 | I5: =IF(D5=0,0,F5/D5) -> 0 | J5: =IF(D5=0,0,(F5+G5)/D5) -> 0 | K5: =IF(G5>0,"Action Required",IF(H5>0,"Pending Evaluation",IF(I5>=0.95,"Maintain Compliance","Improve Compliance"))) -> Improve Compliance | L5: =IF(D5=0,-ROW()/1000,IF(A5="OSHA 1994",7000000,IF(A5="EQA 1974",6900000,IF(OR(A5="WSIA 2006",A5="CIDB Act 1994",A5="Pesticides Act 1974",A5="Sewerage Services Act 1993",A5="FSA 1988"),6800000,IF(OR(A5="EQ (Diesel Engine) Reg. 2000",A5="EQ (Solid Waste) Reg. 2009",A5="EQ (Control of Petrol & Diesel) Reg. 2007",A5="EQ (Ind. Effluent) Reg. 2009",A5="EQ (Clean Air) Reg. 2014",A5="OSH (CF) Reg. 2024",A5="EQ (SW) 2005",A5="OSH (USECHH) Reg 2000",A5="pesticides (labelling) Reg. 1984",A5="OSH (CLASS) Reg. 2013",A5="OSH (NADOPOD) Reg. 2004",A5="OSH (Noise Exp.) Reg. 2019",A5="OSH (SHC) Reg. 1996",A5="OSH (CDM) Reg. 2024",A5="FS (Fire Cert.) Reg. 2001",A5="EQ (Sewage) Reg. 2009",A5="EQ (Refrigerant) Reg. 1999"),6000000,IF(ISNUMBER(SEARCH("Order",A5)),5000000,IF(A5="ICOP Transport 2010",4000000,IF(A5="WSI (Sewerage System) Rules 2013",3000000,IF(A5="MHA Guidance",2000000,1000000))))))))+G5*1000+H5*100+(1-I5)*10-ROW()/1000) -> -0.005
A6: EQ (Control of Petrol & Diesel) Reg. 2007 | B6: Environment | C6: =COUNTA('Control of Petrol & Diesel'!$B$4:$B$16) -> 13 | D6: =COUNTIF('Control of Petrol & Diesel'!$C$4:$C$16,"Applicable") -> 0 | E6: =COUNTIF('Control of Petrol & Diesel'!$C$4:$C$16,"Not Applicable") -> 13 | F6: =COUNTIFS('Control of Petrol & Diesel'!$C$4:$C$16,"Applicable",'Control of Petrol & Diesel'!$F$4:$F$16,"Comply")+COUNTIFS('Control of Petrol & Diesel'!$C$4:$C$16,"Applicable",'Control of Petrol & Diesel'!$F$4:$F$16,"Compliant")+COUNTIFS('Control of Petrol & Diesel'!$C$4:$C$16,"Applicable",'Control of Petrol & Diesel'!$F$4:$F$16,"Yes") -> 0 | G6: =COUNTIFS('Control of Petrol & Diesel'!$C$4:$C$16,"Applicable",'Control of Petrol & Diesel'!$F$4:$F$16,"Not Comply")+COUNTIFS('Control of Petrol & Diesel'!$C$4:$C$16,"Applicable",'Control of Petrol & Diesel'!$F$4:$F$16,"Non-Comply")+COUNTIFS('Control of Petrol & Diesel'!$C$4:$C$16,"Applicable",'Control of Petrol & Diesel'!$F$4:$F$16,"Non Comply")+COUNTIFS('Control of Petrol & Diesel'!$C$4:$C$16,"Applicable",'Control of Petrol & Diesel'!$F$4:$F$16,"No") -> 0 | H6: =MAX(0,D6-F6-G6) -> 0 | I6: =IF(D6=0,0,F6/D6) -> 0 | J6: =IF(D6=0,0,(F6+G6)/D6) -> 0 | K6: =IF(G6>0,"Action Required",IF(H6>0,"Pending Evaluation",IF(I6>=0.95,"Maintain Compliance","Improve Compliance"))) -> Improve Compliance | L6: =IF(D6=0,-ROW()/1000,IF(A6="OSHA 1994",7000000,IF(A6="EQA 1974",6900000,IF(OR(A6="WSIA 2006",A6="CIDB Act 1994",A6="Pesticides Act 1974",A6="Sewerage Services Act 1993",A6="FSA 1988"),6800000,IF(OR(A6="EQ (Diesel Engine) Reg. 2000",A6="EQ (Solid Waste) Reg. 2009",A6="EQ (Control of Petrol & Diesel) Reg. 2007",A6="EQ (Ind. Effluent) Reg. 2009",A6="EQ (Clean Air) Reg. 2014",A6="OSH (CF) Reg. 2024",A6="EQ (SW) 2005",A6="OSH (USECHH) Reg 2000",A6="pesticides (labelling) Reg. 1984",A6="OSH (CLASS) Reg. 2013",A6="OSH (NADOPOD) Reg. 2004",A6="OSH (Noise Exp.) Reg. 2019",A6="OSH (SHC) Reg. 1996",A6="OSH (CDM) Reg. 2024",A6="FS (Fire Cert.) Reg. 2001",A6="EQ (Sewage) Reg. 2009",A6="EQ (Refrigerant) Reg. 1999"),6000000,IF(ISNUMBER(SEARCH("Order",A6)),5000000,IF(A6="ICOP Transport 2010",4000000,IF(A6="WSI (Sewerage System) Rules 2013",3000000,IF(A6="MHA Guidance",2000000,1000000))))))))+G6*1000+H6*100+(1-I6)*10-ROW()/1000) -> -0.006
A7: EQ (Ind. Effluent) Reg. 2009 | B7: Environment | C7: =COUNTA(effluent!$B$4:$B$26) -> 23 | D7: =COUNTIF(effluent!$C$4:$C$26,"Applicable") -> 0 | E7: =COUNTIF(effluent!$C$4:$C$26,"Not Applicable") -> 23 | F7: =COUNTIFS(effluent!$C$4:$C$26,"Applicable",effluent!$F$4:$F$26,"Comply")+COUNTIFS(effluent!$C$4:$C$26,"Applicable",effluent!$F$4:$F$26,"Compliant")+COUNTIFS(effluent!$C$4:$C$26,"Applicable",effluent!$F$4:$F$26,"Yes") -> 0 | G7: =COUNTIFS(effluent!$C$4:$C$26,"Applicable",effluent!$F$4:$F$26,"Not Comply")+COUNTIFS(effluent!$C$4:$C$26,"Applicable",effluent!$F$4:$F$26,"Non-Comply")+COUNTIFS(effluent!$C$4:$C$26,"Applicable",effluent!$F$4:$F$26,"Non Comply")+COUNTIFS(effluent!$C$4:$C$26,"Applicable",effluent!$F$4:$F$26,"No") -> 0 | H7: =MAX(0,D7-F7-G7) -> 0 | I7: =IF(D7=0,0,F7/D7) -> 0 | J7: =IF(D7=0,0,(F7+G7)/D7) -> 0 | K7: =IF(G7>0,"Action Required",IF(H7>0,"Pending Evaluation",IF(I7>=0.95,"Maintain Compliance","Improve Compliance"))) -> Improve Compliance | L7: =IF(D7=0,-ROW()/1000,IF(A7="OSHA 1994",7000000,IF(A7="EQA 1974",6900000,IF(OR(A7="WSIA 2006",A7="CIDB Act 1994",A7="Pesticides Act 1974",A7="Sewerage Services Act 1993",A7="FSA 1988"),6800000,IF(OR(A7="EQ (Diesel Engine) Reg. 2000",A7="EQ (Solid Waste) Reg. 2009",A7="EQ (Control of Petrol & Diesel) Reg. 2007",A7="EQ (Ind. Effluent) Reg. 2009",A7="EQ (Clean Air) Reg. 2014",A7="OSH (CF) Reg. 2024",A7="EQ (SW) 2005",A7="OSH (USECHH) Reg 2000",A7="pesticides (labelling) Reg. 1984",A7="OSH (CLASS) Reg. 2013",A7="OSH (NADOPOD) Reg. 2004",A7="OSH (Noise Exp.) Reg. 2019",A7="OSH (SHC) Reg. 1996",A7="OSH (CDM) Reg. 2024",A7="FS (Fire Cert.) Reg. 2001",A7="EQ (Sewage) Reg. 2009",A7="EQ (Refrigerant) Reg. 1999"),6000000,IF(ISNUMBER(SEARCH("Order",A7)),5000000,IF(A7="ICOP Transport 2010",4000000,IF(A7="WSI (Sewerage System) Rules 2013",3000000,IF(A7="MHA Guidance",2000000,1000000))))))))+G7*1000+H7*100+(1-I7)*10-ROW()/1000) -> -0.007
A8: EQ (Clean Air) Reg. 2014 | B8: Environment | C8: =COUNTA('clean air'!$B$4:$B$27) -> 24 | D8: =COUNTIF('clean air'!$C$4:$C$27,"Applicable") -> 0 | E8: =COUNTIF('clean air'!$C$4:$C$27,"Not Applicable") -> 24 | F8: =COUNTIFS('clean air'!$C$4:$C$27,"Applicable",'clean air'!$F$4:$F$27,"Comply")+COUNTIFS('clean air'!$C$4:$C$27,"Applicable",'clean air'!$F$4:$F$27,"Compliant")+COUNTIFS('clean air'!$C$4:$C$27,"Applicable",'clean air'!$F$4:$F$27,"Yes") -> 0 | G8: =COUNTIFS('clean air'!$C$4:$C$27,"Applicable",'clean air'!$F$4:$F$27,"Not Comply")+COUNTIFS('clean air'!$C$4:$C$27,"Applicable",'clean air'!$F$4:$F$27,"Non-Comply")+COUNTIFS('clean air'!$C$4:$C$27,"Applicable",'clean air'!$F$4:$F$27,"Non Comply")+COUNTIFS('clean air'!$C$4:$C$27,"Applicable",'clean air'!$F$4:$F$27,"No") -> 0 | H8: =MAX(0,D8-F8-G8) -> 0 | I8: =IF(D8=0,0,F8/D8) -> 0 | J8: =IF(D8=0,0,(F8+G8)/D8) -> 0 | K8: =IF(G8>0,"Action Required",IF(H8>0,"Pending Evaluation",IF(I8>=0.95,"Maintain Compliance","Improve Compliance"))) -> Improve Compliance | L8: =IF(D8=0,-ROW()/1000,IF(A8="OSHA 1994",7000000,IF(A8="EQA 1974",6900000,IF(OR(A8="WSIA 2006",A8="CIDB Act 1994",A8="Pesticides Act 1974",A8="Sewerage Services Act 1993",A8="FSA 1988"),6800000,IF(OR(A8="EQ (Diesel Engine) Reg. 2000",A8="EQ (Solid Waste) Reg. 2009",A8="EQ (Control of Petrol & Diesel) Reg. 2007",A8="EQ (Ind. Effluent) Reg. 2009",A8="EQ (Clean Air) Reg. 2014",A8="OSH (CF) Reg. 2024",A8="EQ (SW) 2005",A8="OSH (USECHH) Reg 2000",A8="pesticides (labelling) Reg. 1984",A8="OSH (CLASS) Reg. 2013",A8="OSH (NADOPOD) Reg. 2004",A8="OSH (Noise Exp.) Reg. 2019",A8="OSH (SHC) Reg. 1996",A8="OSH (CDM) Reg. 2024",A8="FS (Fire Cert.) Reg. 2001",A8="EQ (Sewage) Reg. 2009",A8="EQ (Refrigerant) Reg. 1999"),6000000,IF(ISNUMBER(SEARCH("Order",A8)),5000000,IF(A8="ICOP Transport 2010",4000000,IF(A8="WSI (Sewerage System) Rules 2013",3000000,IF(A8="MHA Guidance",2000000,1000000))))))))+G8*1000+H8*100+(1-I8)*10-ROW()/1000) -> -0.008
A9: OSH (CF) Reg. 2024 | B9: Safety & Health | C9: =COUNTA(CF!$B$4:$B$22) -> 19 | D9: =COUNTIF(CF!$C$4:$C$22,"Applicable") -> 0 | E9: =COUNTIF(CF!$C$4:$C$22,"Not Applicable") -> 19 | F9: =COUNTIFS(CF!$C$4:$C$22,"Applicable",CF!$F$4:$F$22,"Comply")+COUNTIFS(CF!$C$4:$C$22,"Applicable",CF!$F$4:$F$22,"Compliant")+COUNTIFS(CF!$C$4:$C$22,"Applicable",CF!$F$4:$F$22,"Yes") -> 0 | G9: =COUNTIFS(CF!$C$4:$C$22,"Applicable",CF!$F$4:$F$22,"Not Comply")+COUNTIFS(CF!$C$4:$C$22,"Applicable",CF!$F$4:$F$22,"Non-Comply")+COUNTIFS(CF!$C$4:$C$22,"Applicable",CF!$F$4:$F$22,"Non Comply")+COUNTIFS(CF!$C$4:$C$22,"Applicable",CF!$F$4:$F$22,"No") -> 0 | H9: =MAX(0,D9-F9-G9) -> 0 | I9: =IF(D9=0,0,F9/D9) -> 0 | J9: =IF(D9=0,0,(F9+G9)/D9) -> 0 | K9: =IF(G9>0,"Action Required",IF(H9>0,"Pending Evaluation",IF(I9>=0.95,"Maintain Compliance","Improve Compliance"))) -> Improve Compliance | L9: =IF(D9=0,-ROW()/1000,IF(A9="OSHA 1994",7000000,IF(A9="EQA 1974",6900000,IF(OR(A9="WSIA 2006",A9="CIDB Act 1994",A9="Pesticides Act 1974",A9="Sewerage Services Act 1993",A9="FSA 1988"),6800000,IF(OR(A9="EQ (Diesel Engine) Reg. 2000",A9="EQ (Solid Waste) Reg. 2009",A9="EQ (Control of Petrol & Diesel) Reg. 2007",A9="EQ (Ind. Effluent) Reg. 2009",A9="EQ (Clean Air) Reg. 2014",A9="OSH (CF) Reg. 2024",A9="EQ (SW) 2005",A9="OSH (USECHH) Reg 2000",A9="pesticides (labelling) Reg. 1984",A9="OSH (CLASS) Reg. 2013",A9="OSH (NADOPOD) Reg. 2004",A9="OSH (Noise Exp.) Reg. 2019",A9="OSH (SHC) Reg. 1996",A9="OSH (CDM) Reg. 2024",A9="FS (Fire Cert.) Reg. 2001",A9="EQ (Sewage) Reg. 2009",A9="EQ (Refrigerant) Reg. 1999"),6000000,IF(ISNUMBER(SEARCH("Order",A9)),5000000,IF(A9="ICOP Transport 2010",4000000,IF(A9="WSI (Sewerage System) Rules 2013",3000000,IF(A9="MHA Guidance",2000000,1000000))))))))+G9*1000+H9*100+(1-I9)*10-ROW()/1000) -> -0.009
A10: EQ (SW) 2005 | B10: Environment | C10: =COUNTA(SW!$B$4:$B$18) -> 15 | D10: =COUNTIF(SW!$C$4:$C$18,"Applicable") -> 0 | E10: =COUNTIF(SW!$C$4:$C$18,"Not Applicable") -> 15 | F10: =COUNTIFS(SW!$C$4:$C$18,"Applicable",SW!$F$4:$F$18,"Comply")+COUNTIFS(SW!$C$4:$C$18,"Applicable",SW!$F$4:$F$18,"Compliant")+COUNTIFS(SW!$C$4:$C$18,"Applicable",SW!$F$4:$F$18,"Yes") -> 0 | G10: =COUNTIFS(SW!$C$4:$C$18,"Applicable",SW!$F$4:$F$18,"Not Comply")+COUNTIFS(SW!$C$4:$C$18,"Applicable",SW!$F$4:$F$18,"Non-Comply")+COUNTIFS(SW!$C$4:$C$18,"Applicable",SW!$F$4:$F$18,"Non Comply")+COUNTIFS(SW!$C$4:$C$18,"Applicable",SW!$F$4:$F$18,"No") -> 0 | H10: =MAX(0,D10-F10-G10) -> 0 | I10: =IF(D10=0,0,F10/D10) -> 0 | J10: =IF(D10=0,0,(F10+G10)/D10) -> 0 | K10: =IF(G10>0,"Action Required",IF(H10>0,"Pending Evaluation",IF(I10>=0.95,"Maintain Compliance","Improve Compliance"))) -> Improve Compliance | L10: =IF(D10=0,-ROW()/1000,IF(A10="OSHA 1994",7000000,IF(A10="EQA 1974",6900000,IF(OR(A10="WSIA 2006",A10="CIDB Act 1994",A10="Pesticides Act 1974",A10="Sewerage Services Act 1993",A10="FSA 1988"),6800000,IF(OR(A10="EQ (Diesel Engine) Reg. 2000",A10="EQ (Solid Waste) Reg. 2009",A10="EQ (Control of Petrol & Diesel) Reg. 2007",A10="EQ (Ind. Effluent) Reg. 2009",A10="EQ (Clean Air) Reg. 2014",A10="OSH (CF) Reg. 2024",A10="EQ (SW) 2005",A10="OSH (USECHH) Reg 2000",A10="pesticides (labelling) Reg. 1984",A10="OSH (CLASS) Reg. 2013",A10="OSH (NADOPOD) Reg. 2004",A10="OSH (Noise Exp.) Reg. 2019",A10="OSH (SHC) Reg. 1996",A10="OSH (CDM) Reg. 2024",A10="FS (Fire Cert.) Reg. 2001",A10="EQ (Sewage) Reg. 2009",A10="EQ (Refrigerant) Reg. 1999"),6000000,IF(ISNUMBER(SEARCH("Order",A10)),5000000,IF(A10="ICOP Transport 2010",4000000,IF(A10="WSI (Sewerage System) Rules 2013",3000000,IF(A10="MHA Guidance",2000000,1000000))))))))+G10*1000+H10*100+(1-I10)*10-ROW()/1000) -> -0.01
A11: WSIA 2006 | B11: Environment | C11: =COUNTA(WSIA!$B$4:$B$37) -> 34 | D11: =COUNTIF(WSIA!$C$4:$C$37,"Applicable") -> 0 | E11: =COUNTIF(WSIA!$C$4:$C$37,"Not Applicable") -> 34 | F11: =COUNTIFS(WSIA!$C$4:$C$37,"Applicable",WSIA!$F$4:$F$37,"Comply")+COUNTIFS(WSIA!$C$4:$C$37,"Applicable",WSIA!$F$4:$F$37,"Compliant")+COUNTIFS(WSIA!$C$4:$C$37,"Applicable",WSIA!$F$4:$F$37,"Yes") -> 0 | G11: =COUNTIFS(WSIA!$C$4:$C$37,"Applicable",WSIA!$F$4:$F$37,"Not Comply")+COUNTIFS(WSIA!$C$4:$C$37,"Applicable",WSIA!$F$4:$F$37,"Non-Comply")+COUNTIFS(WSIA!$C$4:$C$37,"Applicable",WSIA!$F$4:$F$37,"Non Comply")+COUNTIFS(WSIA!$C$4:$C$37,"Applicable",WSIA!$F$4:$F$37,"No") -> 0 | H11: =MAX(0,D11-F11-G11) -> 0 | I11: =IF(D11=0,0,F11/D11) -> 0 | J11: =IF(D11=0,0,(F11+G11)/D11) -> 0 | K11: =IF(G11>0,"Action Required",IF(H11>0,"Pending Evaluation",IF(I11>=0.95,"Maintain Compliance","Improve Compliance"))) -> Improve Compliance | L11: =IF(D11=0,-ROW()/1000,IF(A11="OSHA 1994",7000000,IF(A11="EQA 1974",6900000,IF(OR(A11="WSIA 2006",A11="CIDB Act 1994",A11="Pesticides Act 1974",A11="Sewerage Services Act 1993",A11="FSA 1988"),6800000,IF(OR(A11="EQ (Diesel Engine) Reg. 2000",A11="EQ (Solid Waste) Reg. 2009",A11="EQ (Control of Petrol & Diesel) Reg. 2007",A11="EQ (Ind. Effluent) Reg. 2009",A11="EQ (Clean Air) Reg. 2014",A11="OSH (CF) Reg. 2024",A11="EQ (SW) 2005",A11="OSH (USECHH) Reg 2000",A11="pesticides (labelling) Reg. 1984",A11="OSH (CLASS) Reg. 2013",A11="OSH (NADOPOD) Reg. 2004",A11="OSH (Noise Exp.) Reg. 2019",A11="OSH (SHC) Reg. 1996",A11="OSH (CDM) Reg. 2024",A11="FS (Fire Cert.) Reg. 2001",A11="EQ (Sewage) Reg. 2009",A11="EQ (Refrigerant) Reg. 1999"),6000000,IF(ISNUMBER(SEARCH("Order",A11)),5000000,IF(A11="ICOP Transport 2010",4000000,IF(A11="WSI (Sewerage System) Rules 2013",3000000,IF(A11="MHA Guidance",2000000,1000000))))))))+G11*1000+H11*100+(1-I11)*10-ROW()/1000) -> -0.011
A12: OSH (USECHH) Reg 2000 | B12: Safety & Health | C12: =COUNTA(USECHH!$B$4:$B$31) -> 28 | D12: =COUNTIF(USECHH!$C$4:$C$31,"Applicable") -> 0 | E12: =COUNTIF(USECHH!$C$4:$C$31,"Not Applicable") -> 28 | F12: =COUNTIFS(USECHH!$C$4:$C$31,"Applicable",USECHH!$F$4:$F$31,"Comply")+COUNTIFS(USECHH!$C$4:$C$31,"Applicable",USECHH!$F$4:$F$31,"Compliant")+COUNTIFS(USECHH!$C$4:$C$31,"Applicable",USECHH!$F$4:$F$31,"Yes") -> 0 | G12: =COUNTIFS(USECHH!$C$4:$C$31,"Applicable",USECHH!$F$4:$F$31,"Not Comply")+COUNTIFS(USECHH!$C$4:$C$31,"Applicable",USECHH!$F$4:$F$31,"Non-Comply")+COUNTIFS(USECHH!$C$4:$C$31,"Applicable",USECHH!$F$4:$F$31,"Non Comply")+COUNTIFS(USECHH!$C$4:$C$31,"Applicable",USECHH!$F$4:$F$31,"No") -> 0 | H12: =MAX(0,D12-F12-G12) -> 0 | I12: =IF(D12=0,0,F12/D12) -> 0 | J12: =IF(D12=0,0,(F12+G12)/D12) -> 0 | K12: =IF(G12>0,"Action Required",IF(H12>0,"Pending Evaluation",IF(I12>=0.95,"Maintain Compliance","Improve Compliance"))) -> Improve Compliance | L12: =IF(D12=0,-ROW()/1000,IF(A12="OSHA 1994",7000000,IF(A12="EQA 1974",6900000,IF(OR(A12="WSIA 2006",A12="CIDB Act 1994",A12="Pesticides Act 1974",A12="Sewerage Services Act 1993",A12="FSA 1988"),6800000,IF(OR(A12="EQ (Diesel Engine) Reg. 2000",A12="EQ (Solid Waste) Reg. 2009",A12="EQ (Control of Petrol & Diesel) Reg. 2007",A12="EQ (Ind. Effluent) Reg. 2009",A12="EQ (Clean Air) Reg. 2014",A12="OSH (CF) Reg. 2024",A12="EQ (SW) 2005",A12="OSH (USECHH) Reg 2000",A12="pesticides (labelling) Reg. 1984",A12="OSH (CLASS) Reg. 2013",A12="OSH (NADOPOD) Reg. 2004",A12="OSH (Noise Exp.) Reg. 2019",A12="OSH (SHC) Reg. 1996",A12="OSH (CDM) Reg. 2024",A12="FS (Fire Cert.) Reg. 2001",A12="EQ (Sewage) Reg. 2009",A12="EQ (Refrigerant) Reg. 1999"),6000000,IF(ISNUMBER(SEARCH("Order",A12)),5000000,IF(A12="ICOP Transport 2010",4000000,IF(A12="WSI (Sewerage System) Rules 2013",3000000,IF(A12="MHA Guidance",2000000,1000000))))))))+G12*1000+H12*100+(1-I12)*10-ROW()/1000) -> -0.012
A13: CIDB Act 1994 | B13: Safety & Health | C13: =COUNTA(CIDB!$B$4:$B$35) -> 32 | D13: =COUNTIF(CIDB!$C$4:$C$35,"Applicable") -> 0 | E13: =COUNTIF(CIDB!$C$4:$C$35,"Not Applicable") -> 32 | F13: =COUNTIFS(CIDB!$C$4:$C$35,"Applicable",CIDB!$F$4:$F$35,"Comply")+COUNTIFS(CIDB!$C$4:$C$35,"Applicable",CIDB!$F$4:$F$35,"Compliant")+COUNTIFS(CIDB!$C$4:$C$35,"Applicable",CIDB!$F$4:$F$35,"Yes") -> 0 | G13: =COUNTIFS(CIDB!$C$4:$C$35,"Applicable",CIDB!$F$4:$F$35,"Not Comply")+COUNTIFS(CIDB!$C$4:$C$35,"Applicable",CIDB!$F$4:$F$35,"Non-Comply")+COUNTIFS(CIDB!$C$4:$C$35,"Applicable",CIDB!$F$4:$F$35,"Non Comply")+COUNTIFS(CIDB!$C$4:$C$35,"Applicable",CIDB!$F$4:$F$35,"No") -> 0 | H13: =MAX(0,D13-F13-G13) -> 0 | I13: =IF(D13=0,0,F13/D13) -> 0 | J13: =IF(D13=0,0,(F13+G13)/D13) -> 0 | K13: =IF(G13>0,"Action Required",IF(H13>0,"Pending Evaluation",IF(I13>=0.95,"Maintain Compliance","Improve Compliance"))) -> Improve Compliance | L13: =IF(D13=0,-ROW()/1000,IF(A13="OSHA 1994",7000000,IF(A13="EQA 1974",6900000,IF(OR(A13="WSIA 2006",A13="CIDB Act 1994",A13="Pesticides Act 1974",A13="Sewerage Services Act 1993",A13="FSA 1988"),6800000,IF(OR(A13="EQ (Diesel Engine) Reg. 2000",A13="EQ (Solid Waste) Reg. 2009",A13="EQ (Control of Petrol & Diesel) Reg. 2007",A13="EQ (Ind. Effluent) Reg. 2009",A13="EQ (Clean Air) Reg. 2014",A13="OSH (CF) Reg. 2024",A13="EQ (SW) 2005",A13="OSH (USECHH) Reg 2000",A13="pesticides (labelling) Reg. 1984",A13="OSH (CLASS) Reg. 2013",A13="OSH (NADOPOD) Reg. 2004",A13="OSH (Noise Exp.) Reg. 2019",A13="OSH (SHC) Reg. 1996",A13="OSH (CDM) Reg. 2024",A13="FS (Fire Cert.) Reg. 2001",A13="EQ (Sewage) Reg. 2009",A13="EQ (Refrigerant) Reg. 1999"),6000000,IF(ISNUMBER(SEARCH("Order",A13)),5000000,IF(A13="ICOP Transport 2010",4000000,IF(A13="WSI (Sewerage System) Rules 2013",3000000,IF(A13="MHA Guidance",2000000,1000000))))))))+G13*1000+H13*100+(1-I13)*10-ROW()/1000) -> -0.013
A14: ICOP Transport 2010 | B14: Safety & Health | C14: =COUNTA('ICOP Transport'!$B$4:$B$26) -> 23 | D14: =COUNTIF('ICOP Transport'!$C$4:$C$26,"Applicable") -> 0 | E14: =COUNTIF('ICOP Transport'!$C$4:$C$26,"Not Applicable") -> 23 | F14: =COUNTIFS('ICOP Transport'!$C$4:$C$26,"Applicable",'ICOP Transport'!$F$4:$F$26,"Comply")+COUNTIFS('ICOP Transport'!$C$4:$C$26,"Applicable",'ICOP Transport'!$F$4:$F$26,"Compliant")+COUNTIFS('ICOP Transport'!$C$4:$C$26,"Applicable",'ICOP Transport'!$F$4:$F$26,"Yes") -> 0 | G14: =COUNTIFS('ICOP Transport'!$C$4:$C$26,"Applicable",'ICOP Transport'!$F$4:$F$26,"Not Comply")+COUNTIFS('ICOP Transport'!$C$4:$C$26,"Applicable",'ICOP Transport'!$F$4:$F$26,"Non-Comply")+COUNTIFS('ICOP Transport'!$C$4:$C$26,"Applicable",'ICOP Transport'!$F$4:$F$26,"Non Comply")+COUNTIFS('ICOP Transport'!$C$4:$C$26,"Applicable",'ICOP Transport'!$F$4:$F$26,"No") -> 0 | H14: =MAX(0,D14-F14-G14) -> 0 | I14: =IF(D14=0,0,F14/D14) -> 0 | J14: =IF(D14=0,0,(F14+G14)/D14) -> 0 | K14: =IF(G14>0,"Action Required",IF(H14>0,"Pending Evaluation",IF(I14>=0.95,"Maintain Compliance","Improve Compliance"))) -> Improve Compliance | L14: =IF(D14=0,-ROW()/1000,IF(A14="OSHA 1994",7000000,IF(A14="EQA 1974",6900000,IF(OR(A14="WSIA 2006",A14="CIDB Act 1994",A14="Pesticides Act 1974",A14="Sewerage Services Act 1993",A14="FSA 1988"),6800000,IF(OR(A14="EQ (Diesel Engine) Reg. 2000",A14="EQ (Solid Waste) Reg. 2009",A14="EQ (Control of Petrol & Diesel) Reg. 2007",A14="EQ (Ind. Effluent) Reg. 2009",A14="EQ (Clean Air) Reg. 2014",A14="OSH (CF) Reg. 2024",A14="EQ (SW) 2005",A14="OSH (USECHH) Reg 2000",A14="pesticides (labelling) Reg. 1984",A14="OSH (CLASS) Reg. 2013",A14="OSH (NADOPOD) Reg. 2004",A14="OSH (Noise Exp.) Reg. 2019",A14="OSH (SHC) Reg. 1996",A14="OSH (CDM) Reg. 2024",A14="FS (Fire Cert.) Reg. 2001",A14="EQ (Sewage) Reg. 2009",A14="EQ (Refrigerant) Reg. 1999"),6000000,IF(ISNUMBER(SEARCH("Order",A14)),5000000,IF(A14="ICOP Transport 2010",4000000,IF(A14="WSI (Sewerage System) Rules 2013",3000000,IF(A14="MHA Guidance",2000000,1000000))))))))+G14*1000+H14*100+(1-I14)*10-ROW()/1000) -> -0.014
A15: Pesticides (Labelling) Reg. 1984 | B15: Safety & Health | C15: =COUNTA('pesticides labelling'!$B$4:$B$23) -> 20 | D15: =COUNTIF('pesticides labelling'!$C$4:$C$23,"Applicable") -> 0 | E15: =COUNTIF('pesticides labelling'!$C$4:$C$23,"Not Applicable") -> 20 | F15: =COUNTIFS('pesticides labelling'!$C$4:$C$23,"Applicable",'pesticides labelling'!$F$4:$F$23,"Comply")+COUNTIFS('pesticides labelling'!$C$4:$C$23,"Applicable",'pesticides labelling'!$F$4:$F$23,"Compliant")+COUNTIFS('pesticides labelling'!$C$4:$C$23,"Applicable",'pesticides labelling'!$F$4:$F$23,"Yes") -> 0 | G15: =COUNTIFS('pesticides labelling'!$C$4:$C$23,"Applicable",'pesticides labelling'!$F$4:$F$23,"Not Comply")+COUNTIFS('pesticides labelling'!$C$4:$C$23,"Applicable",'pesticides labelling'!$F$4:$F$23,"Non-Comply")+COUNTIFS('pesticides labelling'!$C$4:$C$23,"Applicable",'pesticides labelling'!$F$4:$F$23,"Non Comply")+COUNTIFS('pesticides labelling'!$C$4:$C$23,"Applicable",'pesticides labelling'!$F$4:$F$23,"No") -> 0 | H15: =MAX(0,D15-F15-G15) -> 0 | I15: =IF(D15=0,0,F15/D15) -> 0 | J15: =IF(D15=0,0,(F15+G15)/D15) -> 0 | K15: =IF(G15>0,"Action Required",IF(H15>0,"Pending Evaluation",IF(I15>=0.95,"Maintain Compliance","Improve Compliance"))) -> Improve Compliance | L15: =IF(D15=0,-ROW()/1000,IF(A15="OSHA 1994",7000000,IF(A15="EQA 1974",6900000,IF(OR(A15="WSIA 2006",A15="CIDB Act 1994",A15="Pesticides Act 1974",A15="Sewerage Services Act 1993",A15="FSA 1988"),6800000,IF(OR(A15="EQ (Diesel Engine) Reg. 2000",A15="EQ (Solid Waste) Reg. 2009",A15="EQ (Control of Petrol & Diesel) Reg. 2007",A15="EQ (Ind. Effluent) Reg. 2009",A15="EQ (Clean Air) Reg. 2014",A15="OSH (CF) Reg. 2024",A15="EQ (SW) 2005",A15="OSH (USECHH) Reg 2000",A15="pesticides (labelling) Reg. 1984",A15="OSH (CLASS) Reg. 2013",A15="OSH (NADOPOD) Reg. 2004",A15="OSH (Noise Exp.) Reg. 2019",A15="OSH (SHC) Reg. 1996",A15="OSH (CDM) Reg. 2024",A15="FS (Fire Cert.) Reg. 2001",A15="EQ (Sewage) Reg. 2009",A15="EQ (Refrigerant) Reg. 1999"),6000000,IF(ISNUMBER(SEARCH("Order",A15)),5000000,IF(A15="ICOP Transport 2010",4000000,IF(A15="WSI (Sewerage System) Rules 2013",3000000,IF(A15="MHA Guidance",2000000,1000000))))))))+G15*1000+H15*100+(1-I15)*10-ROW()/1000) -> -0.015
A16: Pesticides Act 1974 | B16: Safety & Health | C16: =COUNTA(Pesticides!$B$4:$B$20) -> 17 | D16: =COUNTIF(Pesticides!$C$4:$C$20,"Applicable") -> 0 | E16: =COUNTIF(Pesticides!$C$4:$C$20,"Not Applicable") -> 17 | F16: =COUNTIFS(Pesticides!$C$4:$C$20,"Applicable",Pesticides!$F$4:$F$20,"Comply")+COUNTIFS(Pesticides!$C$4:$C$20,"Applicable",Pesticides!$F$4:$F$20,"Compliant")+COUNTIFS(Pesticides!$C$4:$C$20,"Applicable",Pesticides!$F$4:$F$20,"Yes") -> 0 | G16: =COUNTIFS(Pesticides!$C$4:$C$20,"Applicable",Pesticides!$F$4:$F$20,"Not Comply")+COUNTIFS(Pesticides!$C$4:$C$20,"Applicable",Pesticides!$F$4:$F$20,"Non-Comply")+COUNTIFS(Pesticides!$C$4:$C$20,"Applicable",Pesticides!$F$4:$F$20,"Non Comply")+COUNTIFS(Pesticides!$C$4:$C$20,"Applicable",Pesticides!$F$4:$F$20,"No") -> 0 | H16: =MAX(0,D16-F16-G16) -> 0 | I16: =IF(D16=0,0,F16/D16) -> 0 | J16: =IF(D16=0,0,(F16+G16)/D16) -> 0 | K16: =IF(G16>0,"Action Required",IF(H16>0,"Pending Evaluation",IF(I16>=0.95,"Maintain Compliance","Improve Compliance"))) -> Improve Compliance | L16: =IF(D16=0,-ROW()/1000,IF(A16="OSHA 1994",7000000,IF(A16="EQA 1974",6900000,IF(OR(A16="WSIA 2006",A16="CIDB Act 1994",A16="Pesticides Act 1974",A16="Sewerage Services Act 1993",A16="FSA 1988"),6800000,IF(OR(A16="EQ (Diesel Engine) Reg. 2000",A16="EQ (Solid Waste) Reg. 2009",A16="EQ (Control of Petrol & Diesel) Reg. 2007",A16="EQ (Ind. Effluent) Reg. 2009",A16="EQ (Clean Air) Reg. 2014",A16="OSH (CF) Reg. 2024",A16="EQ (SW) 2005",A16="OSH (USECHH) Reg 2000",A16="pesticides (labelling) Reg. 1984",A16="OSH (CLASS) Reg. 2013",A16="OSH (NADOPOD) Reg. 2004",A16="OSH (Noise Exp.) Reg. 2019",A16="OSH (SHC) Reg. 1996",A16="OSH (CDM) Reg. 2024",A16="FS (Fire Cert.) Reg. 2001",A16="EQ (Sewage) Reg. 2009",A16="EQ (Refrigerant) Reg. 1999"),6000000,IF(ISNUMBER(SEARCH("Order",A16)),5000000,IF(A16="ICOP Transport 2010",4000000,IF(A16="WSI (Sewerage System) Rules 2013",3000000,IF(A16="MHA Guidance",2000000,1000000))))))))+G16*1000+H16*100+(1-I16)*10-ROW()/1000) -> -0.016
A17: WSI (Sewerage System) Rules 2013 | B17: Environment | C17: =COUNTA('sewerage system'!$B$4:$B$34) -> 31 | D17: =COUNTIF('sewerage system'!$C$4:$C$34,"Applicable") -> 0 | E17: =COUNTIF('sewerage system'!$C$4:$C$34,"Not Applicable") -> 31 | F17: =COUNTIFS('sewerage system'!$C$4:$C$34,"Applicable",'sewerage system'!$F$4:$F$34,"Comply")+COUNTIFS('sewerage system'!$C$4:$C$34,"Applicable",'sewerage system'!$F$4:$F$34,"Compliant")+COUNTIFS('sewerage system'!$C$4:$C$34,"Applicable",'sewerage system'!$F$4:$F$34,"Yes") -> 0 | G17: =COUNTIFS('sewerage system'!$C$4:$C$34,"Applicable",'sewerage system'!$F$4:$F$34,"Not Comply")+COUNTIFS('sewerage system'!$C$4:$C$34,"Applicable",'sewerage system'!$F$4:$F$34,"Non-Comply")+COUNTIFS('sewerage system'!$C$4:$C$34,"Applicable",'sewerage system'!$F$4:$F$34,"Non Comply")+COUNTIFS('sewerage system'!$C$4:$C$34,"Applicable",'sewerage system'!$F$4:$F$34,"No") -> 0 | H17: =MAX(0,D17-F17-G17) -> 0 | I17: =IF(D17=0,0,F17/D17) -> 0 | J17: =IF(D17=0,0,(F17+G17)/D17) -> 0 | K17: =IF(G17>0,"Action Required",IF(H17>0,"Pending Evaluation",IF(I17>=0.95,"Maintain Compliance","Improve Compliance"))) -> Improve Compliance | L17: =IF(D17=0,-ROW()/1000,IF(A17="OSHA 1994",7000000,IF(A17="EQA 1974",6900000,IF(OR(A17="WSIA 2006",A17="CIDB Act 1994",A17="Pesticides Act 1974",A17="Sewerage Services Act 1993",A17="FSA 1988"),6800000,IF(OR(A17="EQ (Diesel Engine) Reg. 2000",A17="EQ (Solid Waste) Reg. 2009",A17="EQ (Control of Petrol & Diesel) Reg. 2007",A17="EQ (Ind. Effluent) Reg. 2009",A17="EQ (Clean Air) Reg. 2014",A17="OSH (CF) Reg. 2024",A17="EQ (SW) 2005",A17="OSH (USECHH) Reg 2000",A17="pesticides (labelling) Reg. 1984",A17="OSH (CLASS) Reg. 2013",A17="OSH (NADOPOD) Reg. 2004",A17="OSH (Noise Exp.) Reg. 2019",A17="OSH (SHC) Reg. 1996",A17="OSH (CDM) Reg. 2024",A17="FS (Fire Cert.) Reg. 2001",A17="EQ (Sewage) Reg. 2009",A17="EQ (Refrigerant) Reg. 1999"),6000000,IF(ISNUMBER(SEARCH("Order",A17)),5000000,IF(A17="ICOP Transport 2010",4000000,IF(A17="WSI (Sewerage System) Rules 2013",3000000,IF(A17="MHA Guidance",2000000,1000000))))))))+G17*1000+H17*100+(1-I17)*10-ROW()/1000) -> -0.017
A18: Sewerage Services Act 1993 | B18: Environment | C18: =COUNTA(sewerage!$B$4:$B$21) -> 18 | D18: =COUNTIF(sewerage!$C$4:$C$21,"Applicable") -> 0 | E18: =COUNTIF(sewerage!$C$4:$C$21,"Not Applicable") -> 18 | F18: =COUNTIFS(sewerage!$C$4:$C$21,"Applicable",sewerage!$F$4:$F$21,"Comply")+COUNTIFS(sewerage!$C$4:$C$21,"Applicable",sewerage!$F$4:$F$21,"Compliant")+COUNTIFS(sewerage!$C$4:$C$21,"Applicable",sewerage!$F$4:$F$21,"Yes") -> 0 | G18: =COUNTIFS(sewerage!$C$4:$C$21,"Applicable",sewerage!$F$4:$F$21,"Not Comply")+COUNTIFS(sewerage!$C$4:$C$21,"Applicable",sewerage!$F$4:$F$21,"Non-Comply")+COUNTIFS(sewerage!$C$4:$C$21,"Applicable",sewerage!$F$4:$F$21,"Non Comply")+COUNTIFS(sewerage!$C$4:$C$21,"Applicable",sewerage!$F$4:$F$21,"No") -> 0 | H18: =MAX(0,D18-F18-G18) -> 0 | I18: =IF(D18=0,0,F18/D18) -> 0 | J18: =IF(D18=0,0,(F18+G18)/D18) -> 0 | K18: =IF(G18>0,"Action Required",IF(H18>0,"Pending Evaluation",IF(I18>=0.95,"Maintain Compliance","Improve Compliance"))) -> Improve Compliance | L18: =IF(D18=0,-ROW()/1000,IF(A18="OSHA 1994",7000000,IF(A18="EQA 1974",6900000,IF(OR(A18="WSIA 2006",A18="CIDB Act 1994",A18="Pesticides Act 1974",A18="Sewerage Services Act 1993",A18="FSA 1988"),6800000,IF(OR(A18="EQ (Diesel Engine) Reg. 2000",A18="EQ (Solid Waste) Reg. 2009",A18="EQ (Control of Petrol & Diesel) Reg. 2007",A18="EQ (Ind. Effluent) Reg. 2009",A18="EQ (Clean Air) Reg. 2014",A18="OSH (CF) Reg. 2024",A18="EQ (SW) 2005",A18="OSH (USECHH) Reg 2000",A18="pesticides (labelling) Reg. 1984",A18="OSH (CLASS) Reg. 2013",A18="OSH (NADOPOD) Reg. 2004",A18="OSH (Noise Exp.) Reg. 2019",A18="OSH (SHC) Reg. 1996",A18="OSH (CDM) Reg. 2024",A18="FS (Fire Cert.) Reg. 2001",A18="EQ (Sewage) Reg. 2009",A18="EQ (Refrigerant) Reg. 1999"),6000000,IF(ISNUMBER(SEARCH("Order",A18)),5000000,IF(A18="ICOP Transport 2010",4000000,IF(A18="WSI (Sewerage System) Rules 2013",3000000,IF(A18="MHA Guidance",2000000,1000000))))))))+G18*1000+H18*100+(1-I18)*10-ROW()/1000) -> -0.018
A19: OSH (CLASS) Reg. 2013 | B19: Safety & Health | C19: =COUNTA(CLASS!$B$4:$B$20) -> 17 | D19: =COUNTIF(CLASS!$C$4:$C$20,"Applicable") -> 0 | E19: =COUNTIF(CLASS!$C$4:$C$20,"Not Applicable") -> 17 | F19: =COUNTIFS(CLASS!$C$4:$C$20,"Applicable",CLASS!$F$4:$F$20,"Comply")+COUNTIFS(CLASS!$C$4:$C$20,"Applicable",CLASS!$F$4:$F$20,"Compliant")+COUNTIFS(CLASS!$C$4:$C$20,"Applicable",CLASS!$F$4:$F$20,"Yes") -> 0 | G19: =COUNTIFS(CLASS!$C$4:$C$20,"Applicable",CLASS!$F$4:$F$20,"Not Comply")+COUNTIFS(CLASS!$C$4:$C$20,"Applicable",CLASS!$F$4:$F$20,"Non-Comply")+COUNTIFS(CLASS!$C$4:$C$20,"Applicable",CLASS!$F$4:$F$20,"Non Comply")+COUNTIFS(CLASS!$C$4:$C$20,"Applicable",CLASS!$F$4:$F$20,"No") -> 0 | H19: =MAX(0,D19-F19-G19) -> 0 | I19: =IF(D19=0,0,F19/D19) -> 0 | J19: =IF(D19=0,0,(F19+G19)/D19) -> 0 | K19: =IF(G19>0,"Action Required",IF(H19>0,"Pending Evaluation",IF(I19>=0.95,"Maintain Compliance","Improve Compliance"))) -> Improve Compliance | L19: =IF(D19=0,-ROW()/1000,IF(A19="OSHA 1994",7000000,IF(A19="EQA 1974",6900000,IF(OR(A19="WSIA 2006",A19="CIDB Act 1994",A19="Pesticides Act 1974",A19="Sewerage Services Act 1993",A19="FSA 1988"),6800000,IF(OR(A19="EQ (Diesel Engine) Reg. 2000",A19="EQ (Solid Waste) Reg. 2009",A19="EQ (Control of Petrol & Diesel) Reg. 2007",A19="EQ (Ind. Effluent) Reg. 2009",A19="EQ (Clean Air) Reg. 2014",A19="OSH (CF) Reg. 2024",A19="EQ (SW) 2005",A19="OSH (USECHH) Reg 2000",A19="pesticides (labelling) Reg. 1984",A19="OSH (CLASS) Reg. 2013",A19="OSH (NADOPOD) Reg. 2004",A19="OSH (Noise Exp.) Reg. 2019",A19="OSH (SHC) Reg. 1996",A19="OSH (CDM) Reg. 2024",A19="FS (Fire Cert.) Reg. 2001",A19="EQ (Sewage) Reg. 2009",A19="EQ (Refrigerant) Reg. 1999"),6000000,IF(ISNUMBER(SEARCH("Order",A19)),5000000,IF(A19="ICOP Transport 2010",4000000,IF(A19="WSI (Sewerage System) Rules 2013",3000000,IF(A19="MHA Guidance",2000000,1000000))))))))+G19*1000+H19*100+(1-I19)*10-ROW()/1000) -> -0.019
A20: OSH (NADOPOD) Reg. 2004 | B20: Safety & Health | C20: =COUNTA(NADOPOD!$B$4:$B$11) -> 8 | D20: =COUNTIF(NADOPOD!$C$4:$C$11,"Applicable") -> 8 | E20: =COUNTIF(NADOPOD!$C$4:$C$11,"Not Applicable") -> 0 | F20: =COUNTIFS(NADOPOD!$C$4:$C$11,"Applicable",NADOPOD!$F$4:$F$11,"Comply")+COUNTIFS(NADOPOD!$C$4:$C$11,"Applicable",NADOPOD!$F$4:$F$11,"Compliant")+COUNTIFS(NADOPOD!$C$4:$C$11,"Applicable",NADOPOD!$F$4:$F$11,"Yes") -> 8 | G20: =COUNTIFS(NADOPOD!$C$4:$C$11,"Applicable",NADOPOD!$F$4:$F$11,"Not Comply")+COUNTIFS(NADOPOD!$C$4:$C$11,"Applicable",NADOPOD!$F$4:$F$11,"Non-Comply")+COUNTIFS(NADOPOD!$C$4:$C$11,"Applicable",NADOPOD!$F$4:$F$11,"Non Comply")+COUNTIFS(NADOPOD!$C$4:$C$11,"Applicable",NADOPOD!$F$4:$F$11,"No") -> 0 | H20: =MAX(0,D20-F20-G20) -> 0 | I20: =IF(D20=0,0,F20/D20) -> 1 | J20: =IF(D20=0,0,(F20+G20)/D20) -> 1 | K20: =IF(G20>0,"Action Required",IF(H20>0,"Pending Evaluation",IF(I20>=0.95,"Maintain Compliance","Improve Compliance"))) -> Maintain Compliance | L20: =IF(D20=0,-ROW()/1000,IF(A20="OSHA 1994",7000000,IF(A20="EQA 1974",6900000,IF(OR(A20="WSIA 2006",A20="CIDB Act 1994",A20="Pesticides Act 1974",A20="Sewerage Services Act 1993",A20="FSA 1988"),6800000,IF(OR(A20="EQ (Diesel Engine) Reg. 2000",A20="EQ (Solid Waste) Reg. 2009",A20="EQ (Control of Petrol & Diesel) Reg. 2007",A20="EQ (Ind. Effluent) Reg. 2009",A20="EQ (Clean Air) Reg. 2014",A20="OSH (CF) Reg. 2024",A20="EQ (SW) 2005",A20="OSH (USECHH) Reg 2000",A20="pesticides (labelling) Reg. 1984",A20="OSH (CLASS) Reg. 2013",A20="OSH (NADOPOD) Reg. 2004",A20="OSH (Noise Exp.) Reg. 2019",A20="OSH (SHC) Reg. 1996",A20="OSH (CDM) Reg. 2024",A20="FS (Fire Cert.) Reg. 2001",A20="EQ (Sewage) Reg. 2009",A20="EQ (Refrigerant) Reg. 1999"),6000000,IF(ISNUMBER(SEARCH("Order",A20)),5000000,IF(A20="ICOP Transport 2010",4000000,IF(A20="WSI (Sewerage System) Rules 2013",3000000,IF(A20="MHA Guidance",2000000,1000000))))))))+G20*1000+H20*100+(1-I20)*10-ROW()/1000) -> 6000000
A21: OSH (Noise Exp.) Reg. 2019 | B21: Safety & Health | C21: =COUNTA(noise!$B$4:$B$19) -> 16 | D21: =COUNTIF(noise!$C$4:$C$19,"Applicable") -> 1 | E21: =COUNTIF(noise!$C$4:$C$19,"Not Applicable") -> 15 | F21: =COUNTIFS(noise!$C$4:$C$19,"Applicable",noise!$F$4:$F$19,"Comply")+COUNTIFS(noise!$C$4:$C$19,"Applicable",noise!$F$4:$F$19,"Compliant")+COUNTIFS(noise!$C$4:$C$19,"Applicable",noise!$F$4:$F$19,"Yes") -> 1 | G21: =COUNTIFS(noise!$C$4:$C$19,"Applicable",noise!$F$4:$F$19,"Not Comply")+COUNTIFS(noise!$C$4:$C$19,"Applicable",noise!$F$4:$F$19,"Non-Comply")+COUNTIFS(noise!$C$4:$C$19,"Applicable",noise!$F$4:$F$19,"Non Comply")+COUNTIFS(noise!$C$4:$C$19,"Applicable",noise!$F$4:$F$19,"No") -> 0 | H21: =MAX(0,D21-F21-G21) -> 0 | I21: =IF(D21=0,0,F21/D21) -> 1 | J21: =IF(D21=0,0,(F21+G21)/D21) -> 1 | K21: =IF(G21>0,"Action Required",IF(H21>0,"Pending Evaluation",IF(I21>=0.95,"Maintain Compliance","Improve Compliance"))) -> Maintain Compliance | L21: =IF(D21=0,-ROW()/1000,IF(A21="OSHA 1994",7000000,IF(A21="EQA 1974",6900000,IF(OR(A21="WSIA 2006",A21="CIDB Act 1994",A21="Pesticides Act 1974",A21="Sewerage Services Act 1993",A21="FSA 1988"),6800000,IF(OR(A21="EQ (Diesel Engine) Reg. 2000",A21="EQ (Solid Waste) Reg. 2009",A21="EQ (Control of Petrol & Diesel) Reg. 2007",A21="EQ (Ind. Effluent) Reg. 2009",A21="EQ (Clean Air) Reg. 2014",A21="OSH (CF) Reg. 2024",A21="EQ (SW) 2005",A21="OSH (USECHH) Reg 2000",A21="pesticides (labelling) Reg. 1984",A21="OSH (CLASS) Reg. 2013",A21="OSH (NADOPOD) Reg. 2004",A21="OSH (Noise Exp.) Reg. 2019",A21="OSH (SHC) Reg. 1996",A21="OSH (CDM) Reg. 2024",A21="FS (Fire Cert.) Reg. 2001",A21="EQ (Sewage) Reg. 2009",A21="EQ (Refrigerant) Reg. 1999"),6000000,IF(ISNUMBER(SEARCH("Order",A21)),5000000,IF(A21="ICOP Transport 2010",4000000,IF(A21="WSI (Sewerage System) Rules 2013",3000000,IF(A21="MHA Guidance",2000000,1000000))))))))+G21*1000+H21*100+(1-I21)*10-ROW()/1000) -> 6000000
A22: OSH (SHC) Reg. 1996 | B22: Safety & Health | C22: =COUNTA(shc!$B$4:$B$26) -> 23 | D22: =COUNTIF(shc!$C$4:$C$26,"Applicable") -> 0 | E22: =COUNTIF(shc!$C$4:$C$26,"Not Applicable") -> 23 | F22: =COUNTIFS(shc!$C$4:$C$26,"Applicable",shc!$F$4:$F$26,"Comply")+COUNTIFS(shc!$C$4:$C$26,"Applicable",shc!$F$4:$F$26,"Compliant")+COUNTIFS(shc!$C$4:$C$26,"Applicable",shc!$F$4:$F$26,"Yes") -> 0 | G22: =COUNTIFS(shc!$C$4:$C$26,"Applicable",shc!$F$4:$F$26,"Not Comply")+COUNTIFS(shc!$C$4:$C$26,"Applicable",shc!$F$4:$F$26,"Non-Comply")+COUNTIFS(shc!$C$4:$C$26,"Applicable",shc!$F$4:$F$26,"Non Comply")+COUNTIFS(shc!$C$4:$C$26,"Applicable",shc!$F$4:$F$26,"No") -> 0 | H22: =MAX(0,D22-F22-G22) -> 0 | I22: =IF(D22=0,0,F22/D22) -> 0 | J22: =IF(D22=0,0,(F22+G22)/D22) -> 0 | K22: =IF(G22>0,"Action Required",IF(H22>0,"Pending Evaluation",IF(I22>=0.95,"Maintain Compliance","Improve Compliance"))) -> Improve Compliance | L22: =IF(D22=0,-ROW()/1000,IF(A22="OSHA 1994",7000000,IF(A22="EQA 1974",6900000,IF(OR(A22="WSIA 2006",A22="CIDB Act 1994",A22="Pesticides Act 1974",A22="Sewerage Services Act 1993",A22="FSA 1988"),6800000,IF(OR(A22="EQ (Diesel Engine) Reg. 2000",A22="EQ (Solid Waste) Reg. 2009",A22="EQ (Control of Petrol & Diesel) Reg. 2007",A22="EQ (Ind. Effluent) Reg. 2009",A22="EQ (Clean Air) Reg. 2014",A22="OSH (CF) Reg. 2024",A22="EQ (SW) 2005",A22="OSH (USECHH) Reg 2000",A22="pesticides (labelling) Reg. 1984",A22="OSH (CLASS) Reg. 2013",A22="OSH (NADOPOD) Reg. 2004",A22="OSH (Noise Exp.) Reg. 2019",A22="OSH (SHC) Reg. 1996",A22="OSH (CDM) Reg. 2024",A22="FS (Fire Cert.) Reg. 2001",A22="EQ (Sewage) Reg. 2009",A22="EQ (Refrigerant) Reg. 1999"),6000000,IF(ISNUMBER(SEARCH("Order",A22)),5000000,IF(A22="ICOP Transport 2010",4000000,IF(A22="WSI (Sewerage System) Rules 2013",3000000,IF(A22="MHA Guidance",2000000,1000000))))))))+G22*1000+H22*100+(1-I22)*10-ROW()/1000) -> -0.022
A23: OSH (CDM) Reg. 2024 | B23: Safety & Health | C23: =COUNTA(CDM!$B$4:$B$39) -> 36 | D23: =COUNTIF(CDM!$C$4:$C$39,"Applicable") -> 0 | E23: =COUNTIF(CDM!$C$4:$C$39,"Not Applicable") -> 36 | F23: =COUNTIFS(CDM!$C$4:$C$39,"Applicable",CDM!$F$4:$F$39,"Comply")+COUNTIFS(CDM!$C$4:$C$39,"Applicable",CDM!$F$4:$F$39,"Compliant")+COUNTIFS(CDM!$C$4:$C$39,"Applicable",CDM!$F$4:$F$39,"Yes") -> 0 | G23: =COUNTIFS(CDM!$C$4:$C$39,"Applicable",CDM!$F$4:$F$39,"Not Comply")+COUNTIFS(CDM!$C$4:$C$39,"Applicable",CDM!$F$4:$F$39,"Non-Comply")+COUNTIFS(CDM!$C$4:$C$39,"Applicable",CDM!$F$4:$F$39,"Non Comply")+COUNTIFS(CDM!$C$4:$C$39,"Applicable",CDM!$F$4:$F$39,"No") -> 0 | H23: =MAX(0,D23-F23-G23) -> 0 | I23: =IF(D23=0,0,F23/D23) -> 0 | J23: =IF(D23=0,0,(F23+G23)/D23) -> 0 | K23: =IF(G23>0,"Action Required",IF(H23>0,"Pending Evaluation",IF(I23>=0.95,"Maintain Compliance","Improve Compliance"))) -> Improve Compliance | L23: =IF(D23=0,-ROW()/1000,IF(A23="OSHA 1994",7000000,IF(A23="EQA 1974",6900000,IF(OR(A23="WSIA 2006",A23="CIDB Act 1994",A23="Pesticides Act 1974",A23="Sewerage Services Act 1993",A23="FSA 1988"),6800000,IF(OR(A23="EQ (Diesel Engine) Reg. 2000",A23="EQ (Solid Waste) Reg. 2009",A23="EQ (Control of Petrol & Diesel) Reg. 2007",A23="EQ (Ind. Effluent) Reg. 2009",A23="EQ (Clean Air) Reg. 2014",A23="OSH (CF) Reg. 2024",A23="EQ (SW) 2005",A23="OSH (USECHH) Reg 2000",A23="pesticides (labelling) Reg. 1984",A23="OSH (CLASS) Reg. 2013",A23="OSH (NADOPOD) Reg. 2004",A23="OSH (Noise Exp.) Reg. 2019",A23="OSH (SHC) Reg. 1996",A23="OSH (CDM) Reg. 2024",A23="FS (Fire Cert.) Reg. 2001",A23="EQ (Sewage) Reg. 2009",A23="EQ (Refrigerant) Reg. 1999"),6000000,IF(ISNUMBER(SEARCH("Order",A23)),5000000,IF(A23="ICOP Transport 2010",4000000,IF(A23="WSI (Sewerage System) Rules 2013",3000000,IF(A23="MHA Guidance",2000000,1000000))))))))+G23*1000+H23*100+(1-I23)*10-ROW()/1000) -> -0.023
A24: EQA 1974 | B24: Environment | C24: =COUNTA(EQA!$B$4:$B$31) -> 28 | D24: =COUNTIF(EQA!$C$4:$C$31,"Applicable") -> 22 | E24: =COUNTIF(EQA!$C$4:$C$31,"Not Applicable") -> 5 | F24: =COUNTIFS(EQA!$C$4:$C$31,"Applicable",EQA!$F$4:$F$31,"Comply")+COUNTIFS(EQA!$C$4:$C$31,"Applicable",EQA!$F$4:$F$31,"Compliant")+COUNTIFS(EQA!$C$4:$C$31,"Applicable",EQA!$F$4:$F$31,"Yes") -> 22 | G24: =COUNTIFS(EQA!$C$4:$C$31,"Applicable",EQA!$F$4:$F$31,"Not Comply")+COUNTIFS(EQA!$C$4:$C$31,"Applicable",EQA!$F$4:$F$31,"Non-Comply")+COUNTIFS(EQA!$C$4:$C$31,"Applicable",EQA!$F$4:$F$31,"Non Comply")+COUNTIFS(EQA!$C$4:$C$31,"Applicable",EQA!$F$4:$F$31,"No") -> 0 | H24: =MAX(0,D24-F24-G24) -> 0 | I24: =IF(D24=0,0,F24/D24) -> 1 | J24: =IF(D24=0,0,(F24+G24)/D24) -> 1 | K24: =IF(G24>0,"Action Required",IF(H24>0,"Pending Evaluation",IF(I24>=0.95,"Maintain Compliance","Improve Compliance"))) -> Maintain Compliance | L24: =IF(D24=0,-ROW()/1000,IF(A24="OSHA 1994",7000000,IF(A24="EQA 1974",6900000,IF(OR(A24="WSIA 2006",A24="CIDB Act 1994",A24="Pesticides Act 1974",A24="Sewerage Services Act 1993",A24="FSA 1988"),6800000,IF(OR(A24="EQ (Diesel Engine) Reg. 2000",A24="EQ (Solid Waste) Reg. 2009",A24="EQ (Control of Petrol & Diesel) Reg. 2007",A24="EQ (Ind. Effluent) Reg. 2009",A24="EQ (Clean Air) Reg. 2014",A24="OSH (CF) Reg. 2024",A24="EQ (SW) 2005",A24="OSH (USECHH) Reg 2000",A24="pesticides (labelling) Reg. 1984",A24="OSH (CLASS) Reg. 2013",A24="OSH (NADOPOD) Reg. 2004",A24="OSH (Noise Exp.) Reg. 2019",A24="OSH (SHC) Reg. 1996",A24="OSH (CDM) Reg. 2024",A24="FS (Fire Cert.) Reg. 2001",A24="EQ (Sewage) Reg. 2009",A24="EQ (Refrigerant) Reg. 1999"),6000000,IF(ISNUMBER(SEARCH("Order",A24)),5000000,IF(A24="ICOP Transport 2010",4000000,IF(A24="WSI (Sewerage System) Rules 2013",3000000,IF(A24="MHA Guidance",2000000,1000000))))))))+G24*1000+H24*100+(1-I24)*10-ROW()/1000) -> 6900000
A25: FSA 1988 | B25: Fire Safety | C25: =COUNTA(FSA!$B$4:$B$31) -> 28 | D25: =COUNTIF(FSA!$C$4:$C$31,"Applicable") -> 25 | E25: =COUNTIF(FSA!$C$4:$C$31,"Not Applicable") -> 3 | F25: =COUNTIFS(FSA!$C$4:$C$31,"Applicable",FSA!$F$4:$F$31,"Comply")+COUNTIFS(FSA!$C$4:$C$31,"Applicable",FSA!$F$4:$F$31,"Compliant")+COUNTIFS(FSA!$C$4:$C$31,"Applicable",FSA!$F$4:$F$31,"Yes") -> 25 | G25: =COUNTIFS(FSA!$C$4:$C$31,"Applicable",FSA!$F$4:$F$31,"Not Comply")+COUNTIFS(FSA!$C$4:$C$31,"Applicable",FSA!$F$4:$F$31,"Non-Comply")+COUNTIFS(FSA!$C$4:$C$31,"Applicable",FSA!$F$4:$F$31,"Non Comply")+COUNTIFS(FSA!$C$4:$C$31,"Applicable",FSA!$F$4:$F$31,"No") -> 0 | H25: =MAX(0,D25-F25-G25) -> 0 | I25: =IF(D25=0,0,F25/D25) -> 1 | J25: =IF(D25=0,0,(F25+G25)/D25) -> 1 | K25: =IF(G25>0,"Action Required",IF(H25>0,"Pending Evaluation",IF(I25>=0.95,"Maintain Compliance","Improve Compliance"))) -> Maintain Compliance | L25: =IF(D25=0,-ROW()/1000,IF(A25="OSHA 1994",7000000,IF(A25="EQA 1974",6900000,IF(OR(A25="WSIA 2006",A25="CIDB Act 1994",A25="Pesticides Act 1974",A25="Sewerage Services Act 1993",A25="FSA 1988"),6800000,IF(OR(A25="EQ (Diesel Engine) Reg. 2000",A25="EQ (Solid Waste) Reg. 2009",A25="EQ (Control of Petrol & Diesel) Reg. 2007",A25="EQ (Ind. Effluent) Reg. 2009",A25="EQ (Clean Air) Reg. 2014",A25="OSH (CF) Reg. 2024",A25="EQ (SW) 2005",A25="OSH (USECHH) Reg 2000",A25="pesticides (labelling) Reg. 1984",A25="OSH (CLASS) Reg. 2013",A25="OSH (NADOPOD) Reg. 2004",A25="OSH (Noise Exp.) Reg. 2019",A25="OSH (SHC) Reg. 1996",A25="OSH (CDM) Reg. 2024",A25="FS (Fire Cert.) Reg. 2001",A25="EQ (Sewage) Reg. 2009",A25="EQ (Refrigerant) Reg. 1999"),6000000,IF(ISNUMBER(SEARCH("Order",A25)),5000000,IF(A25="ICOP Transport 2010",4000000,IF(A25="WSI (Sewerage System) Rules 2013",3000000,IF(A25="MHA Guidance",2000000,1000000))))))))+G25*1000+H25*100+(1-I25)*10-ROW()/1000) -> 6800000
A26: FS (Fire Cert.) Reg. 2001 | B26: Fire Safety | C26: =COUNTA(FC!$B$4:$B$29) -> 26 | D26: =COUNTIF(FC!$C$4:$C$29,"Applicable") -> 0 | E26: =COUNTIF(FC!$C$4:$C$29,"Not Applicable") -> 26 | F26: =COUNTIFS(FC!$C$4:$C$29,"Applicable",FC!$F$4:$F$29,"Comply")+COUNTIFS(FC!$C$4:$C$29,"Applicable",FC!$F$4:$F$29,"Compliant")+COUNTIFS(FC!$C$4:$C$29,"Applicable",FC!$F$4:$F$29,"Yes") -> 0 | G26: =COUNTIFS(FC!$C$4:$C$29,"Applicable",FC!$F$4:$F$29,"Not Comply")+COUNTIFS(FC!$C$4:$C$29,"Applicable",FC!$F$4:$F$29,"Non-Comply")+COUNTIFS(FC!$C$4:$C$29,"Applicable",FC!$F$4:$F$29,"Non Comply")+COUNTIFS(FC!$C$4:$C$29,"Applicable",FC!$F$4:$F$29,"No") -> 0 | H26: =MAX(0,D26-F26-G26) -> 0 | I26: =IF(D26=0,0,F26/D26) -> 0 | J26: =IF(D26=0,0,(F26+G26)/D26) -> 0 | K26: =IF(G26>0,"Action Required",IF(H26>0,"Pending Evaluation",IF(I26>=0.95,"Maintain Compliance","Improve Compliance"))) -> Improve Compliance | L26: =IF(D26=0,-ROW()/1000,IF(A26="OSHA 1994",7000000,IF(A26="EQA 1974",6900000,IF(OR(A26="WSIA 2006",A26="CIDB Act 1994",A26="Pesticides Act 1974",A26="Sewerage Services Act 1993",A26="FSA 1988"),6800000,IF(OR(A26="EQ (Diesel Engine) Reg. 2000",A26="EQ (Solid Waste) Reg. 2009",A26="EQ (Control of Petrol & Diesel) Reg. 2007",A26="EQ (Ind. Effluent) Reg. 2009",A26="EQ (Clean Air) Reg. 2014",A26="OSH (CF) Reg. 2024",A26="EQ (SW) 2005",A26="OSH (USECHH) Reg 2000",A26="pesticides (labelling) Reg. 1984",A26="OSH (CLASS) Reg. 2013",A26="OSH (NADOPOD) Reg. 2004",A26="OSH (Noise Exp.) Reg. 2019",A26="OSH (SHC) Reg. 1996",A26="OSH (CDM) Reg. 2024",A26="FS (Fire Cert.) Reg. 2001",A26="EQ (Sewage) Reg. 2009",A26="EQ (Refrigerant) Reg. 1999"),6000000,IF(ISNUMBER(SEARCH("Order",A26)),5000000,IF(A26="ICOP Transport 2010",4000000,IF(A26="WSI (Sewerage System) Rules 2013",3000000,IF(A26="MHA Guidance",2000000,1000000))))))))+G26*1000+H26*100+(1-I26)*10-ROW()/1000) -> -0.026
A27: EQ (Sewage) Reg. 2009 | B27: Environment | C27: =COUNTA(sewage!$B$4:$B$20) -> 17 | D27: =COUNTIF(sewage!$C$4:$C$20,"Applicable") -> 0 | E27: =COUNTIF(sewage!$C$4:$C$20,"Not Applicable") -> 17 | F27: =COUNTIFS(sewage!$C$4:$C$20,"Applicable",sewage!$F$4:$F$20,"Comply")+COUNTIFS(sewage!$C$4:$C$20,"Applicable",sewage!$F$4:$F$20,"Compliant")+COUNTIFS(sewage!$C$4:$C$20,"Applicable",sewage!$F$4:$F$20,"Yes") -> 0 | G27: =COUNTIFS(sewage!$C$4:$C$20,"Applicable",sewage!$F$4:$F$20,"Not Comply")+COUNTIFS(sewage!$C$4:$C$20,"Applicable",sewage!$F$4:$F$20,"Non-Comply")+COUNTIFS(sewage!$C$4:$C$20,"Applicable",sewage!$F$4:$F$20,"Non Comply")+COUNTIFS(sewage!$C$4:$C$20,"Applicable",sewage!$F$4:$F$20,"No") -> 0 | H27: =MAX(0,D27-F27-G27) -> 0 | I27: =IF(D27=0,0,F27/D27) -> 0 | J27: =IF(D27=0,0,(F27+G27)/D27) -> 0 | K27: =IF(G27>0,"Action Required",IF(H27>0,"Pending Evaluation",IF(I27>=0.95,"Maintain Compliance","Improve Compliance"))) -> Improve Compliance | L27: =IF(D27=0,-ROW()/1000,IF(A27="OSHA 1994",7000000,IF(A27="EQA 1974",6900000,IF(OR(A27="WSIA 2006",A27="CIDB Act 1994",A27="Pesticides Act 1974",A27="Sewerage Services Act 1993",A27="FSA 1988"),6800000,IF(OR(A27="EQ (Diesel Engine) Reg. 2000",A27="EQ (Solid Waste) Reg. 2009",A27="EQ (Control of Petrol & Diesel) Reg. 2007",A27="EQ (Ind. Effluent) Reg. 2009",A27="EQ (Clean Air) Reg. 2014",A27="OSH (CF) Reg. 2024",A27="EQ (SW) 2005",A27="OSH (USECHH) Reg 2000",A27="pesticides (labelling) Reg. 1984",A27="OSH (CLASS) Reg. 2013",A27="OSH (NADOPOD) Reg. 2004",A27="OSH (Noise Exp.) Reg. 2019",A27="OSH (SHC) Reg. 1996",A27="OSH (CDM) Reg. 2024",A27="FS (Fire Cert.) Reg. 2001",A27="EQ (Sewage) Reg. 2009",A27="EQ (Refrigerant) Reg. 1999"),6000000,IF(ISNUMBER(SEARCH("Order",A27)),5000000,IF(A27="ICOP Transport 2010",4000000,IF(A27="WSI (Sewerage System) Rules 2013",3000000,IF(A27="MHA Guidance",2000000,1000000))))))))+G27*1000+H27*100+(1-I27)*10-ROW()/1000) -> -0.027
A28: EQ (Refrigerant) Reg. 1999 | B28: Environment | C28: =COUNTA(refrigerant!$B$4:$B$12) -> 9 | D28: =COUNTIF(refrigerant!$C$4:$C$12,"Applicable") -> 0 | E28: =COUNTIF(refrigerant!$C$4:$C$12,"Not Applicable") -> 9 | F28: =COUNTIFS(refrigerant!$C$4:$C$12,"Applicable",refrigerant!$F$4:$F$12,"Comply")+COUNTIFS(refrigerant!$C$4:$C$12,"Applicable",refrigerant!$F$4:$F$12,"Compliant")+COUNTIFS(refrigerant!$C$4:$C$12,"Applicable",refrigerant!$F$4:$F$12,"Yes") -> 0 | G28: =COUNTIFS(refrigerant!$C$4:$C$12,"Applicable",refrigerant!$F$4:$F$12,"Not Comply")+COUNTIFS(refrigerant!$C$4:$C$12,"Applicable",refrigerant!$F$4:$F$12,"Non-Comply")+COUNTIFS(refrigerant!$C$4:$C$12,"Applicable",refrigerant!$F$4:$F$12,"Non Comply")+COUNTIFS(refrigerant!$C$4:$C$12,"Applicable",refrigerant!$F$4:$F$12,"No") -> 0 | H28: =MAX(0,D28-F28-G28) -> 0 | I28: =IF(D28=0,0,F28/D28) -> 0 | J28: =IF(D28=0,0,(F28+G28)/D28) -> 0 | K28: =IF(G28>0,"Action Required",IF(H28>0,"Pending Evaluation",IF(I28>=0.95,"Maintain Compliance","Improve Compliance"))) -> Improve Compliance | L28: =IF(D28=0,-ROW()/1000,IF(A28="OSHA 1994",7000000,IF(A28="EQA 1974",6900000,IF(OR(A28="WSIA 2006",A28="CIDB Act 1994",A28="Pesticides Act 1974",A28="Sewerage Services Act 1993",A28="FSA 1988"),6800000,IF(OR(A28="EQ (Diesel Engine) Reg. 2000",A28="EQ (Solid Waste) Reg. 2009",A28="EQ (Control of Petrol & Diesel) Reg. 2007",A28="EQ (Ind. Effluent) Reg. 2009",A28="EQ (Clean Air) Reg. 2014",A28="OSH (CF) Reg. 2024",A28="EQ (SW) 2005",A28="OSH (USECHH) Reg 2000",A28="pesticides (labelling) Reg. 1984",A28="OSH (CLASS) Reg. 2013",A28="OSH (NADOPOD) Reg. 2004",A28="OSH (Noise Exp.) Reg. 2019",A28="OSH (SHC) Reg. 1996",A28="OSH (CDM) Reg. 2024",A28="FS (Fire Cert.) Reg. 2001",A28="EQ (Sewage) Reg. 2009",A28="EQ (Refrigerant) Reg. 1999"),6000000,IF(ISNUMBER(SEARCH("Order",A28)),5000000,IF(A28="ICOP Transport 2010",4000000,IF(A28="WSI (Sewerage System) Rules 2013",3000000,IF(A28="MHA Guidance",2000000,1000000))))))))+G28*1000+H28*100+(1-I28)*10-ROW()/1000) -> -0.028
A29: UBBL | B29: Fire Safety | C29: =COUNTA(UBBL!$B$4:$B$85) -> 82 | D29: =COUNTIF(UBBL!$C$4:$C$85,"Applicable") -> 0 | E29: =COUNTIF(UBBL!$C$4:$C$85,"Not Applicable") -> 82 | F29: =COUNTIFS(UBBL!$C$4:$C$85,"Applicable",UBBL!$F$4:$F$85,"Comply")+COUNTIFS(UBBL!$C$4:$C$85,"Applicable",UBBL!$F$4:$F$85,"Compliant")+COUNTIFS(UBBL!$C$4:$C$85,"Applicable",UBBL!$F$4:$F$85,"Yes") -> 0 | G29: =COUNTIFS(UBBL!$C$4:$C$85,"Applicable",UBBL!$F$4:$F$85,"Not Comply")+COUNTIFS(UBBL!$C$4:$C$85,"Applicable",UBBL!$F$4:$F$85,"Non-Comply")+COUNTIFS(UBBL!$C$4:$C$85,"Applicable",UBBL!$F$4:$F$85,"Non Comply")+COUNTIFS(UBBL!$C$4:$C$85,"Applicable",UBBL!$F$4:$F$85,"No") -> 0 | H29: =MAX(0,D29-F29-G29) -> 0 | I29: =IF(D29=0,0,F29/D29) -> 0 | J29: =IF(D29=0,0,(F29+G29)/D29) -> 0 | K29: =IF(G29>0,"Action Required",IF(H29>0,"Pending Evaluation",IF(I29>=0.95,"Maintain Compliance","Improve Compliance"))) -> Improve Compliance | L29: =IF(D29=0,-ROW()/1000,IF(A29="OSHA 1994",7000000,IF(A29="EQA 1974",6900000,IF(OR(A29="WSIA 2006",A29="CIDB Act 1994",A29="Pesticides Act 1974",A29="Sewerage Services Act 1993",A29="FSA 1988"),6800000,IF(OR(A29="EQ (Diesel Engine) Reg. 2000",A29="EQ (Solid Waste) Reg. 2009",A29="EQ (Control of Petrol & Diesel) Reg. 2007",A29="EQ (Ind. Effluent) Reg. 2009",A29="EQ (Clean Air) Reg. 2014",A29="OSH (CF) Reg. 2024",A29="EQ (SW) 2005",A29="OSH (USECHH) Reg 2000",A29="pesticides (labelling) Reg. 1984",A29="OSH (CLASS) Reg. 2013",A29="OSH (NADOPOD) Reg. 2004",A29="OSH (Noise Exp.) Reg. 2019",A29="OSH (SHC) Reg. 1996",A29="OSH (CDM) Reg. 2024",A29="FS (Fire Cert.) Reg. 2001",A29="EQ (Sewage) Reg. 2009",A29="EQ (Refrigerant) Reg. 1999",A29="UBBL"),6000000,IF(ISNUMBER(SEARCH("Order",A29)),5000000,IF(A29="ICOP Transport 2010",4000000,IF(A29="WSI (Sewerage System) Rules 2013",3000000,IF(A29="MHA Guidance",2000000,1000000))))))))+G29*1000+H29*100+(1-I29)*10-ROW()/1000) -> -0.029
A31: TOTAL | B31: All Areas | C31: =SUM(C2:C30) -> 653 | D31: =SUM(D2:D30) -> 76 | E31: =SUM(E2:E30) -> 576 | F31: =SUM(F2:F30) -> 76 | G31: =SUM(G2:G30) -> 0 | H31: =SUM(H2:H30) -> 0 | I31: =IF(D31=0,0,F31/D31) -> 1 | J31: =IF(D31=0,0,(F31+G31)/D31) -> 1 | K31: =IF(G31>0,"Action Required",IF(H31>0,"Pending Evaluation",IF(I31>=0.95,"Maintain Compliance","Improve Compliance"))) -> Maintain Compliance | L31: =MAX(L2:L30) -> 7000000

Sheet back-data
A1: 1
A4: Seksyen | B4: Documented Information
A5: Region | B5: Onsite Controls
A6: HQ Department | B6: Both Documented Information and Onsite Controls
A13: Less than 4 | B13: Comply
A14: 5 – 39 | B14: Not Comply
A15: 40 – 99 | B15: NA
A16: 100 persons and above
A18: Description | B18: What law to enforce that | C18: Result picked by user if yes - applicable If no - not applicable | D18: Workplace is plant? | E18: Col2 – New statement of what law to enforce that | F18: Col3 – If user picked Yes | G18: Col4 – If user picked No
A19: =Home!A15 -> 1. Total number of workers (including subcontractors if applicable) | B19: OSHA 1994 requires OSH Coordinator where employer has 5 or more employees, unless SHO is appointed, and Safety & Health Committee where 40 or more persons are employed. | E19: OSHA 1994 requires OSH Coordinator where employer has 5 or more employees, unless SHO is appointed, and Safety & Health Committee where 40 or more persons are employed. | F19: OSH Coordinator / SHC requirement shall be assessed based on worker count. | G19: OSH Coordinator / SHC threshold is not required. | P19: Yes | Q19: No
A20: =Home!A22 -> 2. Engagement of contractors working daily at workplace | B20: OSHA 1994 Sections 17, 18A and 18B require employer/principal to protect contractors and conduct risk assessment for persons affected by the undertaking. | C20: =IF(IF(Home!B23=Home!B24,"",Home!B23)=TRUE,F20,G20) -> Contractor-specific control is not applied. | E20: OSHA 1994 Sections 17, 18A and 18B require employer/principal to protect contractors and conduct risk assessment for persons affected by the undertaking. | F20: Contractor OSH control, induction, supervision and risk assessment are required. | G20: Contractor-specific control is not applied. | P20: =Home!B23 -> FALSE | Q20: =Home!B24 -> FALSE | R20: =IF(P20=TRUE,"P","Ï") -> Ï
A21: =Home!A28 -> 3. Employment of foreign workers | B21: OSHA 1994 Section 15 requires safe system of work, information, instruction, training and supervision for all employees. | C21: =IF(IF(Home!B29=Home!B30,"",Home!B29)=TRUE,F21,G21) -> Foreign-worker-specific control is not applied. | E21: OSHA 1994 Section 15 requires safe system of work, information, instruction, training and supervision for all employees. | F21: OSH protection, training and supervision shall include foreign workers. | G21: Foreign-worker-specific control is not applied. | P21: =Home!B29 -> FALSE | Q21: =Home!B30 -> FALSE | R21: =IF(P21=TRUE,"P","Ï") -> Ï
A22: =Home!A34 -> 4. Use of young workers or apprentices | B22: Children and Young Persons (Employment) Act 1966 controls employment of children/young persons, while OSHA 1994 still requires safe work, training and supervision. | C22: =IF(IF(Home!B35=Home!B36,"",Home!B35)=TRUE,F22,G22) -> Young-worker/apprentice control is not applied. | E22: Children and Young Persons (Employment) Act 1966 controls employment of children/young persons, while OSHA 1994 still requires safe work, training and supervision. | F22: Age restriction, supervision and unsuitable hazardous work control shall be assessed. | G22: Young-worker/apprentice control is not applied. | P22: =Home!B35 -> FALSE | Q22: =Home!B36 -> FALSE | R22: =IF(P22=TRUE,"P","Ï") -> Ï
A23: =Home!A42 -> 5(a). Construction works | B23: CDM Regulations 2024 apply to all places of work where a construction project is carried out. | C23: =IF(IF(Home!B43=Home!B44,"",Home!B43)=TRUE,F23,G23) -> CDM construction-specific requirements are not applied. | E23: CDM Regulations 2024 apply to all places of work where a construction project is carried out. | F23: CDM client/contractor duties, construction phase plan and site controls shall be assessed. | G23: CDM construction-specific requirements are not applied. | P23: =Home!B43 -> FALSE | Q23: =Home!B44 -> FALSE | R23: =IF(P23=TRUE,"P","Ï") -> Ï
A24: =Home!A48 -> 5(b). Construction works value exceeds RM10M | B24: CDM 2024 does not state RM10M as the SSS legal trigger; Regulation 39 requires the principal construction work contractor to appoint a competent Site Safety Supervisor to assist compliance. | C24: =IF(IF(Home!B49=Home!B50,"",Home!B49)=TRUE,F24,G24) -> SSS legal trigger is not applied; keep as internal threshold only if required by PLUS. | E24: CDM 2024 does not state RM10M as the SSS legal trigger; Regulation 39 requires the principal construction work contractor to appoint a competent Site Safety Supervisor to assist compliance. | F24: SSS appointment | G24: SSS legal trigger is not applied; keep as internal threshold only if required by PLUS. | P24: =Home!B49 -> FALSE | Q24: =Home!B50 -> FALSE | R24: =IF(P24=TRUE,"P","Ï") -> Ï
A25: =Home!A54 -> 6. Having 9 items of PTW work activities | B25: OSHA 1994 Section 18B requires risk assessment and risk control; PTW may be used as an internal control for high-risk work. | C25: =IF(IF(Home!B55=Home!B56,"",Home!B55)=TRUE,F25,G25) -> PTW-specific control is not applied. | E25: OSHA 1994 Section 18B requires risk assessment and risk control; PTW may be used as an internal control for high-risk work. | F25: PTW system shall be applied for identified high-risk work. | G25: PTW-specific control is not applied. | P25: =Home!B55 -> FALSE | Q25: =Home!B56 -> FALSE | R25: =IF(P25=TRUE,"P","Ï") -> Ï
A26: =Home!A60 -> 7. Under class of industry require to employ SHO | B26: OSHA 1994 Section 29 requires the appointment of SHO at workplace; Class of industry are based on SHO Order 1997. | C26: =IF(IF(Home!B61=Home!B62,"",Home!B61)=TRUE,F26,G26) -> SHO appointment is not applied. | E26: OSHA 1994 Section 29 requires the appointment of SHO at workplace; Based on SHO Order 1997. | F26: SHO shall be employed. | G26: SHO appointment is not applied. | P26: =Home!B61 -> FALSE | Q26: =Home!B62 -> FALSE | R26: =IF(P26=TRUE,"P","Ï") -> Ï
A27: =Home!A68 -> 8. Work activities carried out at operating highway areas or within highway reserve. | B27: Rules under MHA: Ensure highway workers hold valid EOSP and comply with site safety rules. | C27: =IF(IF(Home!B69=Home!B70,"",Home!B69)=TRUE,F27,G27) -> EOSP is not applicable | D27: =Home!B69 -> FALSE | F27: All workers must hold a valid Expressway Operation Safety Passport (EOSP). | G27: EOSP is not applicable
A28: =Home!A74 -> 9. Use of electrical tools, powered machinery, vehicles or equipment | B28: Noise Exposure Reg. applies where workers may be exposed to excessive noise from electrical tools, powered machinery, vehicles or equipment. Noise Risk Assessment (NRA) must be conducted. | C28: =IF(IF(Home!B75=Home!B76,"",Home!B75)=TRUE,F28,G28) -> annual Noise Risk Identification (NRI) only | D28: =Home!B75 -> FALSE | E28: OSHA 1994 Sections 15 and 18B require safe plant/equipment and risk assessment; Electricity Supply Act 1990 applies to electrical installation, plant and equipment safety. | F28: NRA | G28: annual Noise Risk Identification (NRI) only | P28: =Home!B75 -> FALSE | Q28: =Home!B76 -> FALSE | R28: =IF(P28=TRUE,"P","Ï") -> Ï
A29: =Home!A80 -> 10. Work at height activities (≥2 meters) | B29: OSHA 1994 Sections 15 and 18B require safe system of work and risk assessment for fall-related hazards. | C29: =IF(IF(Home!B81=Home!B82,"",Home!B81)=TRUE,F29,G29) -> Work-at-height control is not applied. | D29: =Home!B81 -> FALSE | E29: OSHA 1994 Sections 15 and 18B require safe system of work and risk assessment for fall-related hazards. | F29: Work-at-height risk control shall be assessed. | G29: Work-at-height control is not applied. | P29: =Home!B81 -> FALSE | Q29: =Home!B82 -> FALSE | R29: =IF(P29=TRUE,"P","Ï") -> Ï
A30: =Home!A86 -> 11. Confined space activities | B30: OSHA 1994 Sections 15 and 18B require safe system of work and risk assessment for confined-space hazards. | C30: =IF(IF(Home!B87=Home!B88,"",Home!B87)=TRUE,F30,G30) -> Confined-space control is not applied. | D30: =Home!B87 -> FALSE | E30: OSHA 1994 Sections 15 and 18B require safe system of work and risk assessment for confined-space hazards. | F30: Confined-space assessment, entry control and emergency arrangement shall be assessed. | G30: Confined-space control is not applied. | P30: =Home!B87 -> FALSE | Q30: =Home!B88 -> FALSE | R30: =IF(P30=TRUE,"P","Ï") -> Ï
A31: =Home!A92 -> 12. Lifting operations (cranes, hoists, forklifts) | B31: OSHA 1994 requires risk control; Plant Requiring Certificate of Fitness Regulations 2024 require CF for steam boilers, pressure vessels and lifting machinery. | C31: =IF(IF(Home!B93=Home!B94,"",Home!B93)=TRUE,F31,G31) -> Lifting-operation control is not applied. | D31: =Home!B93 -> FALSE | E31: OSHA 1994 requires risk control; Plant Requiring Certificate of Fitness Regulations 2024 require CF for steam boilers, pressure vessels and lifting machinery. | F31: Lifting risk, competency and CF requirement shall be assessed. | G31: Lifting-operation control is not applied. | P31: =Home!B93 -> FALSE | Q31: =Home!B94 -> FALSE | R31: =IF(P31=TRUE,"P","Ï") -> Ï
A32: =Home!A98 -> 13. Welding, cutting, or hot work activities | B32: OSHA 1994 requires risk assessment; USECHH applies where workers may be exposed to chemical fumes; fire controls are required where hot work creates fire risk. | C32: =IF(IF(Home!B99=Home!B100,"",Home!B99)=TRUE,F32,G32) -> Hot-work-specific control is not applied. | D32: =Home!B99 -> FALSE | E32: OSHA 1994 requires risk assessment; USECHH applies where workers may be exposed to chemical fumes; fire controls are required where hot work creates fire risk. | F32: Hot work, fire control and fume exposure control shall be assessed. | G32: Hot-work-specific control is not applied. | P32: =Home!B99 -> FALSE | Q32: =Home!B100 -> FALSE | R32: =IF(P32=TRUE,"P","Ï") -> Ï
A33: =Home!A104 -> 14. Use of pressure equipment or pressurised systems | B33: Plant Requiring Certificate of Fitness Regulations 2024 prescribe pressure vessels as plant requiring CF. | C33: =IF(IF(Home!B105=Home!B106,"",Home!B105)=TRUE,F33,G33) -> Pressure-system CF control is not applied. | D33: =Home!B105 -> FALSE | E33: Plant Requiring Certificate of Fitness Regulations 2024 prescribe pressure vessels as plant requiring CF. | F33: Pressure vessel/pressurised system CF and safe operation shall be assessed. | G33: Pressure-system CF control is not applied. | P33: =Home!B105 -> FALSE | Q33: =Home!B106 -> FALSE | R33: =IF(P33=TRUE,"P","Ï") -> Ï
A34: =Home!A110 -> 15. Operation of mobile machinery or industrial vehicles | B34: OSHA 1994 Sections 15 and 18B require safe system of work and risk assessment for workplace transport and machinery movement. | C34: =IF(IF(Home!B111=Home!B112,"",Home!B111)=TRUE,F34,G34) -> Mobile machinery control is not applied. | D34: =Home!B111 -> FALSE | E34: OSHA 1994 Sections 15 and 18B require safe system of work and risk assessment for workplace transport and machinery movement. | F34: Traffic route, operator competency and mobile machinery control shall be assessed. | G34: Mobile machinery control is not applied. | P34: =Home!B111 -> FALSE | Q34: =Home!B112 -> FALSE | R34: =IF(P34=TRUE,"P","Ï") -> Ï
A35: =Home!A116 -> 16. Manual handling of heavy loads | B35: OSHA 1994 Sections 15 and 18B require risk assessment and control of ergonomic/manual handling risks. | C35: =IF(IF(Home!B117=Home!B118,"",Home!B117)=TRUE,F35,G35) -> Manual-handling control is not applied. | D35: =Home!B117 -> FALSE | E35: OSHA 1994 Sections 15 and 18B require risk assessment and control of ergonomic/manual handling risks. | F35: Manual handling and ergonomic risk control shall be assessed. | G35: Manual-handling control is not applied. | P35: =Home!B117 -> FALSE | Q35: =Home!B118 -> FALSE | R35: =IF(P35=TRUE,"P","Ï") -> Ï
A36: =Home!A122 -> 17. Maintenance or servicing activities involving equipment or machinery | B36: OSHA 1994 requires safe plant, safe system of work and risk assessment for maintenance exposure. | C36: =IF(IF(Home!B123=Home!B124,"",Home!B123)=TRUE,F36,G36) -> Maintenance-specific control is not applied. | D36: =Home!B123 -> FALSE | E36: OSHA 1994 requires safe plant, safe system of work and risk assessment for maintenance exposure. | F36: Maintenance isolation, servicing control and competency shall be assessed. | G36: Maintenance-specific control is not applied. | P36: =Home!B123 -> FALSE | Q36: =Home!B124 -> FALSE | R36: =IF(P36=TRUE,"P","Ï") -> Ï
A37: =Home!A130 -> 18. Utilisation of hazardous chemicals (including fumes) at workplace | B37: USECHH 2000 requires control of exposure to chemicals hazardous to health; CLASS 2013 requires hazard classification, labelling and SDS for hazardous chemicals. | C37: =IF(IF(Home!B131=Home!B132,"",Home!B131)=TRUE,F37,G37) -> Hazardous chemical control is not applied. | D37: =Home!B131 -> FALSE | E37: USECHH 2000 requires control of exposure to chemicals hazardous to health; CLASS 2013 requires hazard classification, labelling and SDS for hazardous chemicals. | F37: Chemical register, SDS, CHRA and exposure control shall be assessed. | G37: Hazardous chemical control is not applied. | P37: =Home!B131 -> FALSE | Q37: =Home!B132 -> FALSE | R37: =IF(P37=TRUE,"P","Ï") -> Ï
A38: =Home!A136 -> 19. Storage of flammable or combustible substances | B38: OSHA 1994 requires risk control for substances; CLASS/USECHH applies where hazardous chemicals are stored or used at workplace. | C38: =IF(IF(Home!B137=Home!B138,"",Home!B137)=TRUE,F38,G38) -> Flammable/combustible storage control is not applied. | D38: =Home!B137 -> FALSE | E38: OSHA 1994 requires risk control for substances; CLASS/USECHH applies where hazardous chemicals are stored or used at workplace. | F38: Fire, chemical storage and emergency control shall be assessed. | G38: Flammable/combustible storage control is not applied. | P38: =Home!B137 -> FALSE | Q38: =Home!B138 -> FALSE | R38: =IF(P38=TRUE,"P","Ï") -> Ï
A39: =Home!A143 -> 20. Use of pesticides with extremely hazardous chemicals | B39: Pesticides Act 1974 controls pesticide registration, labelling, sale/storage; USECHH applies where workers are exposed to chemicals hazardous to health. | C39: =IF(IF(Home!B144=Home!B145,"",Home!B144)=TRUE,F39,G39) -> Pesticide-specific control is not applied. | D39: =Home!B144 -> FALSE | E39: Pesticides Act 1974 controls pesticide registration, labelling, sale/storage; USECHH applies where workers are exposed to chemicals hazardous to health. | F39: Pesticide legality, labelling, SDS and exposure control shall be assessed. | G39: Pesticide-specific control is not applied. | P39: =Home!B144 -> FALSE | Q39: =Home!B145 -> FALSE | R39: =IF(P39=TRUE,"P","Ï") -> Ï
A40: =Home!A149 -> 21. Generation of scheduled waste (e.g., oil, solvent, chemical waste) | B40: Environmental Quality (Scheduled Wastes) Regulations 2005 require proper storage, treatment/recovery/disposal and movement control by waste generator. | C40: =IF(IF(Home!B150=Home!B151,"",Home!B150)=TRUE,F40,G40) -> Scheduled waste control is not applied. | D40: =Home!B150 -> FALSE | E40: Environmental Quality (Scheduled Wastes) Regulations 2005 require proper storage, treatment/recovery/disposal and movement control by waste generator. | F40: Scheduled waste storage, labelling, inventory and disposal control shall be assessed. | G40: Scheduled waste control is not applied. | P40: =Home!B150 -> FALSE | Q40: =Home!B151 -> FALSE | R40: =IF(P40=TRUE,"P","Ï") -> Ï
A41: =Home!A155 -> 22. Use of compressed gas cylinders | B41: OSHA 1994 requires risk control for plant/substances; pressure vessel CF requirement applies only where the equipment falls under prescribed pressure vessel category. | C41: =IF(IF(Home!B156=Home!B157,"",Home!B156)=TRUE,F41,G41) -> Compressed gas control is not applied. | D41: =Home!B156 -> FALSE | E41: OSHA 1994 requires risk control for plant/substances; pressure vessel CF requirement applies only where the equipment falls under prescribed pressure vessel category. | F41: Compressed gas hazard and any CF requirement shall be assessed. | G41: Compressed gas control is not applied. | P41: =Home!B156 -> FALSE | Q41: =Home!B157 -> FALSE | R41: =IF(P41=TRUE,"P","Ï") -> Ï
A42: =Home!A162 -> 23. Storage of diesel, fuel or petroleum products | B42: Supply Control Act 1961 / Supply Control Regulations 1974 treat petrol, diesel and LPG as controlled goods; OSHA/EQA controls may also apply for safety and spill risk. | C42: =IF(IF(Home!B163=Home!B164,"",Home!B163)=TRUE,F42,G42) -> Fuel storage control is not applied. | D42: =Home!B163 -> FALSE | E42: Supply Control Act 1961 / Supply Control Regulations 1974 treat petrol, diesel and LPG as controlled goods; OSHA/EQA controls may also apply for safety and spill risk. | F42: Fuel storage permit/control, spill prevention and fire risk shall be assessed. | G42: Fuel storage control is not applied. | P42: =Home!B163 -> FALSE | Q42: =Home!B164 -> FALSE | R42: =IF(P42=TRUE,"P","Ï") -> Ï
A43: =Home!A172 -> 24. Generation of air emissions (chimney, stack, generator exhaust) | B43: Environmental Quality (Clean Air) Regulations 2014 apply to air emission sources from prescribed premises/activities. | C43: =IF(IF(Home!B173=Home!B174,"",Home!B173)=TRUE,F43,G43) -> Air emission control is not applied. | D43: =Home!B173 -> FALSE | E43: Environmental Quality (Clean Air) Regulations 2014 apply to air emission sources from prescribed premises/activities. | F43: Air emission source, monitoring and emission limit control shall be assessed. | G43: Air emission control is not applied. | P43: =Home!B173 -> FALSE | Q43: =Home!B174 -> FALSE | R43: =IF(P43=TRUE,"P","Ï") -> Ï
A44: =Home!A178 -> 25. Discharge of wastewater or industrial effluent | B44: Environmental Quality (Industrial Effluent) Regulations 2009 apply to premises discharging industrial/mixed effluent into soil or inland/Malaysian waters. | C44: =IF(IF(Home!B179=Home!B180,"",Home!B179)=TRUE,F44,G44) -> Industrial effluent control is not applied. | D44: =Home!B179 -> FALSE | E44: Environmental Quality (Industrial Effluent) Regulations 2009 apply to premises discharging industrial/mixed effluent into soil or inland/Malaysian waters. | F44: Effluent treatment, discharge standard and monitoring shall be assessed. | G44: Industrial effluent control is not applied. | P44: =Home!B179 -> FALSE | Q44: =Home!B180 -> FALSE | R44: =IF(P44=TRUE,"P","Ï") -> Ï
A45: =Home!A184 -> 26. Operation of sewage treatment plant | B45: Environmental Quality (Sewage) Regulations 2009 apply to premises discharging sewage into soil, inland waters or Malaysian waters. | C45: =IF(IF(Home!B185=Home!B186,"",Home!B185)=TRUE,F45,G45) -> Sewage treatment plant control is not applied. | E45: Environmental Quality (Sewage) Regulations 2009 apply to premises discharging sewage into soil, inland waters or Malaysian waters. | F45: Sewage treatment, discharge standard and maintenance shall be assessed. | G45: Sewage treatment plant control is not applied. | P45: =Home!B185 -> FALSE | Q45: =Home!B186 -> FALSE | R45: =IF(P45=TRUE,"P","Ï") -> Ï
A46: =Home!A190 -> 27. Generation of scheduled waste under DOE regulations | B46: Environmental Quality (Scheduled Wastes) Regulations 2005 require scheduled waste to be stored in compatible containers and managed by waste generator. | C46: =IF(IF(Home!B191=Home!B192,"",Home!B191)=TRUE,F46,G46) -> DOE scheduled waste requirement is not applied. | D46: =Home!B191 -> FALSE | E46: Environmental Quality (Scheduled Wastes) Regulations 2005 require scheduled waste to be stored in compatible containers and managed by waste generator. | F46: DOE scheduled waste management requirement shall be assessed. | G46: DOE scheduled waste requirement is not applied. | P46: =Home!B191 -> FALSE | Q46: =Home!B192 -> FALSE | R46: =IF(P46=TRUE,"P","Ï") -> Ï
A47: =Home!A196 -> 28. Generation of noise from machinery or process | B47: OSHA 1994 requires risk assessment; Noise Exposure Regulations 2019/ICOP apply where occupational noise exposure may exceed action levels. | C47: =IF(IF(Home!B197=Home!B198,"",Home!B197)=TRUE,F47,G47) -> Noise exposure control is not applied. | D47: =Home!B197 -> FALSE | E47: OSHA 1994 requires risk assessment; Noise Exposure Regulations 2019/ICOP apply where occupational noise exposure may exceed action levels. | F47: Noise risk assessment and hearing conservation need shall be assessed. | G47: Noise exposure control is not applied. | P47: =Home!B197 -> FALSE | Q47: =Home!B198 -> FALSE | R47: =IF(P47=TRUE,"P","Ï") -> Ï
A48: =Home!A202 -> 29. Storage of environmentally hazardous substances | B48: EQA and relevant DOE regulations apply where substances may cause environmental pollution; OSHA/CLASS/USECHH apply where workplace chemical risk exists. | C48: =IF(IF(Home!B203=Home!B204,"",Home!B203)=TRUE,F48,G48) -> Environmentally hazardous substance control is not applied. | D48: =Home!B203 -> FALSE | E48: EQA and relevant DOE regulations apply where substances may cause environmental pollution; OSHA/CLASS/USECHH apply where workplace chemical risk exists. | F48: Environmental spill/leakage and chemical hazard control shall be assessed. | G48: Environmentally hazardous substance control is not applied. | P48: =Home!B203 -> FALSE | Q48: =Home!B204 -> FALSE | R48: =IF(P48=TRUE,"P","Ï") -> Ï
A49: =Home!A208 -> 30. Use of cooling towers or water systems | B49: OSHA 1994 requires health risk control; EQA/WSIA controls may apply if discharge or water/sewerage system impact exists. | C49: =IF(IF(Home!B209=Home!B210,"",Home!B209)=TRUE,F49,G49) -> Cooling tower/water system control is not applied. | D49: =Home!B209 -> FALSE | E49: OSHA 1994 requires health risk control; EQA/WSIA controls may apply if discharge or water/sewerage system impact exists. | F49: Biological hazard, maintenance and discharge control shall be assessed. | G49: Cooling tower/water system control is not applied. | P49: =Home!B209 -> FALSE | Q49: =Home!B210 -> FALSE | R49: =IF(P49=TRUE,"P","Ï") -> Ï
A50: =Home!A217 -> 31. Workers exposed to noise >85 dB(A) | B50: Noise Exposure Regulations 2019 and ICOP require assessment and hearing conservation where excessive occupational noise exposure exists. | C50: =IF(IF(Home!B218=Home!B219,"",Home!B218)=TRUE,F50,G50) -> NRA/hearing conservation trigger is not confirmed. | D50: =Home!B218 -> FALSE | E50: Noise Exposure Regulations 2019 and ICOP require assessment and hearing conservation where excessive occupational noise exposure exists. | F50: NRA and hearing conservation programme shall be assessed. | G50: NRA/hearing conservation trigger is not confirmed. | P50: =Home!B218 -> FALSE | Q50: =Home!B219 -> FALSE | R50: =IF(P50=TRUE,"P","Ï") -> Ï
A51: =Home!A223 -> 32. Workers exposed to chemical vapour, dust, or fumes | B51: USECHH 2000 requires assessment and control where work exposes or is likely to expose employees to chemicals hazardous to health. | C51: =IF(IF(Home!B224=Home!B225,"",Home!B224)=TRUE,F51,G51) -> Chemical exposure control is not applied. | D51: =Home!B224 -> FALSE | E51: USECHH 2000 requires assessment and control where work exposes or is likely to expose employees to chemicals hazardous to health. | F51: CHRA, exposure monitoring and control measures shall be assessed. | G51: Chemical exposure control is not applied. | P51: =Home!B224 -> FALSE | Q51: =Home!B225 -> FALSE | R51: =IF(P51=TRUE,"P","Ï") -> Ï
A52: =Home!A229 -> 33. Workers exposed to heat stress | B52: OSHA 1994 Sections 15 and 18B require safe working environment, risk assessment and control for health hazards. | C52: =IF(IF(Home!B230=Home!B231,"",Home!B230)=TRUE,F52,G52) -> Heat stress control is not applied. | D52: =Home!B230 -> FALSE | E52: OSHA 1994 Sections 15 and 18B require safe working environment, risk assessment and control for health hazards. | F52: Heat stress risk control shall be assessed. | G52: Heat stress control is not applied. | P52: =Home!B230 -> FALSE | Q52: =Home!B231 -> FALSE | R52: =IF(P52=TRUE,"P","Ï") -> Ï
A53: =Home!A235 -> 34. Indoor air quality concerns (air-conditioned workplace) | B53: OSHA 1994 requires safe working environment and risk assessment for workplace health conditions. | C53: =IF(IF(Home!B236=Home!B237,"",Home!B236)=TRUE,F53,G53) -> IAQ-specific concern is not applied. | E53: OSHA 1994 requires safe working environment and risk assessment for workplace health conditions. | F53: IAQ/ventilation and comfort concern shall be assessed. | G53: IAQ-specific concern is not applied. | P53: =Home!B236 -> FALSE | Q53: =Home!B237 -> FALSE | R53: =IF(P53=TRUE,"P","Ï") -> Ï
A54: =Home!A241 -> 35. Ergonomic risk activities | B54: OSHA 1994 Sections 15 and 18B require risk assessment and control for ergonomic hazards. | C54: =IF(IF(Home!B242=Home!B243,"",Home!B242)=TRUE,F54,G54) -> Ergonomic control is not applied. | E54: OSHA 1994 Sections 15 and 18B require risk assessment and control for ergonomic hazards. | F54: Ergonomic risk assessment/control shall be assessed. | G54: Ergonomic control is not applied. | P54: =Home!B242 -> FALSE | Q54: =Home!B243 -> FALSE | R54: =IF(P54=TRUE,"P","Ï") -> Ï
A55: =Home!A249 -> 36. Tick which applicable: | R55: =IF(P55=TRUE,"P","Ï") -> Ï
A56: =Home!A250 -> Hostels / Dormitories | B56: Fire Services Act 1988 requires Fire Certificate for designated premises; | C56: =IF(Home!B250=TRUE,"applicable","Not applicable") -> Not applicable | E56: Fire Services Act 1988 requires Fire Certificate for designated premises; BOMBA states all designated premises must have a fire certificate. | F56: Fire Certificate / fire safety requirement shall be assessed. | G56: FC trigger for this premise type is not confirmed. | P56: =Home!B250 -> FALSE | R56: =IF(P56=TRUE,"P","Ï") -> Ï
A57: =Home!A251 -> Office buildings | B57: Fire Services Act 1988 requires Fire Certificate for designated premises; | C57: =IF(Home!B251=TRUE,"applicable","Not applicable") -> Not applicable | E57: Fire Services Act 1988 / Designated Premises requirements apply where the office building meets designated-premise criteria. | F57: FC requirement shall be assessed based on building category/threshold. | G57: FC trigger for office building is not confirmed. | P57: =Home!B251 -> FALSE | R57: =IF(P57=TRUE,"P","Ï") -> Ï
A58: =Home!A252 -> Shops / Retail | B58: Fire Services Act 1988 requires Fire Certificate for designated premises; | C58: =IF(Home!B252=TRUE,"applicable","Not applicable") -> Not applicable | E58: Fire Services Act 1988 / Designated Premises requirements apply where shop/retail premises meet designated-premise criteria. | F58: FC requirement shall be assessed. | G58: FC trigger for shop/retail is not confirmed. | P58: =Home!B252 -> FALSE | R58: =IF(P58=TRUE,"P","Ï") -> Ï
A59: =Home!A253 -> Factories | B59: Fire Services Act 1988 requires Fire Certificate for designated premises; | C59: =IF(Home!B253=TRUE,"applicable","Not applicable") -> Not applicable | E59: Fire Services Act 1988 / Designated Premises requirements apply where factory premises meet designated-premise criteria. | F59: FC requirement shall be assessed. | G59: FC trigger for factory is not confirmed. | P59: =Home!B253 -> FALSE | R59: =IF(P59=TRUE,"P","Ï") -> Ï
A60: =Home!A254 -> Assembly premises | B60: Fire Services Act 1988 requires Fire Certificate for designated premises; | C60: =IF(Home!B254=TRUE,"applicable","Not applicable") -> Not applicable | E60: Fire Services Act 1988 / Designated Premises requirements apply where assembly premises meet designated-premise criteria. | F60: FC requirement shall be assessed. | G60: FC trigger for assembly premises is not confirmed. | P60: =Home!B254 -> FALSE | R60: =IF(P60=TRUE,"P","Ï") -> Ï
A61: =Home!A255 -> Storage or warehouse | B61: Fire Services Act 1988 requires Fire Certificate for designated premises; | C61: =IF(Home!B255=TRUE,"applicable","Not applicable") -> Not applicable | E61: Fire Services Act 1988 / Designated Premises requirements apply where storage/warehouse premises meet designated-premise criteria. | F61: FC requirement shall be assessed. | G61: FC trigger for warehouse is not confirmed. | P61: =Home!B255 -> FALSE | R61: =IF(P61=TRUE,"P","Ï") -> Ï
A62: =Home!A256 -> Underground car park | B62: Fire Services Act 1988 requires Fire Certificate for designated premises; | C62: =IF(Home!B256=TRUE,"applicable","Not applicable") -> Not applicable | E62: Fire Services Act 1988 / Designated Premises requirements apply where the car park meets designated-premise criteria. | F62: FC/fire safety requirement shall be assessed. | G62: FC trigger for underground car park is not confirmed. | P62: =Home!B256 -> FALSE | R62: =IF(P62=TRUE,"P","Ï") -> Ï
A63: =Home!A259 -> 37. Availability of facilities, equipment and building features | R63: =IF(P63=TRUE,"P","Ï") -> Ï
A64: =Home!A260 -> Occupied building/structure | B64: Building to comply UBBL 1984 | C64: =IF(OR(Home!B260=TRUE,Home!B261=TRUE),"applicable","Not applicable") -> Not applicable | D64: =Home!B260 -> FALSE | E64: UBBL applies to occupied buildings and structures subject to local authority building control. | F64: UBBL compliance applies to occupied building.
A65: =Home!A261 -> Building renovation | B65: Building to comply UBBL 1984 | C65: =IF(OR(Home!B260=TRUE,Home!B261=TRUE),"applicable","Not applicable") -> Not applicable | D65: =Home!B261 -> FALSE
A66: =Home!A262 -> Air compressor / Air receiver | B66: Plant Requiring Certificate of Fitness Regulations 2024 | C66: =IF(Home!B262=TRUE,"applicable","Not applicable") -> Not applicable | D66: =Home!B262 -> FALSE | E66: Plant Requiring Certificate of Fitness Regulations 2024 apply where air receiver is a prescribed pressure vessel. | F66: Pressure vessel CF requirement shall be assessed. | G66: CF trigger is not confirmed. | P66: =Home!B262 -> FALSE | R66: =IF(P66=TRUE,"P","Ï") -> Ï
A67: =Home!A263 -> Hoist / Lift / Crane | B67: Plant Requiring Certificate of Fitness Regulations 2024 | C67: =IF(Home!B263=TRUE,"applicable","Not applicable") -> Not applicable | D67: =Home!B263 -> FALSE | E67: Plant Requiring Certificate of Fitness Regulations 2024 prescribe lifting machinery as plant requiring CF. | F67: Lifting machinery CF requirement shall be assessed. | G67: Lifting machinery CF trigger is not confirmed. | P67: =Home!B263 -> FALSE | R67: =IF(P67=TRUE,"P","Ï") -> Ï
A68: =Home!A264 -> Generator set | B68: EQA Clean Air Regulations may apply to generator exhaust | C68: =IF(Home!B264=TRUE,"applicable","Not applicable") -> Not applicable | D68: =Home!B264 -> FALSE | E68: EQA Clean Air Regulations may apply to generator exhaust; OSHA applies to equipment safety and risk assessment. | F68: Generator safety and emission control shall be assessed. | G68: Generator-specific control is not applied. | P68: =Home!B264 -> FALSE | R68: =IF(P68=TRUE,"P","Ï") -> Ï
A69: =Home!A265 -> Diesel storage tank | B69: Supply Control Act / Supply Control Regulations apply to diesel as controlled goods; EQA/OSHA controls apply for spill and fire risk. | C69: =IF(Home!B265=TRUE,"applicable","Not applicable") -> Not applicable | D69: =Home!B265 -> FALSE | E69: Supply Control Act / Supply Control Regulations apply to diesel as controlled goods; EQA/OSHA controls apply for spill and fire risk. | F69: Diesel storage permit/control and spill/fire risk shall be assessed. | G69: Diesel storage control is not applied. | P69: =Home!B265 -> FALSE | R69: =IF(P69=TRUE,"P","Ï") -> Ï
A70: =Home!A266 -> Scheduled waste store | B70: Environmental Quality (Scheduled Wastes) Regulations 2005. | C70: =IF(Home!B266=TRUE,"applicable","Not applicable") -> Not applicable | D70: =Home!B266 -> FALSE | E70: Environmental Quality (Scheduled Wastes) Regulations 2005 require compatible containers and storage control. | F70: Scheduled waste storage requirement shall be assessed. | G70: Scheduled waste store requirement is not applied. | P70: =Home!B266 -> FALSE | R70: =IF(P70=TRUE,"P","Ï") -> Ï
A71: =Home!A267 -> Chimney / Stack | B71: Environmental Quality (Clean Air) Regulations 2014 apply to air pollution control and emission sources. | C71: =IF(Home!B267=TRUE,"applicable","Not applicable") -> Not applicable | D71: =Home!B267 -> FALSE | E71: Environmental Quality (Clean Air) Regulations 2014 apply to air pollution control and emission sources. | F71: Chimney/stack emission control shall be assessed. | G71: Chimney/stack emission control is not applied. | P71: =Home!B267 -> FALSE | R71: =IF(P71=TRUE,"P","Ï") -> Ï
A72: =Home!A268 -> Steam boiler | B72: Plant Requiring Certificate of Fitness Regulations 2024. | C72: =IF(Home!B268=TRUE,"applicable","Not applicable") -> Not applicable | D72: =Home!B268 -> FALSE | E72: Plant Requiring Certificate of Fitness Regulations 2024 prescribe steam boiler as plant requiring CF. | F72: Steam boiler CF and competent operation shall be assessed. | G72: Steam boiler CF trigger is not confirmed. | P72: =Home!B268 -> FALSE | R72: =IF(P72=TRUE,"P","Ï") -> Ï
A73: =Home!A269 -> Wastewater treatment plant | B73: Environmental Quality (Industrial Effluent) Regulations 2009 apply to industrial/mixed effluent treatment and discharge. | C73: =IF(Home!B269=TRUE,"applicable","Not applicable") -> Not applicable | D73: =Home!B269 -> FALSE | E73: Environmental Quality (Industrial Effluent) Regulations 2009 apply to industrial/mixed effluent treatment and discharge. | F73: IETS operation, monitoring and discharge compliance shall be assessed. | G73: Wastewater treatment plant control is not applied. | P73: =Home!B269 -> FALSE | R73: =IF(P73=TRUE,"P","Ï") -> Ï
A74: =Home!A270 -> Sewage treatment plant | B74: Environmental Quality (Sewage) Regulations 2009 apply to sewage discharge from premises. | C74: =IF(Home!B270=TRUE,"applicable","Not applicable") -> Not applicable | D74: =Home!B270 -> FALSE | E74: Environmental Quality (Sewage) Regulations 2009 apply to sewage discharge from premises. | F74: STP operation, monitoring and discharge compliance shall be assessed. | G74: STP control is not applied. | P74: =Home!B270 -> FALSE | R74: =IF(P74=TRUE,"P","Ï") -> Ï
A75: =Home!A271 -> Water system / septic tank | B75: Water Services Industry Act 2006 requires private sewerage system/septic tank to be maintained, desludged and not cause nuisance or health harm. | C75: =IF(Home!B271=TRUE,"applicable","Not applicable") -> Not applicable | D75: =Home!B271 -> FALSE | E75: Water Services Industry Act 2006 requires private sewerage system/septic tank to be maintained, desludged and not cause nuisance or health harm. | F75: Septic tank/sewerage maintenance and desludging requirement shall be assessed. | G75: Septic tank/sewerage control is not applied. | P75: =Home!B271 -> FALSE | R75: =IF(P75=TRUE,"P","Ï") -> Ï
A76: =Home!A272 -> Industrial vehicles / forklifts | B76: OSHA 1994 requires workplace transport risk assessment and control for plant/vehicles. | C76: =IF(Home!B272=TRUE,"applicable","Not applicable") -> Not applicable | D76: =Home!B272 -> FALSE | E76: OSHA 1994 requires workplace transport risk assessment and control for plant/vehicles. | F76: Traffic management, operator competency and vehicle control shall be assessed. | G76: Industrial vehicle control is not applied. | P76: =Home!B272 -> FALSE | R76: =IF(P76=TRUE,"P","Ï") -> Ï
A77: =Home!A273 -> Cooling tower | B77: OSHA 1994 requires health risk control; EQA/WSIA may apply where discharge or water system risk exists. | C77: =IF(Home!B273=TRUE,"applicable","Not applicable") -> Not applicable | D77: =Home!B273 -> FALSE | E77: OSHA 1994 requires health risk control; EQA/WSIA may apply where discharge or water system risk exists. | F77: Cooling tower biological hazard and water/discharge control shall be assessed. | G77: Cooling tower control is not applied. | P77: =Home!B273 -> FALSE | R77: =IF(P77=TRUE,"P","Ï") -> Ï
... A80: =Home!A276 -> Refrigerant | B80: EQ (Refrigerant Management) Regulations 2020 replace the 1999 regulation. | C80: =IF(Home!B276=TRUE,"applicable","Not applicable") -> Not applicable | D80: =Home!B276 -> FALSE | E80: Environmental Quality (Refrigerant Management) Regulations 2020 replace the 1999 regulation and apply to refrigerant management. | F80: Refrigerant handling and environmental compliance shall be assessed. | G80: Refrigerant management control is not applied. | P80: =Home!B276 -> FALSE | R80: =IF(P80=TRUE,"P","Ï") -> Ï
A81: =Home!A280 -> 38. Use of company vehicles for operations | B81: OSHA 1994 and DOSH Code of Practice for Road Transport Activities 2010 support work-related transport safety management. | C81: =IF(IF(Home!B281=Home!B282,"",Home!B281)=TRUE,F81,G81) -> Company vehicle operation control is not applied. | E81: OSHA 1994 and DOSH Code of Practice for Road Transport Activities 2010 support work-related transport safety management. | F81: Work-related road transport safety shall be assessed. | G81: Company vehicle operation control is not applied. | P81: =Home!B281 -> FALSE | Q81: =Home!B282 -> FALSE | R81: =IF(P81=TRUE,"P","Ï") -> Ï
A82: =Home!A286 -> 39. Transportation of hazardous materials | B82: OSHA/CLASS/USECHH apply to hazardous chemical information and exposure control; road transport safety code applies where materials are transported for work. | C82: =IF(IF(Home!B287=Home!B288,"",Home!B287)=TRUE,F82,G82) -> Hazardous material transport control is not applied. | E82: OSHA/CLASS/USECHH apply to hazardous chemical information and exposure control; road transport safety code applies where materials are transported for work. | F82: Hazard communication, transport safety and spill response shall be assessed. | G82: Hazardous material transport control is not applied. | P82: =Home!B287 -> FALSE | Q82: =Home!B288 -> FALSE | R82: =IF(P82=TRUE,"P","Ï") -> Ï
A83: =Home!A292 -> 40. Operation of forklifts or material handling vehicles | B83: OSHA 1994 Sections 15 and 18B require safe system of work and risk assessment for mechanical handling. | C83: =IF(IF(Home!B293=Home!B294,"",Home!B293)=TRUE,F83,G83) -> Forklift/material handling control is not applied. | D83: =Home!B293 -> FALSE | E83: OSHA 1994 Sections 15 and 18B require safe system of work and risk assessment for mechanical handling. | F83: Forklift/material handling risk and competency shall be assessed. | G83: Forklift/material handling control is not applied. | P83: =Home!B293 -> FALSE | Q83: =Home!B294 -> FALSE | R83: =IF(P83=TRUE,"P","Ï") -> Ï
A84: =Home!A300 -> 41. Premise located near river or water body | B84: EQA controls pollution risk to soil and inland waters; effluent/sewage/scheduled waste laws may be triggered depending on discharge or waste. | C84: =IF(IF(Home!B301=Home!B302,"",Home!B301)=TRUE,F84,G84) -> River/water-body sensitivity control is not applied. | E84: EQA controls pollution risk to soil and inland waters; effluent/sewage/scheduled waste laws may be triggered depending on discharge or waste. | F84: Environmental sensitivity and water pollution prevention shall be assessed. | G84: River/water-body sensitivity control is not applied. | P84: =Home!B301 -> FALSE | Q84: =Home!B302 -> FALSE | R84: =IF(P84=TRUE,"P","Ï") -> Ï
A85: =Home!A306 -> 42. Premise located near residential area | B85: EQA Clean Air, Industrial Effluent/Sewage and general pollution controls may apply where activities impact nearby receptors. | C85: =IF(IF(Home!B307=Home!B308,"",Home!B307)=TRUE,F85,G85) -> Residential receptor sensitivity control is not applied. | E85: EQA Clean Air, Industrial Effluent/Sewage and general pollution controls may apply where activities impact nearby receptors. | F85: Noise, air, odour and wastewater impact to neighbours shall be assessed. | G85: Residential receptor sensitivity control is not applied. | P85: =Home!B307 -> FALSE | Q85: =Home!B308 -> FALSE | R85: =IF(P85=TRUE,"P","Ï") -> Ï
A86: =Home!A312 -> 43. Activities involving land clearing or earthwork | B86: EQA Prescribed Activities / EIA Order applies where land clearing or earthwork meets prescribed activity thresholds; CDM applies if construction work is involved. | C86: =IF(IF(Home!B313=Home!B314,"",Home!B313)=TRUE,F86,G86) -> EIA/earthwork-specific control is not applied. | E86: EQA Prescribed Activities / EIA Order applies where land clearing or earthwork meets prescribed activity thresholds; CDM applies if construction work is involved. | F86: EIA screening and construction/environmental controls shall be assessed. | G86: EIA/earthwork-specific control is not applied. | P86: =Home!B313 -> FALSE | Q86: =Home!B314 -> FALSE | R86: =IF(P86=TRUE,"P","Ï") -> Ï
A87: =Home!A318 -> 44. Operation of solid waste transfer station or landfill | B87: The owner or occupier shall control pollution from leachate, noise, dust, odour, air pollution, soil pollution, surface water pollution and groundwater pollution. | C87: =IF(IF(Home!B319=Home!B320,"",Home!B319)=TRUE,F87,G87) -> This regulation is not applicable | F87: The activities shall be complied with. | G87: This regulation is not applicable
A92: List of Competency to align with Section 31 OSHA
A99: Central | B99: =IFERROR(VLOOKUP(Home!#REF!,'back-data'!$A$111:$I$115,2,FALSE),"") | C99: =VLOOKUP(Home!#REF!,'back-data'!$A$111:$I$115,2,FALSE) -> #REF!
A100: Southern | B100: =IFERROR(IF(VLOOKUP(Home!#REF!,'back-data'!$A$111:$I$115,3,FALSE)=0,"",VLOOKUP(Home!#REF!,'back-data'!$A$111:$I$115,3,FALSE)),"")
A101: Northern | B101: =IFERROR(IF(VLOOKUP(Home!#REF!,'back-data'!$A$111:$I$115,4,FALSE)=0,"",VLOOKUP(Home!#REF!,'back-data'!$A$111:$I$115,4,FALSE)),"")
A102: LPT2 | B102: =IFERROR(IF(VLOOKUP(Home!#REF!,'back-data'!$A$111:$I$115,5,FALSE)=0,"",VLOOKUP(Home!#REF!,'back-data'!$A$111:$I$115,5,FALSE)),"")
A103: HQ | B103: =IFERROR(IF(VLOOKUP(Home!#REF!,'back-data'!$A$111:$I$115,6,FALSE)=0,"",VLOOKUP(Home!#REF!,'back-data'!$A$111:$I$115,6,FALSE)),"")
B104: =IFERROR(IF(VLOOKUP(Home!#REF!,'back-data'!$A$111:$I$115,7,FALSE)=0,"",VLOOKUP(Home!#REF!,'back-data'!$A$111:$I$115,7,FALSE)),"")
B105: =IFERROR(IF(VLOOKUP(Home!#REF!,'back-data'!$A$111:$I$115,8,FALSE)=0,"",VLOOKUP(Home!#REF!,'back-data'!$A$111:$I$115,8,FALSE)),"")
B106: =IFERROR(IF(VLOOKUP(Home!#REF!,'back-data'!$A$111:$I$115,9,FALSE)=0,"",VLOOKUP(Home!#REF!,'back-data'!$A$111:$I$115,9,FALSE)),"")
A110: 1 | B110: 2 | C110: 3 | D110: 4 | E110: 5 | F110: 6 | G110: 7 | H110: 8 | I110: 9
A111: Central | B111: Central Region Office (CRO) | C111: Section Office C1&C2 | D111: Section Office C3 | E111: Section Office C4 | F111: Section Office C5 | G111: Section Office C6
A112: Southern | B112: Southern Region Office (SRO) | C112: Section Office S1 | D112: Section Office S2 | E112: Section Office S3 | F112: Section Office S4&S5/S6
A113: Northern | B113: Northern Region Office (NRO) | C113: Section Office N1/N2 | D113: Section Office N3N7&N6 | E113: Section Office N4&N5
A114: LPT2 | B114: Pejabat Admin Ajil (LPT2)
A115: HQ | B115: Facilities Management Services | C115: Traffic Safety | D115: Routine Maintenance Civil | E115: Maintenance & Asset Management | F115: Projects Delivery | G115: Maintenance & Projects | H115: Highway Asset Info & Modelling | I115: HSSE
A142: Plant
A143: Main office
A144: Office
A145: Facilities / Infrastructure
A146: Workshops
A147: others
A149: Ad-hoc
A150: Monthly
A151: Quarterly
...

Sheet Action_Tracker
A1: Compliance Action Tracker
A2: Automatically lists all legal requirements evaluated as Not Comply. Complete the target date, action status and closure evidence in this tracker.
A3: Reporting hierarchy: Acts → Regulations → Rules / By-Laws → ICOP → Guidance
A4: Action ID | B4: Source Law / Requirement | C4: Finding Type | D4: Gaps | E4: Actions | F4: Target Date | G4: Action Status | H4: Days Remaining | I4: Status | J4: Evidence / Remarks
A5: =IF($Q5="","",LEFT($Q5,FIND("♦",$Q5)-1)) | B5: =IF($Q5="","",MID($Q5,FIND("♦",$Q5)+1,FIND("♦",$Q5,FIND("♦",$Q5)+1)-FIND("♦",$Q5)-1)) | C5: =IF($Q5="","","Not Comply") | D5: =IF($Q5="","",MID($Q5,FIND("♦",$Q5,FIND("♦",$Q5)+1)+1,FIND("♦",$Q5,FIND("♦",$Q5,FIND("♦",$Q5)+1)+1)-FIND("♦",$Q5,FIND("♦",$Q5)+1)-1)) | E5: =IF($Q5="","",RIGHT($Q5,LEN($Q5)-FIND("♦",$Q5,FIND("♦",$Q5,FIND("♦",$Q5)+1)+1))) | H5: =IF(OR($B5="",G5="Closed",F5=""),"",F5-TODAY()) | I5: =IF($B5="","",IF(G5="Closed","Closed",IF(F5="","No Date",IF(F5<TODAY(),"Overdue",IF(F5-TODAY()<=7,"Due Soon","On Track"))))) | K5: =IF(OSHA!F4="Not Comply",MAX($K$4:K4)+1,"") | L5: =IF(OSHA!F4="Not Comply",T(OSHA!K4)&"♦"&T(OSHA!B4)&"♦"&T(OSHA!G4)&"♦"&T(OSHA!H4),"") | Q5: =IFERROR(INDEX($L$5:$L$657,MATCH(ROWS($Q$5:Q5),$K$5:$K$657,0)),"")
A6: =IF($Q6="","",LEFT($Q6,FIND("♦",$Q6)-1)) | B6: =IF($Q6="","",MID($Q6,FIND("♦",$Q6)+1,FIND("♦",$Q6,FIND("♦",$Q6)+1)-FIND("♦",$Q6)-1)) | C6: =IF($Q6="","","Not Comply") | D6: =IF($Q6="","",MID($Q6,FIND("♦",$Q6,FIND("♦",$Q6)+1)+1,FIND("♦",$Q6,FIND("♦",$Q6,FIND("♦",$Q6)+1)+1)-FIND("♦",$Q6,FIND("♦",$Q6)+1)-1)) | E6: =IF($Q6="","",RIGHT($Q6,LEN($Q6)-FIND("♦",$Q6,FIND("♦",$Q6,FIND("♦",$Q6)+1)+1))) | H6: =IF(OR($B6="",G6="Closed",F6=""),"",F6-TODAY()) | I6: =IF($B6="","",IF(G6="Closed","Closed",IF(F6="","No Date",IF(F6<TODAY(),"Overdue",IF(F6-TODAY()<=7,"Due Soon","On Track"))))) | K6: =IF(OSHA!F5="Not Comply",MAX($K$4:K5)+1,"") | L6: =IF(OSHA!F5="Not Comply",T(OSHA!K5)&"♦"&T(OSHA!B5)&"♦"&T(OSHA!G5)&"♦"&T(OSHA!H5),"") | Q6: =IFERROR(INDEX($L$5:$L$657,MATCH(ROWS($Q$5:Q6),$K$5:$K$657,0)),"")
A7: =IF($Q7="","",LEFT($Q7,FIND("♦",$Q7)-1)) | B7: =IF($Q7="","",MID($Q7,FIND("♦",$Q7)+1,FIND("♦",$Q7,FIND("♦",$Q7)+1)-FIND("♦",$Q7)-1)) | C7: =IF($Q7="","","Not Comply") | D7: =IF($Q7="","",MID($Q7,FIND("♦",$Q7,FIND("♦",$Q7)+1)+1,FIND("♦",$Q7,FIND("♦",$Q7,FIND("♦",$Q7)+1)+1)-FIND("♦",$Q7,FIND("♦",$Q7)+1)-1)) | E7: =IF($Q7="","",RIGHT($Q7,LEN($Q7)-FIND("♦",$Q7,FIND("♦",$Q7,FIND("♦",$Q7)+1)+1))) | H7: =IF(OR($B7="",G7="Closed",F7=""),"",F7-TODAY()) | I7: =IF($B7="","",IF(G7="Closed","Closed",IF(F7="","No Date",IF(F7<TODAY(),"Overdue",IF(F7-TODAY()<=7,"Due Soon","On Track"))))) | K7: =IF(OSHA!F6="Not Comply",MAX($K$4:K6)+1,"") | L7: =IF(OSHA!F6="Not Comply",T(OSHA!K6)&"♦"&T(OSHA!B6)&"♦"&T(OSHA!G6)&"♦"&T(OSHA!H6),"") | Q7: =IFERROR(INDEX($L$5:$L$657,MATCH(ROWS($Q$5:Q7),$K$5:$K$657,0)),"")
A8: =IF($Q8="","",LEFT($Q8,FIND("♦",$Q8)-1)) | B8: =IF($Q8="","",MID($Q8,FIND("♦",$Q8)+1,FIND("♦",$Q8,FIND("♦",$Q8)+1)-FIND("♦",$Q8)-1)) | C8: =IF($Q8="","","Not Comply") | D8: =IF($Q8="","",MID($Q8,FIND("♦",$Q8,FIND("♦",$Q8)+1)+1,FIND("♦",$Q8,FIND("♦",$Q8,FIND("♦",$Q8)+1)+1)-FIND("♦",$Q8,FIND("♦",$Q8)+1)-1)) | E8: =IF($Q8="","",RIGHT($Q8,LEN($Q8)-FIND("♦",$Q8,FIND("♦",$Q8,FIND("♦",$Q8)+1)+1))) | H8: =IF(OR($B8="",G8="Closed",F8=""),"",F8-TODAY()) | I8: =IF($B8="","",IF(G8="Closed","Closed",IF(F8="","No Date",IF(F8<TODAY(),"Overdue",IF(F8-TODAY()<=7,"Due Soon","On Track"))))) | K8: =IF(OSHA!F7="Not Comply",MAX($K$4:K7)+1,"") | L8: =IF(OSHA!F7="Not Comply",T(OSHA!K7)&"♦"&T(OSHA!B7)&"♦"&T(OSHA!G7)&"♦"&T(OSHA!H7),"") | Q8: =IFERROR(INDEX($L$5:$L$657,MATCH(ROWS($Q$5:Q8),$K$5:$K$657,0)),"")
A9: =IF($Q9="","",LEFT($Q9,FIND("♦",$Q9)-1)) | B9: =IF($Q9="","",MID($Q9,FIND("♦",$Q9)+1,FIND("♦",$Q9,FIND("♦",$Q9)+1)-FIND("♦",$Q9)-1)) | C9: =IF($Q9="","","Not Comply") | D9: =IF($Q9="","",MID($Q9,FIND("♦",$Q9,FIND("♦",$Q9)+1)+1,FIND("♦",$Q9,FIND("♦",$Q9,FIND("♦",$Q9)+1)+1)-FIND("♦",$Q9,FIND("♦",$Q9)+1)-1)) | E9: =IF($Q9="","",RIGHT($Q9,LEN($Q9)-FIND("♦",$Q9,FIND("♦",$Q9,FIND("♦",$Q9)+1)+1))) | H9: =IF(OR($B9="",G9="Closed",F9=""),"",F9-TODAY()) | I9: =IF($B9="","",IF(G9="Closed","Closed",IF(F9="","No Date",IF(F9<TODAY(),"Overdue",IF(F9-TODAY()<=7,"Due Soon","On Track"))))) | K9: =IF(OSHA!F8="Not Comply",MAX($K$4:K8)+1,"") | L9: =IF(OSHA!F8="Not Comply",T(OSHA!K8)&"♦"&T(OSHA!B8)&"♦"&T(OSHA!G8)&"♦"&T(OSHA!H8),"") | Q9: =IFERROR(INDEX($L$5:$L$657,MATCH(ROWS($Q$5:Q9),$K$5:$K$657,0)),"")
A10: =IF($Q10="","",LEFT($Q10,FIND("♦",$Q10)-1)) | B10: =IF($Q10="","",MID($Q10,FIND("♦",$Q10)+1,FIND("♦",$Q10,FIND("♦",$Q10)+1)-FIND("♦",$Q10)-1)) | C10: =IF($Q10="","","Not Comply") | D10: =IF($Q10="","",MID($Q10,FIND("♦",$Q10,FIND("♦",$Q10)+1)+1,FIND("♦",$Q10,FIND("♦",$Q10,FIND("♦",$Q10)+1)+1)-FIND("♦",$Q10,FIND("♦",$Q10)+1)-1)) | E10: =IF($Q10="","",RIGHT($Q10,LEN($Q10)-FIND("♦",$Q10,FIND("♦",$Q10,FIND("♦",$Q10)+1)+1))) | H10: =IF(OR($B10="",G10="Closed",F10=""),"",F10-TODAY()) | I10: =IF($B10="","",IF(G10="Closed","Closed",IF(F10="","No Date",IF(F10<TODAY(),"Overdue",IF(F10-TODAY()<=7,"Due Soon","On Track"))))) | K10: =IF(OSHA!F9="Not Comply",MAX($K$4:K9)+1,"") | L10: =IF(OSHA!F9="Not Comply",T(OSHA!K9)&"♦"&T(OSHA!B9)&"♦"&T(OSHA!G9)&"♦"&T(OSHA!H9),"") | Q10: =IFERROR(INDEX($L$5:$L$657,MATCH(ROWS($Q$5:Q10),$K$5:$K$657,0)),"")
A11: =IF($Q11="","",LEFT($Q11,FIND("♦",$Q11)-1)) | B11: =IF($Q11="","",MID($Q11,FIND("♦",$Q11)+1,FIND("♦",$Q11,FIND("♦",$Q11)+1)-FIND("♦",$Q11)-1)) | C11: =IF($Q11="","","Not Comply") | D11: =IF($Q11="","",MID($Q11,FIND("♦",$Q11,FIND("♦",$Q11)+1)+1,FIND("♦",$Q11,FIND("♦",$Q11,FIND("♦",$Q11)+1)+1)-FIND("♦",$Q11,FIND("♦",$Q11)+1)-1)) | E11: =IF($Q11="","",RIGHT($Q11,LEN($Q11)-FIND("♦",$Q11,FIND("♦",$Q11,FIND("♦",$Q11)+1)+1))) | H11: =IF(OR($B11="",G11="Closed",F11=""),"",F11-TODAY()) | I11: =IF($B11="","",IF(G11="Closed","Closed",IF(F11="","No Date",IF(F11<TODAY(),"Overdue",IF(F11-TODAY()<=7,"Due Soon","On Track"))))) | K11: =IF(OSHA!F10="Not Comply",MAX($K$4:K10)+1,"") | L11: =IF(OSHA!F10="Not Comply",T(OSHA!K10)&"♦"&T(OSHA!B10)&"♦"&T(OSHA!G10)&"♦"&T(OSHA!H10),"") | Q11: =IFERROR(INDEX($L$5:$L$657,MATCH(ROWS($Q$5:Q11),$K$5:$K$657,0)),"")
A12: =IF($Q12="","",LEFT($Q12,FIND("♦",$Q12)-1)) | B12: =IF($Q12="","",MID($Q12,FIND("♦",$Q12)+1,FIND("♦",$Q12,FIND("♦",$Q12)+1)-FIND("♦",$Q12)-1)) | C12: =IF($Q12="","","Not Comply") | D12: =IF($Q12="","",MID($Q12,FIND("♦",$Q12,FIND("♦",$Q12)+1)+1,FIND("♦",$Q12,FIND("♦",$Q12,FIND("♦",$Q12)+1)+1)-FIND("♦",$Q12,FIND("♦",$Q12)+1)-1)) | E12: =IF($Q12="","",RIGHT($Q12,LEN($Q12)-FIND("♦",$Q12,FIND("♦",$Q12,FIND("♦",$Q12)+1)+1))) | H12: =IF(OR($B12="",G12="Closed",F12=""),"",F12-TODAY()) | I12: =IF($B12="","",IF(G12="Closed","Closed",IF(F12="","No Date",IF(F12<TODAY(),"Overdue",IF(F12-TODAY()<=7,"Due Soon","On Track"))))) | K12: =IF(OSHA!F11="Not Comply",MAX($K$4:K11)+1,"") | L12: =IF(OSHA!F11="Not Comply",T(OSHA!K11)&"♦"&T(OSHA!B11)&"♦"&T(OSHA!G11)&"♦"&T(OSHA!H11),"") | Q12: =IFERROR(INDEX($L$5:$L$657,MATCH(ROWS($Q$5:Q12),$K$5:$K$657,0)),"")
A13: =IF($Q13="","",LEFT($Q13,FIND("♦",$Q13)-1)) | B13: =IF($Q13="","",MID($Q13,FIND("♦",$Q13)+1,FIND("♦",$Q13,FIND("♦",$Q13)+1)-FIND("♦",$Q13)-1)) | C13: =IF($Q13="","","Not Comply") | D13: =IF($Q13="","",MID($Q13,FIND("♦",$Q13,FIND("♦",$Q13)+1)+1,FIND("♦",$Q13,FIND("♦",$Q13,FIND("♦",$Q13)+1)+1)-FIND("♦",$Q13,FIND("♦",$Q13)+1)-1)) | E13: =IF($Q13="","",RIGHT($Q13,LEN($Q13)-FIND("♦",$Q13,FIND("♦",$Q13,FIND("♦",$Q13)+1)+1))) | H13: =IF(OR($B13="",G13="Closed",F13=""),"",F13-TODAY()) | I13: =IF($B13="","",IF(G13="Closed","Closed",IF(F13="","No Date",IF(F13<TODAY(),"Overdue",IF(F13-TODAY()<=7,"Due Soon","On Track"))))) | K13: =IF(OSHA!F12="Not Comply",MAX($K$4:K12)+1,"") | L13: =IF(OSHA!F12="Not Comply",T(OSHA!K12)&"♦"&T(OSHA!B12)&"♦"&T(OSHA!G12)&"♦"&T(OSHA!H12),"") | Q13: =IFERROR(INDEX($L$5:$L$657,MATCH(ROWS($Q$5:Q13),$K$5:$K$657,0)),"")
A14: =IF($Q14="","",LEFT($Q14,FIND("♦",$Q14)-1)) | B14: =IF($Q14="","",MID($Q14,FIND("♦",$Q14)+1,FIND("♦",$Q14,FIND("♦",$Q14)+1)-FIND("♦",$Q14)-1)) | C14: =IF($Q14="","","Not Comply") | D14: =IF($Q14="","",MID($Q14,FIND("♦",$Q14,FIND("♦",$Q14)+1)+1,FIND("♦",$Q14,FIND("♦",$Q14,FIND("♦",$Q14)+1)+1)-FIND("♦",$Q14,FIND("♦",$Q14)+1)-1)) | E14: =IF($Q14="","",RIGHT($Q14,LEN($Q14)-FIND("♦",$Q14,FIND("♦",$Q14,FIND("♦",$Q14)+1)+1))) | H14: =IF(OR($B14="",G14="Closed",F14=""),"",F14-TODAY()) | I14: =IF($B14="","",IF(G14="Closed","Closed",IF(F14="","No Date",IF(F14<TODAY(),"Overdue",IF(F14-TODAY()<=7,"Due Soon","On Track"))))) | K14: =IF(OSHA!F13="Not Comply",MAX($K$4:K13)+1,"") | L14: =IF(OSHA!F13="Not Comply",T(OSHA!K13)&"♦"&T(OSHA!B13)&"♦"&T(OSHA!G13)&"♦"&T(OSHA!H13),"") | Q14: =IFERROR(INDEX($L$5:$L$657,MATCH(ROWS($Q$5:Q14),$K$5:$K$657,0)),"")
A15: =IF($Q15="","",LEFT($Q15,FIND("♦",$Q15)-1)) | B15: =IF($Q15="","",MID($Q15,FIND("♦",$Q15)+1,FIND("♦",$Q15,FIND("♦",$Q15)+1)-FIND("♦",$Q15)-1)) | C15: =IF($Q15="","","Not Comply") | D15: =IF($Q15="","",MID($Q15,FIND("♦",$Q15,FIND("♦",$Q15)+1)+1,FIND("♦",$Q15,FIND("♦",$Q15,FIND("♦",$Q15)+1)+1)-FIND("♦",$Q15,FIND("♦",$Q15)+1)-1)) | E15: =IF($Q15="","",RIGHT($Q15,LEN($Q15)-FIND("♦",$Q15,FIND("♦",$Q15,FIND("♦",$Q15)+1)+1))) | H15: =IF(OR($B15="",G15="Closed",F15=""),"",F15-TODAY()) | I15: =IF($B15="","",IF(G15="Closed","Closed",IF(F15="","No Date",IF(F15<TODAY(),"Overdue",IF(F15-TODAY()<=7,"Due Soon","On Track"))))) | K15: =IF(OSHA!F14="Not Comply",MAX($K$4:K14)+1,"") | L15: =IF(OSHA!F14="Not Comply",T(OSHA!K14)&"♦"&T(OSHA!B14)&"♦"&T(OSHA!G14)&"♦"&T(OSHA!H14),"") | Q15: =IFERROR(INDEX($L$5:$L$657,MATCH(ROWS($Q$5:Q15),$K$5:$K$657,0)),"")
A16: =IF($Q16="","",LEFT($Q16,FIND("♦",$Q16)-1)) | B16: =IF($Q16="","",MID($Q16,FIND("♦",$Q16)+1,FIND("♦",$Q16,FIND("♦",$Q16)+1)-FIND("♦",$Q16)-1)) | C16: =IF($Q16="","","Not Comply") | D16: =IF($Q16="","",MID($Q16,FIND("♦",$Q16,FIND("♦",$Q16)+1)+1,FIND("♦",$Q16,FIND("♦",$Q16,FIND("♦",$Q16)+1)+1)-FIND("♦",$Q16,FIND("♦",$Q16)+1)-1)) | E16: =IF($Q16="","",RIGHT($Q16,LEN($Q16)-FIND("♦",$Q16,FIND("♦",$Q16,FIND("♦",$Q16)+1)+1))) | H16: =IF(OR($B16="",G16="Closed",F16=""),"",F16-TODAY()) | I16: =IF($B16="","",IF(G16="Closed","Closed",IF(F16="","No Date",IF(F16<TODAY(),"Overdue",IF(F16-TODAY()<=7,"Due Soon","On Track"))))) | K16: =IF(OSHA!F15="Not Comply",MAX($K$4:K15)+1,"") | L16: =IF(OSHA!F15="Not Comply",T(OSHA!K15)&"♦"&T(OSHA!B15)&"♦"&T(OSHA!G15)&"♦"&T(OSHA!H15),"") | Q16: =IFERROR(INDEX($L$5:$L$657,MATCH(ROWS($Q$5:Q16),$K$5:$K$657,0)),"")
... A30: =IF($Q30="","",LEFT($Q30,FIND("♦",$Q30)-1)) | B30: =IF($Q30="","",MID($Q30,FIND("♦",$Q30)+1,FIND("♦",$Q30,FIND("♦",$Q30)+1)-FIND("♦",$Q30)-1)) | C30: =IF($Q30="","","Not Comply") | D30: =IF($Q30="","",MID($Q30,FIND("♦",$Q30,FIND("♦",$Q30)+1)+1,FIND("♦",$Q30,FIND("♦",$Q30,FIND("♦",$Q30)+1)+1)-FIND("♦",$Q30,FIND("♦",$Q30)+1)-1)) | E30: =IF($Q30="","",RIGHT($Q30,LEN($Q30)-FIND("♦",$Q30,FIND("♦",$Q30,FIND("♦",$Q30)+1)+1))) | H30: =IF(OR($B30="",G30="Closed",F30=""),"",F30-TODAY()) | I30: =IF($B30="","",IF(G30="Closed","Closed",IF(F30="","No Date",IF(F30<TODAY(),"Overdue",IF(F30-TODAY()<=7,"Due Soon","On Track"))))) | K30: =IF(OSHA!F29="Not Comply",MAX($K$4:K29)+1,"") | L30: =IF(OSHA!F29="Not Comply",T(OSHA!K29)&"♦"&T(OSHA!B29)&"♦"&T(OSHA!G29)&"♦"&T(OSHA!H29),"") | Q30: =IFERROR(INDEX($L$5:$L$657,MATCH(ROWS($Q$5:Q30),$K$5:$K$657,0)),"")
A31: =IF($Q31="","",LEFT($Q31,FIND("♦",$Q31)-1)) | B31: =IF($Q31="","",MID($Q31,FIND("♦",$Q31)+1,FIND("♦",$Q31,FIND("♦",$Q31)+1)-FIND("♦",$Q31)-1)) | C31: =IF($Q31="","","Not Comply") | D31: =IF($Q31="","",MID($Q31,FIND("♦",$Q31,FIND("♦",$Q31)+1)+1,FIND("♦",$Q31,FIND("♦",$Q31,FIND("♦",$Q31)+1)+1)-FIND("♦",$Q31,FIND("♦",$Q31)+1)-1)) | E31: =IF($Q31="","",RIGHT($Q31,LEN($Q31)-FIND("♦",$Q31,FIND("♦",$Q31,FIND("♦",$Q31)+1)+1))) | H31: =IF(OR($B31="",G31="Closed",F31=""),"",F31-TODAY()) | I31: =IF($B31="","",IF(G31="Closed","Closed",IF(F31="","No Date",IF(F31<TODAY(),"Overdue",IF(F31-TODAY()<=7,"Due Soon","On Track"))))) | K31: =IF(EQA!F4="Not Comply",MAX($K$4:K30)+1,"") | L31: =IF(EQA!F4="Not Comply",T(EQA!K4)&"♦"&T(EQA!B4)&"♦"&T(EQA!G4)&"♦"&T(EQA!H4),"") | Q31: =IFERROR(INDEX($L$5:$L$657,MATCH(ROWS($Q$5:Q31),$K$5:$K$657,0)),"")
A32: =IF($Q32="","",LEFT($Q32,FIND("♦",$Q32)-1)) | B32: =IF($Q32="","",MID($Q32,FIND("♦",$Q32)+1,FIND("♦",$Q32,FIND("♦",$Q32)+1)-FIND("♦",$Q32)-1)) | C32: =IF($Q32="","","Not Comply") | D32: =IF($Q32="","",MID($Q32,FIND("♦",$Q32,FIND("♦",$Q32)+1)+1,FIND("♦",$Q32,FIND("♦",$Q32,FIND("♦",$Q32)+1)+1)-FIND("♦",$Q32,FIND("♦",$Q32)+1)-1)) | E32: =IF($Q32="","",RIGHT($Q32,LEN($Q32)-FIND("♦",$Q32,FIND("♦",$Q32,FIND("♦",$Q32)+1)+1))) | H32: =IF(OR($B32="",G32="Closed",F32=""),"",F32-TODAY()) | I32: =IF($B32="","",IF(G32="Closed","Closed",IF(F32="","No Date",IF(F32<TODAY(),"Overdue",IF(F32-TODAY()<=7,"Due Soon","On Track"))))) | K32: =IF(EQA!F5="Not Comply",MAX($K$4:K31)+1,"") | L32: =IF(EQA!F5="Not Comply",T(EQA!K5)&"♦"&T(EQA!B5)&"♦"&T(EQA!G5)&"♦"&T(EQA!H5),"") | Q32: =IFERROR(INDEX($L$5:$L$657,MATCH(ROWS($Q$5:Q32),$K$5:$K$657,0)),"")
A33: =IF($Q33="","",LEFT($Q33,FIND("♦",$Q33)-1)) | B33: =IF($Q33="","",MID($Q33,FIND("♦",$Q33)+1,FIND("♦",$Q33,FIND("♦",$Q33)+1)-FIND("♦",$Q33)-1)) | C33: =IF($Q33="","","Not Comply") | D33: =IF($Q33="","",MID($Q33,FIND("♦",$Q33,FIND("♦",$Q33)+1)+1,FIND("♦",$Q33,FIND("♦",$Q33,FIND("♦",$Q33)+1)+1)-FIND("♦",$Q33,FIND("♦",$Q33)+1)-1)) | E33: =IF($Q33="","",RIGHT($Q33,LEN($Q33)-FIND("♦",$Q33,FIND("♦",$Q33,FIND("♦",$Q33)+1)+1))) | H33: =IF(OR($B33="",G33="Closed",F33=""),"",F33-TODAY()) | I33: =IF($B33="","",IF(G33="Closed","Closed",IF(F33="","No Date",IF(F33<TODAY(),"Overdue",IF(F33-TODAY()<=7,"Due Soon","On Track"))))) | K33: =IF(EQA!F6="Not Comply",MAX($K$4:K32)+1,"") | L33: =IF(EQA!F6="Not Comply",T(EQA!K6)&"♦"&T(EQA!B6)&"♦"&T(EQA!G6)&"♦"&T(EQA!H6),"") | Q33: =IFERROR(INDEX($L$5:$L$657,MATCH(ROWS($Q$5:Q33),$K$5:$K$657,0)),"")
A34: =IF($Q34="","",LEFT($Q34,FIND("♦",$Q34)-1)) | B34: =IF($Q34="","",MID($Q34,FIND("♦",$Q34)+1,FIND("♦",$Q34,FIND("♦",$Q34)+1)-FIND("♦",$Q34)-1)) | C34: =IF($Q34="","","Not Comply") | D34: =IF($Q34="","",MID($Q34,FIND("♦",$Q34,FIND("♦",$Q34)+1)+1,FIND("♦",$Q34,FIND("♦",$Q34,FIND("♦",$Q34)+1)+1)-FIND("♦",$Q34,FIND("♦",$Q34)+1)-1)) | E34: =IF($Q34="","",RIGHT($Q34,LEN($Q34)-FIND("♦",$Q34,FIND("♦",$Q34,FIND("♦",$Q34)+1)+1))) | H34: =IF(OR($B34="",G34="Closed",F34=""),"",F34-TODAY()) | I34: =IF($B34="","",IF(G34="Closed","Closed",IF(F34="","No Date",IF(F34<TODAY(),"Overdue",IF(F34-TODAY()<=7,"Due Soon","On Track"))))) | K34: =IF(EQA!F7="Not Comply",MAX($K$4:K33)+1,"") | L34: =IF(EQA!F7="Not Comply",T(EQA!K7)&"♦"&T(EQA!B7)&"♦"&T(EQA!G7)&"♦"&T(EQA!H7),"") | Q34: =IFERROR(INDEX($L$5:$L$657,MATCH(ROWS($Q$5:Q34),$K$5:$K$657,0)),"")
A35: =IF($Q35="","",LEFT($Q35,FIND("♦",$Q35)-1)) | B35: =IF($Q35="","",MID($Q35,FIND("♦",$Q35)+1,FIND("♦",$Q35,FIND("♦",$Q35)+1)-FIND("♦",$Q35)-1)) | C35: =IF($Q35="","","Not Comply") | D35: =IF($Q35="","",MID($Q35,FIND("♦",$Q35,FIND("♦",$Q35)+1)+1,FIND("♦",$Q35,FIND("♦",$Q35,FIND("♦",$Q35)+1)+1)-FIND("♦",$Q35,FIND("♦",$Q35)+1)-1)) | E35: =IF($Q35="","",RIGHT($Q35,LEN($Q35)-FIND("♦",$Q35,FIND("♦",$Q35,FIND("♦",$Q35)+1)+1))) | H35: =IF(OR($B35="",G35="Closed",F35=""),"",F35-TODAY()) | I35: =IF($B35="","",IF(G35="Closed","Closed",IF(F35="","No Date",IF(F35<TODAY(),"Overdue",IF(F35-TODAY()<=7,"Due Soon","On Track"))))) | K35: =IF(EQA!F8="Not Comply",MAX($K$4:K34)+1,"") | L35: =IF(EQA!F8="Not Comply",T(EQA!K8)&"♦"&T(EQA!B8)&"♦"&T(EQA!G8)&"♦"&T(EQA!H8),"") | Q35: =IFERROR(INDEX($L$5:$L$657,MATCH(ROWS($Q$5:Q35),$K$5:$K$657,0)),"")
A36: =IF($Q36="","",LEFT($Q36,FIND("♦",$Q36)-1)) | B36: =IF($Q36="","",MID($Q36,FIND("♦",$Q36)+1,FIND("♦",$Q36,FIND("♦",$Q36)+1)-FIND("♦",$Q36)-1)) | C36: =IF($Q36="","","Not Comply") | D36: =IF($Q36="","",MID($Q36,FIND("♦",$Q36,FIND("♦",$Q36)+1)+1,FIND("♦",$Q36,FIND("♦",$Q36,FIND("♦",$Q36)+1)+1)-FIND("♦",$Q36,FIND("♦",$Q36)+1)-1)) | E36: =IF($Q36="","",RIGHT($Q36,LEN($Q36)-FIND("♦",$Q36,FIND("♦",$Q36,FIND("♦",$Q36)+1)+1))) | H36: =IF(OR($B36="",G36="Closed",F36=""),"",F36-TODAY()) | I36: =IF($B36="","",IF(G36="Closed","Closed",IF(F36="","No Date",IF(F36<TODAY(),"Overdue",IF(F36-TODAY()<=7,"Due Soon","On Track"))))) | K36: =IF(EQA!F9="Not Comply",MAX($K$4:K35)+1,"") | L36: =IF(EQA!F9="Not Comply",T(EQA!K9)&"♦"&T(EQA!B9)&"♦"&T(EQA!G9)&"♦"&T(EQA!H9),"") | Q36: =IFERROR(INDEX($L$5:$L$657,MATCH(ROWS($Q$5:Q36),$K$5:$K$657,0)),"")
A37: =IF($Q37="","",LEFT($Q37,FIND("♦",$Q37)-1)) | B37: =IF($Q37="","",MID($Q37,FIND("♦",$Q37)+1,FIND("♦",$Q37,FIND("♦",$Q37)+1)-FIND("♦",$Q37)-1)) | C37: =IF($Q37="","","Not Comply") | D37: =IF($Q37="","",MID($Q37,FIND("♦",$Q37,FIND("♦",$Q37)+1)+1,FIND("♦",$Q37,FIND("♦",$Q37,FIND("♦",$Q37)+1)+1)-FIND("♦",$Q37,FIND("♦",$Q37)+1)-1)) | E37: =IF($Q37="","",RIGHT($Q37,LEN($Q37)-FIND("♦",$Q37,FIND("♦",$Q37,FIND("♦",$Q37)+1)+1))) | H37: =IF(OR($B37="",G37="Closed",F37=""),"",F37-TODAY()) | I37: =IF($B37="","",IF(G37="Closed","Closed",IF(F37="","No Date",IF(F37<TODAY(),"Overdue",IF(F37-TODAY()<=7,"Due Soon","On Track"))))) | K37: =IF(EQA!F10="Not Comply",MAX($K$4:K36)+1,"") | L37: =IF(EQA!F10="Not Comply",T(EQA!K10)&"♦"&T(EQA!B10)&"♦"&T(EQA!G10)&"♦"&T(EQA!H10),"") | Q37: =IFERROR(INDEX($L$5:$L$657,MATCH(ROWS($Q$5:Q37),$K$5:$K$657,0)),"")
A38: =IF($Q38="","",LEFT($Q38,FIND("♦",$Q38)-1)) | B38: =IF($Q38="","",MID($Q38,FIND("♦",$Q38)+1,FIND("♦",$Q38,FIND("♦",$Q38)+1)-FIND("♦",$Q38)-1)) | C38: =IF($Q38="","","Not Comply") | D38: =IF($Q38="","",MID($Q38,FIND("♦",$Q38,FIND("♦",$Q38)+1)+1,FIND("♦",$Q38,FIND("♦",$Q38,FIND("♦",$Q38)+1)+1)-FIND("♦",$Q38,FIND("♦",$Q38)+1)-1)) | E38: =IF($Q38="","",RIGHT($Q38,LEN($Q38)-FIND("♦",$Q38,FIND("♦",$Q38,FIND("♦",$Q38)+1)+1))) | H38: =IF(OR($B38="",G38="Closed",F38=""),"",F38-TODAY()) | I38: =IF($B38="","",IF(G38="Closed","Closed",IF(F38="","No Date",IF(F38<TODAY(),"Overdue",IF(F38-TODAY()<=7,"Due Soon","On Track"))))) | K38: =IF(EQA!F11="Not Comply",MAX($K$4:K37)+1,"") | L38: =IF(EQA!F11="Not Comply",T(EQA!K11)&"♦"&T(EQA!B11)&"♦"&T(EQA!G11)&"♦"&T(EQA!H11),"") | Q38: =IFERROR(INDEX($L$5:$L$657,MATCH(ROWS($Q$5:Q38),$K$5:$K$657,0)),"")
A39: =IF($Q39="","",LEFT($Q39,FIND("♦",$Q39)-1)) | B39: =IF($Q39="","",MID($Q39,FIND("♦",$Q39)+1,FIND("♦",$Q39,FIND("♦",$Q39)+1)-FIND("♦",$Q39)-1)) | C39: =IF($Q39="","","Not Comply") | D39: =IF($Q39="","",MID($Q39,FIND("♦",$Q39,FIND("♦",$Q39)+1)+1,FIND("♦",$Q39,FIND("♦",$Q39,FIND("♦",$Q39)+1)+1)-FIND("♦",$Q39,FIND("♦",$Q39)+1)-1)) | E39: =IF($Q39="","",RIGHT($Q39,LEN($Q39)-FIND("♦",$Q39,FIND("♦",$Q39,FIND("♦",$Q39)+1)+1))) | H39: =IF(OR($B39="",G39="Closed",F39=""),"",F39-TODAY()) | I39: =IF($B39="","",IF(G39="Closed","Closed",IF(F39="","No Date",IF(F39<TODAY(),"Overdue",IF(F39-TODAY()<=7,"Due Soon","On Track"))))) | K39: =IF(EQA!F12="Not Comply",MAX($K$4:K38)+1,"") | L39: =IF(EQA!F12="Not Comply",T(EQA!K12)&"♦"&T(EQA!B12)&"♦"&T(EQA!G12)&"♦"&T(EQA!H12),"") | Q39: =IFERROR(INDEX($L$5:$L$657,MATCH(ROWS($Q$5:Q39),$K$5:$K$657,0)),"")
A40: =IF($Q40="","",LEFT($Q40,FIND("♦",$Q40)-1)) | B40: =IF($Q40="","",MID($Q40,FIND("♦",$Q40)+1,FIND("♦",$Q40,FIND("♦",$Q40)+1)-FIND("♦",$Q40)-1)) | C40: =IF($Q40="","","Not Comply") | D40: =IF($Q40="","",MID($Q40,FIND("♦",$Q40,FIND("♦",$Q40)+1)+1,FIND("♦",$Q40,FIND("♦",$Q40,FIND("♦",$Q40)+1)+1)-FIND("♦",$Q40,FIND("♦",$Q40)+1)-1)) | E40: =IF($Q40="","",RIGHT($Q40,LEN($Q40)-FIND("♦",$Q40,FIND("♦",$Q40,FIND("♦",$Q40)+1)+1))) | H40: =IF(OR($B40="",G40="Closed",F40=""),"",F40-TODAY()) | I40: =IF($B40="","",IF(G40="Closed","Closed",IF(F40="","No Date",IF(F40<TODAY(),"Overdue",IF(F40-TODAY()<=7,"Due Soon","On Track"))))) | K40: =IF(EQA!F13="Not Comply",MAX($K$4:K39)+1,"") | L40: =IF(EQA!F13="Not Comply",T(EQA!K13)&"♦"&T(EQA!B13)&"♦"&T(EQA!G13)&"♦"&T(EQA!H13),"") | Q40: =IFERROR(INDEX($L$5:$L$657,MATCH(ROWS($Q$5:Q40),$K$5:$K$657,0)),"")
A41: =IF($Q41="","",LEFT($Q41,FIND("♦",$Q41)-1)) | B41: =IF($Q41="","",MID($Q41,FIND("♦",$Q41)+1,FIND("♦",$Q41,FIND("♦",$Q41)+1)-FIND("♦",$Q41)-1)) | C41: =IF($Q41="","","Not Comply") | D41: =IF($Q41="","",MID($Q41,FIND("♦",$Q41,FIND("♦",$Q41)+1)+1,FIND("♦",$Q41,FIND("♦",$Q41,FIND("♦",$Q41)+1)+1)-FIND("♦",$Q41,FIND("♦",$Q41)+1)-1)) | E41: =IF($Q41="","",RIGHT($Q41,LEN($Q41)-FIND("♦",$Q41,FIND("♦",$Q41,FIND("♦",$Q41)+1)+1))) | H41: =IF(OR($B41="",G41="Closed",F41=""),"",F41-TODAY()) | I41: =IF($B41="","",IF(G41="Closed","Closed",IF(F41="","No Date",IF(F41<TODAY(),"Overdue",IF(F41-TODAY()<=7,"Due Soon","On Track"))))) | K41: =IF(EQA!F14="Not Comply",MAX($K$4:K40)+1,"") | L41: =IF(EQA!F14="Not Comply",T(EQA!K14)&"♦"&T(EQA!B14)&"♦"&T(EQA!G14)&"♦"&T(EQA!H14),"") | Q41: =IFERROR(INDEX($L$5:$L$657,MATCH(ROWS($Q$5:Q41),$K$5:$K$657,0)),"")
A42: =IF($Q42="","",LEFT($Q42,FIND("♦",$Q42)-1)) | B42: =IF($Q42="","",MID($Q42,FIND("♦",$Q42)+1,FIND("♦",$Q42,FIND("♦",$Q42)+1)-FIND("♦",$Q42)-1)) | C42: =IF($Q42="","","Not Comply") | D42: =IF($Q42="","",MID($Q42,FIND("♦",$Q42,FIND("♦",$Q42)+1)+1,FIND("♦",$Q42,FIND("♦",$Q42,FIND("♦",$Q42)+1)+1)-FIND("♦",$Q42,FIND("♦",$Q42)+1)-1)) | E42: =IF($Q42="","",RIGHT($Q42,LEN($Q42)-FIND("♦",$Q42,FIND("♦",$Q42,FIND("♦",$Q42)+1)+1))) | H42: =IF(OR($B42="",G42="Closed",F42=""),"",F42-TODAY()) | I42: =IF($B42="","",IF(G42="Closed","Closed",IF(F42="","No Date",IF(F42<TODAY(),"Overdue",IF(F42-TODAY()<=7,"Due Soon","On Track"))))) | K42: =IF(EQA!F15="Not Comply",MAX($K$4:K41)+1,"") | L42: =IF(EQA!F15="Not Comply",T(EQA!K15)&"♦"&T(EQA!B15)&"♦"&T(EQA!G15)&"♦"&T(EQA!H15),"") | Q42: =IFERROR(INDEX($L$5:$L$657,MATCH(ROWS($Q$5:Q42),$K$5:$K$657,0)),"")
